Workbook
Name Bank_Code: #REF!
Name DATE: [1]StaticData!#REF!
Name DB: #REF!
Name DBName: #REF!
Name DF_GRID_1: #REF!
Name DF_NAVPANEL_13: #REF!
Name DF_NAVPANEL_18: #REF!
Name FPeriod: #REF!
Name HOTELS: [1]StaticData!#REF!
Name HTL: [2]StaticData!$C$11
Name iju: #REF!
Name Last_Month: #REF!
Name LPeriod: #REF!
Name MMTH: [3]StaticData!$C$3
Name MTH: [4]StaticData!$C$3
Name MTHH: [5]StaticData!$C$3
Name Names: [6]selection!$IP$21:$IQ$30
Name O_DEPOSIT: '[7]Report(HSS)'!#REF!
Name Period: #REF!
Name PreparedBy: [6]selection!$C$9
Name PREPARERS: [1]StaticData!#REF!
Name Print_Area_MI: #REF!
Name Print_Titles_MI: #REF!,#REF!
Name Ref: [8]selection!$C$11
Name T: #REF!
Name TransDate: [6]selection!$C$7

Sheet Consol (TB)
A1: Commonwealth Concepts Pte Ltd
B3: Trial Balance | F3: 44531
F4: $
F6: CWC | H6: Baker & Cook | J6: CWC Group (Before Consol) | L6: CWC Group (After Consol)
A7: =_xlfn.XLOOKUP(C7,consol_Map!B:B,consol_Map!C:C,"",0) -> Cash and bank balances | B7: 11110010 | C7: HQ Petty Cash | F7: =IFERROR(INDEX('Name Redacted (TB)'!$F:$F,MATCH(B7,'Name Redacted (TB)'!$B:$B,0)),VALUE("0")) -> 488729 | H7: =IFERROR(SUMIFS('BnC (TB-Dec21)'!J:J,'BnC (TB-Dec21)'!I:I,C7),VALUE("0")) -> 0 | J7: =F7+H7 -> 488729 | K7: =SUMIFS('Consol Entries'!D:D,'Consol Entries'!C:C,C7) -> 0 | L7: =SUM(J7:K7) -> 488729
A8: =_xlfn.XLOOKUP(C8,consol_Map!B:B,consol_Map!C:C,"",0) -> Cash and bank balances | B8: 11110020 | C8: Outlet Cash Floats | F8: =IFERROR(INDEX('Name Redacted (TB)'!$F:$F,MATCH(B8,'Name Redacted (TB)'!$B:$B,0)),VALUE("0")) -> 504479 | H8: =IFERROR(SUMIFS('BnC (TB-Dec21)'!J:J,'BnC (TB-Dec21)'!I:I,C8),VALUE("0")) -> 0 | J8: =F8+H8 -> 504479 | K8: =SUMIFS('Consol Entries'!D:D,'Consol Entries'!C:C,C8) -> 0 | L8: =SUM(J8:K8) -> 504479
A9: =_xlfn.XLOOKUP(C9,consol_Map!B:B,consol_Map!C:C,"",0) -> Cash and bank balances | C9: [BnC-3010] BnC Petty Cash | F9: =IFERROR(INDEX('Name Redacted (TB)'!$F:$F,MATCH(B9,'Name Redacted (TB)'!$B:$B,0)),VALUE("0")) -> 0 | H9: =IFERROR(SUMIFS('BnC (TB-Dec21)'!J:J,'BnC (TB-Dec21)'!I:I,C9),VALUE("0")) -> -423479 | J9: =F9+H9 -> -423479 | K9: =SUMIFS('Consol Entries'!D:D,'Consol Entries'!C:C,C9) -> 0 | L9: =SUM(J9:K9) -> -423479
A10: =_xlfn.XLOOKUP(C10,consol_Map!B:B,consol_Map!C:C,"",0) -> Cash and bank balances | C10: [BnC-3010] BnC Spare Cash Float | F10: =IFERROR(INDEX('Name Redacted (TB)'!$F:$F,MATCH(B10,'Name Redacted (TB)'!$B:$B,0)),VALUE("0")) -> 0 | H10: =IFERROR(SUMIFS('BnC (TB-Dec21)'!J:J,'BnC (TB-Dec21)'!I:I,C10),VALUE("0")) -> 464079 | J10: =F10+H10 -> 464079 | K10: =SUMIFS('Consol Entries'!D:D,'Consol Entries'!C:C,C10) -> 0 | L10: =SUM(J10:K10) -> 464079
A11: =_xlfn.XLOOKUP(C11,consol_Map!B:B,consol_Map!C:C,"",0) -> Cash and bank balances | C11: [BnC-3010] BnC Cash In POS | F11: =IFERROR(INDEX('Name Redacted (TB)'!$F:$F,MATCH(B11,'Name Redacted (TB)'!$B:$B,0)),VALUE("0")) -> 0 | H11: =IFERROR(SUMIFS('BnC (TB-Dec21)'!J:J,'BnC (TB-Dec21)'!I:I,C11),VALUE("0")) -> -457279 | J11: =F11+H11 -> -457279 | K11: =SUMIFS('Consol Entries'!D:D,'Consol Entries'!C:C,C11) -> 0 | L11: =SUM(J11:K11) -> -457279
A12: =_xlfn.XLOOKUP(C12,consol_Map!B:B,consol_Map!C:C,"",0) -> Cash and bank balances | B12: 11120060 | C12: DBS SGD Current A/C 1 | F12: =IFERROR(INDEX('Name Redacted (TB)'!$F:$F,MATCH(B12,'Name Redacted (TB)'!$B:$B,0)),VALUE("0")) -> 4411671.5 | H12: =IFERROR(SUMIFS('BnC (TB-Dec21)'!J:J,'BnC (TB-Dec21)'!I:I,C12),VALUE("0")) -> 0 | J12: =F12+H12 -> 4411671.5 | K12: =SUMIFS('Consol Entries'!D:D,'Consol Entries'!C:C,C12) -> 0 | L12: =SUM(J12:K12) -> 4411671.5
A13: =_xlfn.XLOOKUP(C13,consol_Map!B:B,consol_Map!C:C,"",0) -> Cash and bank balances | B13: 11120061 | C13: DBS SGD Current A/C 1 - Incoming | F13: =IFERROR(INDEX('Name Redacted (TB)'!$F:$F,MATCH(B13,'Name Redacted (TB)'!$B:$B,0)),VALUE("0")) -> 455746.26 | H13: =IFERROR(SUMIFS('BnC (TB-Dec21)'!J:J,'BnC (TB-Dec21)'!I:I,C13),VALUE("0")) -> 0 | J13: =F13+H13 -> 455746.26 | K13: =SUMIFS('Consol Entries'!D:D,'Consol Entries'!C:C,C13) -> 0 | L13: =SUM(J13:K13) -> 455746.26
A14: =_xlfn.XLOOKUP(C14,consol_Map!B:B,consol_Map!C:C,"",0) -> Cash and bank balances | B14: 11120062 | C14: DBS SGD Current A/C 1 - Outgoing | F14: =IFERROR(INDEX('Name Redacted (TB)'!$F:$F,MATCH(B14,'Name Redacted (TB)'!$B:$B,0)),VALUE("0")) -> 457872.7 | H14: =IFERROR(SUMIFS('BnC (TB-Dec21)'!J:J,'BnC (TB-Dec21)'!I:I,C14),VALUE("0")) -> 0 | J14: =F14+H14 -> 457872.7 | K14: =SUMIFS('Consol Entries'!D:D,'Consol Entries'!C:C,C14) -> 0 | L14: =SUM(J14:K14) -> 457872.7
A15: =_xlfn.XLOOKUP(C15,consol_Map!B:B,consol_Map!C:C,"",0) -> Cash and bank balances | B15: 11120080 | C15: DBS USD Current A/C 1 | F15: =IFERROR(INDEX('Name Redacted (TB)'!$F:$F,MATCH(B15,'Name Redacted (TB)'!$B:$B,0)),VALUE("0")) -> 692903.84 | H15: =IFERROR(SUMIFS('BnC (TB-Dec21)'!J:J,'BnC (TB-Dec21)'!I:I,C15),VALUE("0")) -> 0 | J15: =F15+H15 -> 692903.84 | K15: =SUMIFS('Consol Entries'!D:D,'Consol Entries'!C:C,C15) -> 0 | L15: =SUM(J15:K15) -> 692903.84
A16: =_xlfn.XLOOKUP(C16,consol_Map!B:B,consol_Map!C:C,"",0) -> Cash and bank balances | B16: 11120081 | C16: DBS USD Current A/C 1 - Incoming | F16: =IFERROR(INDEX('Name Redacted (TB)'!$F:$F,MATCH(B16,'Name Redacted (TB)'!$B:$B,0)),VALUE("0")) -> 459751.81 | H16: =IFERROR(SUMIFS('BnC (TB-Dec21)'!J:J,'BnC (TB-Dec21)'!I:I,C16),VALUE("0")) -> 0 | J16: =F16+H16 -> 459751.81 | K16: =SUMIFS('Consol Entries'!D:D,'Consol Entries'!C:C,C16) -> 0 | L16: =SUM(J16:K16) -> 459751.81
A17: =_xlfn.XLOOKUP(C17,consol_Map!B:B,consol_Map!C:C,"",0) -> Cash and bank balances | B17: 11120082 | C17: DBS USD Current A/C 1 - Outgoing | F17: =IFERROR(INDEX('Name Redacted (TB)'!$F:$F,MATCH(B17,'Name Redacted (TB)'!$B:$B,0)),VALUE("0")) -> 459679 | H17: =IFERROR(SUMIFS('BnC (TB-Dec21)'!J:J,'BnC (TB-Dec21)'!I:I,C17),VALUE("0")) -> 0 | J17: =F17+H17 -> 459679 | K17: =SUMIFS('Consol Entries'!D:D,'Consol Entries'!C:C,C17) -> 0 | L17: =SUM(J17:K17) -> 459679
A18: =_xlfn.XLOOKUP(C18,consol_Map!B:B,consol_Map!C:C,"",0) -> Cash and bank balances | B18: 11120200 | C18: UOB SGD Current A/C 1 | F18: =IFERROR(INDEX('Name Redacted (TB)'!$F:$F,MATCH(B18,'Name Redacted (TB)'!$B:$B,0)),VALUE("0")) -> 1671989.7 | H18: =IFERROR(SUMIFS('BnC (TB-Dec21)'!J:J,'BnC (TB-Dec21)'!I:I,C18),VALUE("0")) -> 0 | J18: =F18+H18 -> 1671989.7 | K18: =SUMIFS('Consol Entries'!D:D,'Consol Entries'!C:C,C18) -> 0 | L18: =SUM(J18:K18) -> 1671989.7
A19: =_xlfn.XLOOKUP(C19,consol_Map!B:B,consol_Map!C:C,"",0) -> Cash and bank balances | C19: [BnC-3010] BnC OCBC - SGD 641-102686-001 | F19: =IFERROR(INDEX('Name Redacted (TB)'!$F:$F,MATCH(B19,'Name Redacted (TB)'!$B:$B,0)),VALUE("0")) -> 0 | H19: =IFERROR(SUMIFS('BnC (TB-Dec21)'!J:J,'BnC (TB-Dec21)'!I:I,C19),VALUE("0")) -> 1156207.9 | J19: =F19+H19 -> 1156207.9 | K19: =SUMIFS('Consol Entries'!D:D,'Consol Entries'!C:C,C19) -> 0 | L19: =SUM(J19:K19) -> 1156207.9
A20: =_xlfn.XLOOKUP(C20,consol_Map!B:B,consol_Map!C:C,"",0) -> Cash and bank balances | C20: [BnC-3010] BnC SCB - SGD 0102 7994 23 | F20: =IFERROR(INDEX('Name Redacted (TB)'!$F:$F,MATCH(B20,'Name Redacted (TB)'!$B:$B,0)),VALUE("0")) -> 0 | H20: =IFERROR(SUMIFS('BnC (TB-Dec21)'!J:J,'BnC (TB-Dec21)'!I:I,C20),VALUE("0")) -> -98510.13 | J20: =F20+H20 -> -98510.13 | K20: =SUMIFS('Consol Entries'!D:D,'Consol Entries'!C:C,C20) -> 0 | L20: =SUM(J20:K20) -> -98510.13
A21: =_xlfn.XLOOKUP(C21,consol_Map!B:B,consol_Map!C:C,"",0) -> Cash and bank balances | C21: [BnC-3010] BnC DBS - SGD 0720280067 | F21: =IFERROR(INDEX('Name Redacted (TB)'!$F:$F,MATCH(B21,'Name Redacted (TB)'!$B:$B,0)),VALUE("0")) -> 0 | H21: =IFERROR(SUMIFS('BnC (TB-Dec21)'!J:J,'BnC (TB-Dec21)'!I:I,C21),VALUE("0")) -> 494222.1 | J21: =F21+H21 -> 494222.1 | K21: =SUMIFS('Consol Entries'!D:D,'Consol Entries'!C:C,C21) -> 0 | L21: =SUM(J21:K21) -> 494222.1
A22: =_xlfn.XLOOKUP(C22,consol_Map!B:B,consol_Map!C:C,"",0) -> Cash and bank balances | C22: [BnC-3010] BnC Ocbc - SGD 687239491001 | F22: =IFERROR(INDEX('Name Redacted (TB)'!$F:$F,MATCH(B22,'Name Redacted (TB)'!$B:$B,0)),VALUE("0")) -> 0 | H22: =IFERROR(SUMIFS('BnC (TB-Dec21)'!J:J,'BnC (TB-Dec21)'!I:I,C22),VALUE("0")) -> 1961465.1 | J22: =F22+H22 -> 1961465.1 | K22: =SUMIFS('Consol Entries'!D:D,'Consol Entries'!C:C,C22) -> 0 | L22: =SUM(J22:K22) -> 1961465.1
A23: =_xlfn.XLOOKUP(C23,consol_Map!B:B,consol_Map!C:C,"",0) -> Cash and bank balances | C23: [BnC-3010] BnC Paypal Account | F23: =IFERROR(INDEX('Name Redacted (TB)'!$F:$F,MATCH(B23,'Name Redacted (TB)'!$B:$B,0)),VALUE("0")) -> 0 | H23: =IFERROR(SUMIFS('BnC (TB-Dec21)'!J:J,'BnC (TB-Dec21)'!I:I,C23),VALUE("0")) -> 294533.31 | J23: =F23+H23 -> 294533.31 | K23: =SUMIFS('Consol Entries'!D:D,'Consol Entries'!C:C,C23) -> 0 | L23: =SUM(J23:K23) -> 294533.31
A24: =_xlfn.XLOOKUP(C24,consol_Map!B:B,consol_Map!C:C,"",0) -> Cash and bank balances | C24: [BnC-3010] BnC UOB - SGD 3493328601 | F24: =IFERROR(INDEX('Name Redacted (TB)'!$F:$F,MATCH(B24,'Name Redacted (TB)'!$B:$B,0)),VALUE("0")) -> 0 | H24: =IFERROR(SUMIFS('BnC (TB-Dec21)'!J:J,'BnC (TB-Dec21)'!I:I,C24),VALUE("0")) -> 912998.21 | J24: =F24+H24 -> 912998.21 | K24: =SUMIFS('Consol Entries'!D:D,'Consol Entries'!C:C,C24) -> 0 | L24: =SUM(J24:K24) -> 912998.21
A25: =_xlfn.XLOOKUP(C25,consol_Map!B:B,consol_Map!C:C,"",0) -> Trade and other receivables | B25: 11210010 | C25: Trade Receivables Control: External | F25: =IFERROR(INDEX('Name Redacted (TB)'!$F:$F,MATCH(B25,'Name Redacted (TB)'!$B:$B,0)),VALUE("0")) -> 1375601.8 | H25: =IFERROR(SUMIFS('BnC (TB-Dec21)'!J:J,'BnC (TB-Dec21)'!I:I,C25),VALUE("0")) -> 0 | J25: =F25+H25 -> 1375601.8 | K25: =SUMIFS('Consol Entries'!D:D,'Consol Entries'!C:C,C25) -> 0 | L25: =SUM(J25:K25) -> 1375601.8
A26: =_xlfn.XLOOKUP(C26,consol_Map!B:B,consol_Map!C:C,"",0) -> Trade and other receivables | B26: 11210020 | C26: Trade Receivables Control: Interco | F26: =IFERROR(INDEX('Name Redacted (TB)'!$F:$F,MATCH(B26,'Name Redacted (TB)'!$B:$B,0)),VALUE("0")) -> 617893.54 | H26: =IFERROR(SUMIFS('BnC (TB-Dec21)'!J:J,'BnC (TB-Dec21)'!I:I,C26),VALUE("0")) -> 0 | J26: =F26+H26 -> 617893.54 | K26: =SUMIFS('Consol Entries'!D:D,'Consol Entries'!C:C,C26) -> -3294.66 | L26: =SUM(J26:K26) -> 614598.88
A27: =_xlfn.XLOOKUP(C27,consol_Map!B:B,consol_Map!C:C,"",0) -> Trade and other receivables | B27: 11210030 | C27: Provn Doubtful Debts: Trade: External | F27: =IFERROR(INDEX('Name Redacted (TB)'!$F:$F,MATCH(B27,'Name Redacted (TB)'!$B:$B,0)),VALUE("0")) -> -471621.58 | H27: =IFERROR(SUMIFS('BnC (TB-Dec21)'!J:J,'BnC (TB-Dec21)'!I:I,C27),VALUE("0")) -> 0 | J27: =F27+H27 -> -471621.58 | K27: =SUMIFS('Consol Entries'!D:D,'Consol Entries'!C:C,C27) -> 0 | L27: =SUM(J27:K27) -> -471621.58
A28: =_xlfn.XLOOKUP(C28,consol_Map!B:B,consol_Map!C:C,"",0) -> Trade and other receivables | C28: [BnC-3000] BnC Trade Debtors | F28: =IFERROR(INDEX('Name Redacted (TB)'!$F:$F,MATCH(B28,'Name Redacted (TB)'!$B:$B,0)),VALUE("0")) -> 0 | H28: =IFERROR(SUMIFS('BnC (TB-Dec21)'!J:J,'BnC (TB-Dec21)'!I:I,C28),VALUE("0")) -> 604040.3 | J28: =F28+H28 -> 604040.3 | K28: =SUMIFS('Consol Entries'!D:D,'Consol Entries'!C:C,C28) -> -13683.04 | L28: =SUM(J28:K28) -> 590357.26
A29: =_xlfn.XLOOKUP(C29,consol_Map!B:B,consol_Map!C:C,"",0) -> Trade and other receivables | B29: 11210050 | C29: Translation: Trade Receivables: Externa | F29: =IFERROR(INDEX('Name Redacted (TB)'!$F:$F,MATCH(B29,'Name Redacted (TB)'!$B:$B,0)),VALUE("0")) -> -457250.91 | H29: =IFERROR(SUMIFS('BnC (TB-Dec21)'!J:J,'BnC (TB-Dec21)'!I:I,C29),VALUE("0")) -> 0 | J29: =F29+H29 -> -457250.91 | K29: =SUMIFS('Consol Entries'!D:D,'Consol Entries'!C:C,C29) -> 0 | L29: =SUM(J29:K29) -> -457250.91
A30: =_xlfn.XLOOKUP(C30,consol_Map!B:B,consol_Map!C:C,"",0) -> Trade and other receivables | B30: 11210070 | C30: Unbilled Trade Receivables: External | F30: =IFERROR(INDEX('Name Redacted (TB)'!$F:$F,MATCH(B30,'Name Redacted (TB)'!$B:$B,0)),VALUE("0")) -> 407138.22 | H30: =IFERROR(SUMIFS('BnC (TB-Dec21)'!J:J,'BnC (TB-Dec21)'!I:I,C30),VALUE("0")) -> 0 | J30: =F30+H30 -> 407138.22 | K30: =SUMIFS('Consol Entries'!D:D,'Consol Entries'!C:C,C30) -> 0 | L30: =SUM(J30:K30) -> 407138.22
A31: =_xlfn.XLOOKUP(C31,consol_Map!B:B,consol_Map!C:C,"",0) -> Trade and other receivables | B31: 11210088 | C31: Event Voucher (Redemption) | F31: =IFERROR(INDEX('Name Redacted (TB)'!$F:$F,MATCH(B31,'Name Redacted (TB)'!$B:$B,0)),VALUE("0")) -> -443989.51 | H31: =IFERROR(SUMIFS('BnC (TB-Dec21)'!J:J,'BnC (TB-Dec21)'!I:I,C31),VALUE("0")) -> 0 | J31: =F31+H31 -> -443989.51 | K31: =SUMIFS('Consol Entries'!D:D,'Consol Entries'!C:C,C31) -> 0 | L31: =SUM(J31:K31) -> -443989.51
A32: =_xlfn.XLOOKUP(C32,consol_Map!B:B,consol_Map!C:C,"",0) -> Trade and other receivables | B32: 11210097 | C32: Eatigo Cash Voucher | F32: =IFERROR(INDEX('Name Redacted (TB)'!$F:$F,MATCH(B32,'Name Redacted (TB)'!$B:$B,0)),VALUE("0")) -> -460244 | H32: =IFERROR(SUMIFS('BnC (TB-Dec21)'!J:J,'BnC (TB-Dec21)'!I:I,C32),VALUE("0")) -> 0 | J32: =F32+H32 -> -460244 | K32: =SUMIFS('Consol Entries'!D:D,'Consol Entries'!C:C,C32) -> 0 | L32: =SUM(J32:K32) -> -460244
A33: =_xlfn.XLOOKUP(C33,consol_Map!B:B,consol_Map!C:C,"",0) -> Trade and other receivables | B33: 11210100 | C33: Cash Float Exchange | F33: =IFERROR(INDEX('Name Redacted (TB)'!$F:$F,MATCH(B33,'Name Redacted (TB)'!$B:$B,0)),VALUE("0")) -> -459679 | H33: =IFERROR(SUMIFS('BnC (TB-Dec21)'!J:J,'BnC (TB-Dec21)'!I:I,C33),VALUE("0")) -> 0 | J33: =F33+H33 -> -459679 | K33: =SUMIFS('Consol Entries'!D:D,'Consol Entries'!C:C,C33) -> 0 | L33: =SUM(J33:K33) -> -459679
A34: =_xlfn.XLOOKUP(C34,consol_Map!B:B,consol_Map!C:C,"",0) -> Trade and other receivables | B34: 11219998 | C34: Intersegment Clearing | F34: =IFERROR(INDEX('Name Redacted (TB)'!$F:$F,MATCH(B34,'Name Redacted (TB)'!$B:$B,0)),VALUE("0")) -> -434629 | H34: =IFERROR(SUMIFS('BnC (TB-Dec21)'!J:J,'BnC (TB-Dec21)'!I:I,C34),VALUE("0")) -> 0 | J34: =F34+H34 -> -434629 | K34: =SUMIFS('Consol Entries'!D:D,'Consol Entries'!C:C,C34) -> 0 | L34: =SUM(J34:K34) -> -434629
A35: =_xlfn.XLOOKUP(C35,consol_Map!B:B,consol_Map!C:C,"",0) -> Trade and other receivables | B35: 11219999 | C35: Interco Clearing | F35: =IFERROR(INDEX('Name Redacted (TB)'!$F:$F,MATCH(B35,'Name Redacted (TB)'!$B:$B,0)),VALUE("0")) -> -467159.01 | H35: =IFERROR(SUMIFS('BnC (TB-Dec21)'!J:J,'BnC (TB-Dec21)'!I:I,C35),VALUE("0")) -> 0 | J35: =F35+H35 -> -467159.01 | K35: =SUMIFS('Consol Entries'!D:D,'Consol Entries'!C:C,C35) -> 0 | L35: =SUM(J35:K35) -> -467159.01
A36: =_xlfn.XLOOKUP(C36,consol_Map!B:B,consol_Map!C:C,"",0) -> Inventories | B36: 11310010 | C36: Raw Materials | F36: =IFERROR(INDEX('Name Redacted (TB)'!$F:$F,MATCH(B36,'Name Redacted (TB)'!$B:$B,0)),VALUE("0")) -> -46530.49 | H36: =IFERROR(SUMIFS('BnC (TB-Dec21)'!J:J,'BnC (TB-Dec21)'!I:I,C36),VALUE("0")) -> 0 | J36: =F36+H36 -> -46530.49 | K36: =SUMIFS('Consol Entries'!D:D,'Consol Entries'!C:C,C36) -> 0 | L36: =SUM(J36:K36) -> -46530.49
A37: =_xlfn.XLOOKUP(C37,consol_Map!B:B,consol_Map!C:C,"",0) -> Inventories | B37: 11310020 | C37: Beverages | F37: =IFERROR(INDEX('Name Redacted (TB)'!$F:$F,MATCH(B37,'Name Redacted (TB)'!$B:$B,0)),VALUE("0")) -> -428168.98 | H37: =IFERROR(SUMIFS('BnC (TB-Dec21)'!J:J,'BnC (TB-Dec21)'!I:I,C37),VALUE("0")) -> 0 | J37: =F37+H37 -> -428168.98 | K37: =SUMIFS('Consol Entries'!D:D,'Consol Entries'!C:C,C37) -> 0 | L37: =SUM(J37:K37) -> -428168.98
A38: =_xlfn.XLOOKUP(C38,consol_Map!B:B,consol_Map!C:C,"",0) -> Inventories | B38: 11310030 | C38: Alcohol | F38: =IFERROR(INDEX('Name Redacted (TB)'!$F:$F,MATCH(B38,'Name Redacted (TB)'!$B:$B,0)),VALUE("0")) -> -115214.27 | H38: =IFERROR(SUMIFS('BnC (TB-Dec21)'!J:J,'BnC (TB-Dec21)'!I:I,C38),VALUE("0")) -> 0 | J38: =F38+H38 -> -115214.27 | K38: =SUMIFS('Consol Entries'!D:D,'Consol Entries'!C:C,C38) -> 0 | L38: =SUM(J38:K38) -> -115214.27
A39: =_xlfn.XLOOKUP(C39,consol_Map!B:B,consol_Map!C:C,"",0) -> Inventories | B39: 11320010 | C39: Work In Progress | F39: =IFERROR(INDEX('Name Redacted (TB)'!$F:$F,MATCH(B39,'Name Redacted (TB)'!$B:$B,0)),VALUE("0")) -> -455111.61 | H39: =IFERROR(SUMIFS('BnC (TB-Dec21)'!J:J,'BnC (TB-Dec21)'!I:I,C39),VALUE("0")) -> 0 | J39: =F39+H39 -> -455111.61 | K39: =SUMIFS('Consol Entries'!D:D,'Consol Entries'!C:C,C39) -> 0 | L39: =SUM(J39:K39) -> -455111.61
A40: =_xlfn.XLOOKUP(C40,consol_Map!B:B,consol_Map!C:C,"",0) -> Inventories | B40: 11330010 | C40: Finished Goods Inventories | F40: =IFERROR(INDEX('Name Redacted (TB)'!$F:$F,MATCH(B40,'Name Redacted (TB)'!$B:$B,0)),VALUE("0")) -> -389273.85 | H40: =IFERROR(SUMIFS('BnC (TB-Dec21)'!J:J,'BnC (TB-Dec21)'!I:I,C40),VALUE("0")) -> 0 | J40: =F40+H40 -> -389273.85 | K40: =SUMIFS('Consol Entries'!D:D,'Consol Entries'!C:C,C40) -> 0 | L40: =SUM(J40:K40) -> -389273.85
... A42: =_xlfn.XLOOKUP(C42,consol_Map!B:B,consol_Map!C:C,"",0) -> Inventories | B42: 11350030 | C42: Inventory: Packaging | F42: =IFERROR(INDEX('Name Redacted (TB)'!$F:$F,MATCH(B42,'Name Redacted (TB)'!$B:$B,0)),VALUE("0")) -> -459623.99 | H42: =IFERROR(SUMIFS('BnC (TB-Dec21)'!J:J,'BnC (TB-Dec21)'!I:I,C42),VALUE("0")) -> 0 | J42: =F42+H42 -> -459623.99 | K42: =SUMIFS('Consol Entries'!D:D,'Consol Entries'!C:C,C42) -> 0 | L42: =SUM(J42:K42) -> -459623.99
A43: =_xlfn.XLOOKUP(C43,consol_Map!B:B,consol_Map!C:C,"",0) -> Inventories | C43: [BnC-3060] BnC Closing Stock | F43: =IFERROR(INDEX('Name Redacted (TB)'!$F:$F,MATCH(B43,'Name Redacted (TB)'!$B:$B,0)),VALUE("0")) -> 0 | H43: =IFERROR(SUMIFS('BnC (TB-Dec21)'!J:J,'BnC (TB-Dec21)'!I:I,C43),VALUE("0")) -> 157065.2 | J43: =F43+H43 -> 157065.2 | K43: =SUMIFS('Consol Entries'!D:D,'Consol Entries'!C:C,C43) -> 0 | L43: =SUM(J43:K43) -> 157065.2
A44: =_xlfn.XLOOKUP(C44,consol_Map!B:B,consol_Map!C:C,"",0) -> Trade and other receivables | B44: 11500010 | C44: Input GST Receivable | F44: =IFERROR(INDEX('Name Redacted (TB)'!$F:$F,MATCH(B44,'Name Redacted (TB)'!$B:$B,0)),VALUE("0")) -> 447232.6 | H44: =IFERROR(SUMIFS('BnC (TB-Dec21)'!J:J,'BnC (TB-Dec21)'!I:I,C44),VALUE("0")) -> 0 | J44: =F44+H44 -> 447232.6 | K44: =SUMIFS('Consol Entries'!D:D,'Consol Entries'!C:C,C44) -> 0 | L44: =SUM(J44:K44) -> 447232.6
A45: =_xlfn.XLOOKUP(C45,consol_Map!B:B,consol_Map!C:C,"",0) -> Trade and other receivables | C45: [BnC-3090] BnC GST Input Tax | F45: =IFERROR(INDEX('Name Redacted (TB)'!$F:$F,MATCH(B45,'Name Redacted (TB)'!$B:$B,0)),VALUE("0")) -> 0 | H45: =IFERROR(SUMIFS('BnC (TB-Dec21)'!J:J,'BnC (TB-Dec21)'!I:I,C45),VALUE("0")) -> 460205.37 | J45: =F45+H45 -> 460205.37 | K45: =SUMIFS('Consol Entries'!D:D,'Consol Entries'!C:C,C45) -> 0 | L45: =SUM(J45:K45) -> 460205.37
A46: =_xlfn.XLOOKUP(C46,consol_Map!B:B,consol_Map!C:C,"",0) -> Trade and other receivables | B46: 11500030 | C46: Grants Income Receivable | F46: =IFERROR(INDEX('Name Redacted (TB)'!$F:$F,MATCH(B46,'Name Redacted (TB)'!$B:$B,0)),VALUE("0")) -> -456199 | H46: =IFERROR(SUMIFS('BnC (TB-Dec21)'!J:J,'BnC (TB-Dec21)'!I:I,C46),VALUE("0")) -> 0 | J46: =F46+H46 -> -456199 | K46: =SUMIFS('Consol Entries'!D:D,'Consol Entries'!C:C,C46) -> 0 | L46: =SUM(J46:K46) -> -456199
A47: =_xlfn.XLOOKUP(C47,consol_Map!B:B,consol_Map!C:C,"",0) -> Prepayments | B47: 11500040 | C47: Prepayments | F47: =IFERROR(INDEX('Name Redacted (TB)'!$F:$F,MATCH(B47,'Name Redacted (TB)'!$B:$B,0)),VALUE("0")) -> 397038.15 | H47: =IFERROR(SUMIFS('BnC (TB-Dec21)'!J:J,'BnC (TB-Dec21)'!I:I,C47),VALUE("0")) -> 0 | J47: =F47+H47 -> 397038.15 | K47: =SUMIFS('Consol Entries'!D:D,'Consol Entries'!C:C,C47) -> 0 | L47: =SUM(J47:K47) -> 397038.15
A48: =_xlfn.XLOOKUP(C48,consol_Map!B:B,consol_Map!C:C,"",0) -> Prepayments | C48: [BnC-3020] BnC Prepayment | F48: =IFERROR(INDEX('Name Redacted (TB)'!$F:$F,MATCH(B48,'Name Redacted (TB)'!$B:$B,0)),VALUE("0")) -> 0 | H48: =IFERROR(SUMIFS('BnC (TB-Dec21)'!J:J,'BnC (TB-Dec21)'!I:I,C48),VALUE("0")) -> 590295.21 | J48: =F48+H48 -> 590295.21 | K48: =SUMIFS('Consol Entries'!D:D,'Consol Entries'!C:C,C48) -> 0 | L48: =SUM(J48:K48) -> 590295.21
A49: =_xlfn.XLOOKUP(C49,consol_Map!B:B,consol_Map!C:C,"",0) -> Trade and other receivables | B49: 11500045 | C49: Downpayment & Advance Payment | F49: =IFERROR(INDEX('Name Redacted (TB)'!$F:$F,MATCH(B49,'Name Redacted (TB)'!$B:$B,0)),VALUE("0")) -> 52077.13 | H49: =IFERROR(SUMIFS('BnC (TB-Dec21)'!J:J,'BnC (TB-Dec21)'!I:I,C49),VALUE("0")) -> 0 | J49: =F49+H49 -> 52077.13 | K49: =SUMIFS('Consol Entries'!D:D,'Consol Entries'!C:C,C49) -> 0 | L49: =SUM(J49:K49) -> 52077.13
A50: =_xlfn.XLOOKUP(C50,consol_Map!B:B,consol_Map!C:C,"",0) -> Trade and other receivables | B50: 11500060 | C50: Deposits: Rental | F50: =IFERROR(INDEX('Name Redacted (TB)'!$F:$F,MATCH(B50,'Name Redacted (TB)'!$B:$B,0)),VALUE("0")) -> 2597493.9 | H50: =IFERROR(SUMIFS('BnC (TB-Dec21)'!J:J,'BnC (TB-Dec21)'!I:I,C50),VALUE("0")) -> 0 | J50: =F50+H50 -> 2597493.9 | K50: =SUMIFS('Consol Entries'!D:D,'Consol Entries'!C:C,C50) -> 0 | L50: =SUM(J50:K50) -> 2597493.9
A51: =_xlfn.XLOOKUP(C51,consol_Map!B:B,consol_Map!C:C,"",0) -> Trade and other receivables | B51: 11500066 | C51: Deposits: Utilities | F51: =IFERROR(INDEX('Name Redacted (TB)'!$F:$F,MATCH(B51,'Name Redacted (TB)'!$B:$B,0)),VALUE("0")) -> 591287.75 | H51: =IFERROR(SUMIFS('BnC (TB-Dec21)'!J:J,'BnC (TB-Dec21)'!I:I,C51),VALUE("0")) -> 0 | J51: =F51+H51 -> 591287.75 | K51: =SUMIFS('Consol Entries'!D:D,'Consol Entries'!C:C,C51) -> 0 | L51: =SUM(J51:K51) -> 591287.75
A52: =_xlfn.XLOOKUP(C52,consol_Map!B:B,consol_Map!C:C,"",0) -> Trade and other receivables | B52: 11500070 | C52: Deposits: Others | F52: =IFERROR(INDEX('Name Redacted (TB)'!$F:$F,MATCH(B52,'Name Redacted (TB)'!$B:$B,0)),VALUE("0")) -> 500071 | H52: =IFERROR(SUMIFS('BnC (TB-Dec21)'!J:J,'BnC (TB-Dec21)'!I:I,C52),VALUE("0")) -> 0 | J52: =F52+H52 -> 500071 | K52: =SUMIFS('Consol Entries'!D:D,'Consol Entries'!C:C,C52) -> 0 | L52: =SUM(J52:K52) -> 500071
A53: =_xlfn.XLOOKUP(C53,consol_Map!B:B,consol_Map!C:C,"",0) -> Trade and other receivables | C53: [BnC-3020] BnC Deposit | F53: =IFERROR(INDEX('Name Redacted (TB)'!$F:$F,MATCH(B53,'Name Redacted (TB)'!$B:$B,0)),VALUE("0")) -> 0 | H53: =IFERROR(SUMIFS('BnC (TB-Dec21)'!J:J,'BnC (TB-Dec21)'!I:I,C53),VALUE("0")) -> 126892.05 | J53: =F53+H53 -> 126892.05 | K53: =SUMIFS('Consol Entries'!D:D,'Consol Entries'!C:C,C53) -> 0 | L53: =SUM(J53:K53) -> 126892.05
A54: =_xlfn.XLOOKUP(C54,consol_Map!B:B,consol_Map!C:C,"",0) -> Trade and other receivables | B54: 11500080 | C54: Recoverable: Interco | F54: =IFERROR(INDEX('Name Redacted (TB)'!$F:$F,MATCH(B54,'Name Redacted (TB)'!$B:$B,0)),VALUE("0")) -> 459679 | H54: =IFERROR(SUMIFS('BnC (TB-Dec21)'!J:J,'BnC (TB-Dec21)'!I:I,C54),VALUE("0")) -> 0 | J54: =F54+H54 -> 459679 | K54: =SUMIFS('Consol Entries'!D:D,'Consol Entries'!C:C,C54) -> 0 | L54: =SUM(J54:K54) -> 459679
A55: =_xlfn.XLOOKUP(C55,consol_Map!B:B,consol_Map!C:C,"",0) -> Trade and other receivables | B55: 11500090 | C55: Recoverable: External | F55: =IFERROR(INDEX('Name Redacted (TB)'!$F:$F,MATCH(B55,'Name Redacted (TB)'!$B:$B,0)),VALUE("0")) -> 465050.93 | H55: =IFERROR(SUMIFS('BnC (TB-Dec21)'!J:J,'BnC (TB-Dec21)'!I:I,C55),VALUE("0")) -> 0 | J55: =F55+H55 -> 465050.93 | K55: =SUMIFS('Consol Entries'!D:D,'Consol Entries'!C:C,C55) -> 0 | L55: =SUM(J55:K55) -> 465050.93
A56: =_xlfn.XLOOKUP(C56,consol_Map!B:B,consol_Map!C:C,"",0) -> Trade and other receivables | C56: [BnC-3020] BnC Amount Owing By B&C Msia | F56: =IFERROR(INDEX('Name Redacted (TB)'!$F:$F,MATCH(B56,'Name Redacted (TB)'!$B:$B,0)),VALUE("0")) -> 0 | H56: =IFERROR(SUMIFS('BnC (TB-Dec21)'!J:J,'BnC (TB-Dec21)'!I:I,C56),VALUE("0")) -> -459679 | J56: =F56+H56 -> -459679 | K56: =SUMIFS('Consol Entries'!D:D,'Consol Entries'!C:C,C56) -> 0 | L56: =SUM(J56:K56) -> -459679
A57: =_xlfn.XLOOKUP(C57,consol_Map!B:B,consol_Map!C:C,"",0) -> XXXXXX | B57: 12200010 | C57: Invt In Subsidiaries | F57: =IFERROR(INDEX('Name Redacted (TB)'!$F:$F,MATCH(B57,'Name Redacted (TB)'!$B:$B,0)),VALUE("0")) -> 24500000 | H57: =IFERROR(SUMIFS('BnC (TB-Dec21)'!J:J,'BnC (TB-Dec21)'!I:I,C57),VALUE("0")) -> 0 | J57: =F57+H57 -> 24500000 | K57: =SUMIFS('Consol Entries'!D:D,'Consol Entries'!C:C,C57) -> -24500000 | L57: =SUM(J57:K57) -> 0
A58: =_xlfn.XLOOKUP(C58,consol_Map!B:B,consol_Map!C:C,"",0) -> Property, plant and equipment | B58: 12500010 | C58: Construction In-Progress | F58: =IFERROR(INDEX('Name Redacted (TB)'!$F:$F,MATCH(B58,'Name Redacted (TB)'!$B:$B,0)),VALUE("0")) -> 559381.91 | H58: =IFERROR(SUMIFS('BnC (TB-Dec21)'!J:J,'BnC (TB-Dec21)'!I:I,C58),VALUE("0")) -> 0 | J58: =F58+H58 -> 559381.91 | K58: =SUMIFS('Consol Entries'!D:D,'Consol Entries'!C:C,C58) -> 0 | L58: =SUM(J58:K58) -> 559381.91
A59: =_xlfn.XLOOKUP(C59,consol_Map!B:B,consol_Map!C:C,"",0) -> Property, plant and equipment | B59: 12500050 | C59: Leasehold Improvements | F59: =IFERROR(INDEX('Name Redacted (TB)'!$F:$F,MATCH(B59,'Name Redacted (TB)'!$B:$B,0)),VALUE("0")) -> 4337554.1 | H59: =IFERROR(SUMIFS('BnC (TB-Dec21)'!J:J,'BnC (TB-Dec21)'!I:I,C59),VALUE("0")) -> 0 | J59: =F59+H59 -> 4337554.1 | K59: =SUMIFS('Consol Entries'!D:D,'Consol Entries'!C:C,C59) -> 0 | L59: =SUM(J59:K59) -> 4337554.1
A60: =_xlfn.XLOOKUP(C60,consol_Map!B:B,consol_Map!C:C,"",0) -> Property, plant and equipment | B60: 12500060 | C60: Accum Deprn: Leasehold Improvements | F60: =IFERROR(INDEX('Name Redacted (TB)'!$F:$F,MATCH(B60,'Name Redacted (TB)'!$B:$B,0)),VALUE("0")) -> -1512995 | H60: =IFERROR(SUMIFS('BnC (TB-Dec21)'!J:J,'BnC (TB-Dec21)'!I:I,C60),VALUE("0")) -> 0 | J60: =F60+H60 -> -1512995 | K60: =SUMIFS('Consol Entries'!D:D,'Consol Entries'!C:C,C60) -> 0 | L60: =SUM(J60:K60) -> -1512995
A61: =_xlfn.XLOOKUP(C61,consol_Map!B:B,consol_Map!C:C,"",0) -> Property, plant and equipment | B61: 12500070 | C61: Office Furn & Fittings | F61: =IFERROR(INDEX('Name Redacted (TB)'!$F:$F,MATCH(B61,'Name Redacted (TB)'!$B:$B,0)),VALUE("0")) -> 833445.27 | H61: =IFERROR(SUMIFS('BnC (TB-Dec21)'!J:J,'BnC (TB-Dec21)'!I:I,C61),VALUE("0")) -> 0 | J61: =F61+H61 -> 833445.27 | K61: =SUMIFS('Consol Entries'!D:D,'Consol Entries'!C:C,C61) -> 0 | L61: =SUM(J61:K61) -> 833445.27
A62: =_xlfn.XLOOKUP(C62,consol_Map!B:B,consol_Map!C:C,"",0) -> Property, plant and equipment | B62: 12500080 | C62: Accum Deprn: Office Furn & Fittings | F62: =IFERROR(INDEX('Name Redacted (TB)'!$F:$F,MATCH(B62,'Name Redacted (TB)'!$B:$B,0)),VALUE("0")) -> 268770.42 | H62: =IFERROR(SUMIFS('BnC (TB-Dec21)'!J:J,'BnC (TB-Dec21)'!I:I,C62),VALUE("0")) -> 0 | J62: =F62+H62 -> 268770.42 | K62: =SUMIFS('Consol Entries'!D:D,'Consol Entries'!C:C,C62) -> 0 | L62: =SUM(J62:K62) -> 268770.42
A63: =_xlfn.XLOOKUP(C63,consol_Map!B:B,consol_Map!C:C,"",0) -> Property, plant and equipment | B63: 12500090 | C63: Office Equipment | F63: =IFERROR(INDEX('Name Redacted (TB)'!$F:$F,MATCH(B63,'Name Redacted (TB)'!$B:$B,0)),VALUE("0")) -> 891536.71 | H63: =IFERROR(SUMIFS('BnC (TB-Dec21)'!J:J,'BnC (TB-Dec21)'!I:I,C63),VALUE("0")) -> 0 | J63: =F63+H63 -> 891536.71 | K63: =SUMIFS('Consol Entries'!D:D,'Consol Entries'!C:C,C63) -> 0 | L63: =SUM(J63:K63) -> 891536.71
A64: =_xlfn.XLOOKUP(C64,consol_Map!B:B,consol_Map!C:C,"",0) -> Property, plant and equipment | B64: 12500100 | C64: Accum Deprn: Office Equipment | F64: =IFERROR(INDEX('Name Redacted (TB)'!$F:$F,MATCH(B64,'Name Redacted (TB)'!$B:$B,0)),VALUE("0")) -> 328278.01 | H64: =IFERROR(SUMIFS('BnC (TB-Dec21)'!J:J,'BnC (TB-Dec21)'!I:I,C64),VALUE("0")) -> 0 | J64: =F64+H64 -> 328278.01 | K64: =SUMIFS('Consol Entries'!D:D,'Consol Entries'!C:C,C64) -> 0 | L64: =SUM(J64:K64) -> 328278.01
A65: =_xlfn.XLOOKUP(C65,consol_Map!B:B,consol_Map!C:C,"",0) -> Property, plant and equipment | B65: 12500110 | C65: Plant, Equipment & Boats | F65: =IFERROR(INDEX('Name Redacted (TB)'!$F:$F,MATCH(B65,'Name Redacted (TB)'!$B:$B,0)),VALUE("0")) -> 1426870.6 | H65: =IFERROR(SUMIFS('BnC (TB-Dec21)'!J:J,'BnC (TB-Dec21)'!I:I,C65),VALUE("0")) -> 0 | J65: =F65+H65 -> 1426870.6 | K65: =SUMIFS('Consol Entries'!D:D,'Consol Entries'!C:C,C65) -> 0 | L65: =SUM(J65:K65) -> 1426870.6
A66: =_xlfn.XLOOKUP(C66,consol_Map!B:B,consol_Map!C:C,"",0) -> Property, plant and equipment | B66: 12500120 | C66: Accum Deprn: Plant, Equipment & Boats | F66: =IFERROR(INDEX('Name Redacted (TB)'!$F:$F,MATCH(B66,'Name Redacted (TB)'!$B:$B,0)),VALUE("0")) -> -10764.28 | H66: =IFERROR(SUMIFS('BnC (TB-Dec21)'!J:J,'BnC (TB-Dec21)'!I:I,C66),VALUE("0")) -> 0 | J66: =F66+H66 -> -10764.28 | K66: =SUMIFS('Consol Entries'!D:D,'Consol Entries'!C:C,C66) -> 0 | L66: =SUM(J66:K66) -> -10764.28
A67: =_xlfn.XLOOKUP(C67,consol_Map!B:B,consol_Map!C:C,"",0) -> Property, plant and equipment | B67: 12500130 | C67: Motor Vehicles | F67: =IFERROR(INDEX('Name Redacted (TB)'!$F:$F,MATCH(B67,'Name Redacted (TB)'!$B:$B,0)),VALUE("0")) -> -431541 | H67: =IFERROR(SUMIFS('BnC (TB-Dec21)'!J:J,'BnC (TB-Dec21)'!I:I,C67),VALUE("0")) -> 0 | J67: =F67+H67 -> -431541 | K67: =SUMIFS('Consol Entries'!D:D,'Consol Entries'!C:C,C67) -> 0 | L67: =SUM(J67:K67) -> -431541
A68: =_xlfn.XLOOKUP(C68,consol_Map!B:B,consol_Map!C:C,"",0) -> Property, plant and equipment | B68: 12500140 | C68: Accum Deprn: Motor Vehicles | F68: =IFERROR(INDEX('Name Redacted (TB)'!$F:$F,MATCH(B68,'Name Redacted (TB)'!$B:$B,0)),VALUE("0")) -> 443600.14 | H68: =IFERROR(SUMIFS('BnC (TB-Dec21)'!J:J,'BnC (TB-Dec21)'!I:I,C68),VALUE("0")) -> 0 | J68: =F68+H68 -> 443600.14 | K68: =SUMIFS('Consol Entries'!D:D,'Consol Entries'!C:C,C68) -> 0 | L68: =SUM(J68:K68) -> 443600.14
A69: =_xlfn.XLOOKUP(C69,consol_Map!B:B,consol_Map!C:C,"",0) -> Property, plant and equipment | C69: [BnC-2B01] BnC Baking Equipment | F69: =IFERROR(INDEX('Name Redacted (TB)'!$F:$F,MATCH(B69,'Name Redacted (TB)'!$B:$B,0)),VALUE("0")) -> 0 | H69: =IFERROR(SUMIFS('BnC (TB-Dec21)'!J:J,'BnC (TB-Dec21)'!I:I,C69),VALUE("0")) -> -1052722.3 | J69: =F69+H69 -> -1052722.3 | K69: =SUMIFS('Consol Entries'!D:D,'Consol Entries'!C:C,C69) -> 0 | L69: =SUM(J69:K69) -> -1052722.3
A70: =_xlfn.XLOOKUP(C70,consol_Map!B:B,consol_Map!C:C,"",0) -> Property, plant and equipment | C70: [BnC-2B01] BnC Acc Depn-Baking Equipment | F70: =IFERROR(INDEX('Name Redacted (TB)'!$F:$F,MATCH(B70,'Name Redacted (TB)'!$B:$B,0)),VALUE("0")) -> 0 | H70: =IFERROR(SUMIFS('BnC (TB-Dec21)'!J:J,'BnC (TB-Dec21)'!I:I,C70),VALUE("0")) -> -3867900.1 | J70: =F70+H70 -> -3867900.1 | K70: =SUMIFS('Consol Entries'!D:D,'Consol Entries'!C:C,C70) -> 0 | L70: =SUM(J70:K70) -> -3867900.1
A71: =_xlfn.XLOOKUP(C71,consol_Map!B:B,consol_Map!C:C,"",0) -> Property, plant and equipment | C71: [BnC-2C01] BnC Computer | F71: =IFERROR(INDEX('Name Redacted (TB)'!$F:$F,MATCH(B71,'Name Redacted (TB)'!$B:$B,0)),VALUE("0")) -> 0 | H71: =IFERROR(SUMIFS('BnC (TB-Dec21)'!J:J,'BnC (TB-Dec21)'!I:I,C71),VALUE("0")) -> 1859372.6 | J71: =F71+H71 -> 1859372.6 | K71: =SUMIFS('Consol Entries'!D:D,'Consol Entries'!C:C,C71) -> 0 | L71: =SUM(J71:K71) -> 1859372.6
A72: =_xlfn.XLOOKUP(C72,consol_Map!B:B,consol_Map!C:C,"",0) -> Property, plant and equipment | C72: [BnC-2C01] BnC Acc Depreciation - Computer | F72: =IFERROR(INDEX('Name Redacted (TB)'!$F:$F,MATCH(B72,'Name Redacted (TB)'!$B:$B,0)),VALUE("0")) -> 0 | H72: =IFERROR(SUMIFS('BnC (TB-Dec21)'!J:J,'BnC (TB-Dec21)'!I:I,C72),VALUE("0")) -> 1366513.1 | J72: =F72+H72 -> 1366513.1 | K72: =SUMIFS('Consol Entries'!D:D,'Consol Entries'!C:C,C72) -> 0 | L72: =SUM(J72:K72) -> 1366513.1
A73: =_xlfn.XLOOKUP(C73,consol_Map!B:B,consol_Map!C:C,"",0) -> Property, plant and equipment | C73: [BnC-2F01] BnC Furniture & Fitting | F73: =IFERROR(INDEX('Name Redacted (TB)'!$F:$F,MATCH(B73,'Name Redacted (TB)'!$B:$B,0)),VALUE("0")) -> 0 | H73: =IFERROR(SUMIFS('BnC (TB-Dec21)'!J:J,'BnC (TB-Dec21)'!I:I,C73),VALUE("0")) -> 7448169.1 | J73: =F73+H73 -> 7448169.1 | K73: =SUMIFS('Consol Entries'!D:D,'Consol Entries'!C:C,C73) -> 0 | L73: =SUM(J73:K73) -> 7448169.1
A74: =_xlfn.XLOOKUP(C74,consol_Map!B:B,consol_Map!C:C,"",0) -> Property, plant and equipment | C74: [BnC-2F01] BnC Acc Depn - Furniture & Fitting | F74: =IFERROR(INDEX('Name Redacted (TB)'!$F:$F,MATCH(B74,'Name Redacted (TB)'!$B:$B,0)),VALUE("0")) -> 0 | H74: =IFERROR(SUMIFS('BnC (TB-Dec21)'!J:J,'BnC (TB-Dec21)'!I:I,C74),VALUE("0")) -> -6398697.2 | J74: =F74+H74 -> -6398697.2 | K74: =SUMIFS('Consol Entries'!D:D,'Consol Entries'!C:C,C74) -> 0 | L74: =SUM(J74:K74) -> -6398697.2
A75: =_xlfn.XLOOKUP(C75,consol_Map!B:B,consol_Map!C:C,"",0) -> Property, plant and equipment | C75: [BnC-2I01] BnC Long Term Investment | F75: =IFERROR(INDEX('Name Redacted (TB)'!$F:$F,MATCH(B75,'Name Redacted (TB)'!$B:$B,0)),VALUE("0")) -> 0 | H75: =IFERROR(SUMIFS('BnC (TB-Dec21)'!J:J,'BnC (TB-Dec21)'!I:I,C75),VALUE("0")) -> 531077.83 | J75: =F75+H75 -> 531077.83 | K75: =SUMIFS('Consol Entries'!D:D,'Consol Entries'!C:C,C75) -> 0 | L75: =SUM(J75:K75) -> 531077.83
A76: =_xlfn.XLOOKUP(C76,consol_Map!B:B,consol_Map!C:C,"",0) -> Property, plant and equipment | C76: [BnC-2K01] BnC Kitchen Equipment | F76: =IFERROR(INDEX('Name Redacted (TB)'!$F:$F,MATCH(B76,'Name Redacted (TB)'!$B:$B,0)),VALUE("0")) -> 0 | H76: =IFERROR(SUMIFS('BnC (TB-Dec21)'!J:J,'BnC (TB-Dec21)'!I:I,C76),VALUE("0")) -> -388726.99 | J76: =F76+H76 -> -388726.99 | K76: =SUMIFS('Consol Entries'!D:D,'Consol Entries'!C:C,C76) -> 0 | L76: =SUM(J76:K76) -> -388726.99
A77: =_xlfn.XLOOKUP(C77,consol_Map!B:B,consol_Map!C:C,"",0) -> Property, plant and equipment | C77: [BnC-2O01] BnC Office Equipment | F77: =IFERROR(INDEX('Name Redacted (TB)'!$F:$F,MATCH(B77,'Name Redacted (TB)'!$B:$B,0)),VALUE("0")) -> 0 | H77: =IFERROR(SUMIFS('BnC (TB-Dec21)'!J:J,'BnC (TB-Dec21)'!I:I,C77),VALUE("0")) -> 5699115.2 | J77: =F77+H77 -> 5699115.2 | K77: =SUMIFS('Consol Entries'!D:D,'Consol Entries'!C:C,C77) -> 0 | L77: =SUM(J77:K77) -> 5699115.2
A78: =_xlfn.XLOOKUP(C78,consol_Map!B:B,consol_Map!C:C,"",0) -> Property, plant and equipment | C78: [BnC-2O01] BnC Acc Depreciation - Office Equipment | F78: =IFERROR(INDEX('Name Redacted (TB)'!$F:$F,MATCH(B78,'Name Redacted (TB)'!$B:$B,0)),VALUE("0")) -> 0 | H78: =IFERROR(SUMIFS('BnC (TB-Dec21)'!J:J,'BnC (TB-Dec21)'!I:I,C78),VALUE("0")) -> -5696667.1 | J78: =F78+H78 -> -5696667.1 | K78: =SUMIFS('Consol Entries'!D:D,'Consol Entries'!C:C,C78) -> 0 | L78: =SUM(J78:K78) -> -5696667.1
A79: =_xlfn.XLOOKUP(C79,consol_Map!B:B,consol_Map!C:C,"",0) -> Property, plant and equipment | C79: [BnC-2R01] BnC Renovation | F79: =IFERROR(INDEX('Name Redacted (TB)'!$F:$F,MATCH(B79,'Name Redacted (TB)'!$B:$B,0)),VALUE("0")) -> 0 | H79: =IFERROR(SUMIFS('BnC (TB-Dec21)'!J:J,'BnC (TB-Dec21)'!I:I,C79),VALUE("0")) -> 10627697 | J79: =F79+H79 -> 10627697 | K79: =SUMIFS('Consol Entries'!D:D,'Consol Entries'!C:C,C79) -> 0 | L79: =SUM(J79:K79) -> 10627697
A80: =_xlfn.XLOOKUP(C80,consol_Map!B:B,consol_Map!C:C,"",0) -> Property, plant and equipment | C80: [BnC-2R01] BnC Acc Depn-Renovation | F80: =IFERROR(INDEX('Name Redacted (TB)'!$F:$F,MATCH(B80,'Name Redacted (TB)'!$B:$B,0)),VALUE("0")) -> 0 | H80: =IFERROR(SUMIFS('BnC (TB-Dec21)'!J:J,'BnC (TB-Dec21)'!I:I,C80),VALUE("0")) -> -9566760.8 | J80: =F80+H80 -> -9566760.8 | K80: =SUMIFS('Consol Entries'!D:D,'Consol Entries'!C:C,C80) -> 0 | L80: =SUM(J80:K80) -> -9566760.8
... A85: =_xlfn.XLOOKUP(C85,consol_Map!B:B,consol_Map!C:C,"",0) -> Right-of-use assets | C85: [BnC-3031] BnC Right Of Use | F85: =IFERROR(INDEX('Name Redacted (TB)'!$F:$F,MATCH(B85,'Name Redacted (TB)'!$B:$B,0)),VALUE("0")) -> 0 | H85: =IFERROR(SUMIFS('BnC (TB-Dec21)'!J:J,'BnC (TB-Dec21)'!I:I,C85),VALUE("0")) -> 3201304 | J85: =F85+H85 -> 3201304 | K85: =SUMIFS('Consol Entries'!D:D,'Consol Entries'!C:C,C85) -> 0 | L85: =SUM(J85:K85) -> 3201304
A86: =_xlfn.XLOOKUP(C86,consol_Map!B:B,consol_Map!C:C,"",0) -> Goodwill | B86: 12600010 | C86: Goodwill from Acquisitions | F86: =IFERROR(INDEX('Name Redacted (TB)'!$F:$F,MATCH(B86,'Name Redacted (TB)'!$B:$B,0)),VALUE("0")) -> 17758321 | H86: =IFERROR(SUMIFS('BnC (TB-Dec21)'!J:J,'BnC (TB-Dec21)'!I:I,C86),VALUE("0")) -> 0 | J86: =F86+H86 -> 17758321 | K86: =SUMIFS('Consol Entries'!D:D,'Consol Entries'!C:C,C86) -> 22319042 | L86: =SUM(J86:K86) -> 40077363
A87: =_xlfn.XLOOKUP(C87,consol_Map!B:B,consol_Map!C:C,"",0) -> Intangible assets | B87: 12600040 | C87: Trademarks And Licences | F87: =IFERROR(INDEX('Name Redacted (TB)'!$F:$F,MATCH(B87,'Name Redacted (TB)'!$B:$B,0)),VALUE("0")) -> 31020679 | H87: =IFERROR(SUMIFS('BnC (TB-Dec21)'!J:J,'BnC (TB-Dec21)'!I:I,C87),VALUE("0")) -> 0 | J87: =F87+H87 -> 31020679 | K87: =SUMIFS('Consol Entries'!D:D,'Consol Entries'!C:C,C87) -> 0 | L87: =SUM(J87:K87) -> 31020679
A88: =_xlfn.XLOOKUP(C88,consol_Map!B:B,consol_Map!C:C,"",0) -> Intangible assets | B88: 12600050 | C88: Accum Amortn: Trademarks, Licences | F88: =IFERROR(INDEX('Name Redacted (TB)'!$F:$F,MATCH(B88,'Name Redacted (TB)'!$B:$B,0)),VALUE("0")) -> -2282223.8 | H88: =IFERROR(SUMIFS('BnC (TB-Dec21)'!J:J,'BnC (TB-Dec21)'!I:I,C88),VALUE("0")) -> 0 | J88: =F88+H88 -> -2282223.8 | K88: =SUMIFS('Consol Entries'!D:D,'Consol Entries'!C:C,C88) -> 0 | L88: =SUM(J88:K88) -> -2282223.8
A89: =_xlfn.XLOOKUP(C89,consol_Map!B:B,consol_Map!C:C,"",0) -> Trade and other payables | B89: 21100010 | C89: Trade Payables Control: External | F89: =IFERROR(INDEX('Name Redacted (TB)'!$F:$F,MATCH(B89,'Name Redacted (TB)'!$B:$B,0)),VALUE("0")) -> -531092.53 | H89: =IFERROR(SUMIFS('BnC (TB-Dec21)'!J:J,'BnC (TB-Dec21)'!I:I,C89),VALUE("0")) -> 0 | J89: =F89+H89 -> -531092.53 | K89: =SUMIFS('Consol Entries'!D:D,'Consol Entries'!C:C,C89) -> 0 | L89: =SUM(J89:K89) -> -531092.53
A90: =_xlfn.XLOOKUP(C90,consol_Map!B:B,consol_Map!C:C,"",0) -> Trade and other payables | B90: 21100020 | C90: Trade Payables Control: Interco | F90: =IFERROR(INDEX('Name Redacted (TB)'!$F:$F,MATCH(B90,'Name Redacted (TB)'!$B:$B,0)),VALUE("0")) -> -2187088.1 | H90: =IFERROR(SUMIFS('BnC (TB-Dec21)'!J:J,'BnC (TB-Dec21)'!I:I,C90),VALUE("0")) -> 0 | J90: =F90+H90 -> -2187088.1 | K90: =SUMIFS('Consol Entries'!D:D,'Consol Entries'!C:C,C90) -> 13683.04 | L90: =SUM(J90:K90) -> -2173405.1
A91: =_xlfn.XLOOKUP(C91,consol_Map!B:B,consol_Map!C:C,"",0) -> Trade and other payables | B91: 21100030 | C91: GR IR Clearing | F91: =IFERROR(INDEX('Name Redacted (TB)'!$F:$F,MATCH(B91,'Name Redacted (TB)'!$B:$B,0)),VALUE("0")) -> -711917.55 | H91: =IFERROR(SUMIFS('BnC (TB-Dec21)'!J:J,'BnC (TB-Dec21)'!I:I,C91),VALUE("0")) -> 0 | J91: =F91+H91 -> -711917.55 | K91: =SUMIFS('Consol Entries'!D:D,'Consol Entries'!C:C,C91) -> 0 | L91: =SUM(J91:K91) -> -711917.55
A92: =_xlfn.XLOOKUP(C92,consol_Map!B:B,consol_Map!C:C,"",0) -> Trade and other payables | B92: 21100050 | C92: Translation: Trade Payables: External | F92: =IFERROR(INDEX('Name Redacted (TB)'!$F:$F,MATCH(B92,'Name Redacted (TB)'!$B:$B,0)),VALUE("0")) -> -459564.91 | H92: =IFERROR(SUMIFS('BnC (TB-Dec21)'!J:J,'BnC (TB-Dec21)'!I:I,C92),VALUE("0")) -> 0 | J92: =F92+H92 -> -459564.91 | K92: =SUMIFS('Consol Entries'!D:D,'Consol Entries'!C:C,C92) -> 0 | L92: =SUM(J92:K92) -> -459564.91
A93: =_xlfn.XLOOKUP(C93,consol_Map!B:B,consol_Map!C:C,"",0) -> Trade and other payables | B93: 21200010 | C93: Non-Trade Payables Control: External | F93: =IFERROR(INDEX('Name Redacted (TB)'!$F:$F,MATCH(B93,'Name Redacted (TB)'!$B:$B,0)),VALUE("0")) -> 237741.28 | H93: =IFERROR(SUMIFS('BnC (TB-Dec21)'!J:J,'BnC (TB-Dec21)'!I:I,C93),VALUE("0")) -> 0 | J93: =F93+H93 -> 237741.28 | K93: =SUMIFS('Consol Entries'!D:D,'Consol Entries'!C:C,C93) -> 0 | L93: =SUM(J93:K93) -> 237741.28
A94: =_xlfn.XLOOKUP(C94,consol_Map!B:B,consol_Map!C:C,"",0) -> Trade and other payables | B94: 21200020 | C94: Non-Trade Payables Control: Interco | F94: =IFERROR(INDEX('Name Redacted (TB)'!$F:$F,MATCH(B94,'Name Redacted (TB)'!$B:$B,0)),VALUE("0")) -> -463464.65 | H94: =IFERROR(SUMIFS('BnC (TB-Dec21)'!J:J,'BnC (TB-Dec21)'!I:I,C94),VALUE("0")) -> 0 | J94: =F94+H94 -> -463464.65 | K94: =SUMIFS('Consol Entries'!D:D,'Consol Entries'!C:C,C94) -> 0 | L94: =SUM(J94:K94) -> -463464.65
A95: =_xlfn.XLOOKUP(C95,consol_Map!B:B,consol_Map!C:C,"",0) -> Trade and other payables | B95: 21200030 | C95: Translation: Non-Trade Payables Externa | F95: =IFERROR(INDEX('Name Redacted (TB)'!$F:$F,MATCH(B95,'Name Redacted (TB)'!$B:$B,0)),VALUE("0")) -> 459305.93 | H95: =IFERROR(SUMIFS('BnC (TB-Dec21)'!J:J,'BnC (TB-Dec21)'!I:I,C95),VALUE("0")) -> 0 | J95: =F95+H95 -> 459305.93 | K95: =SUMIFS('Consol Entries'!D:D,'Consol Entries'!C:C,C95) -> 0 | L95: =SUM(J95:K95) -> 459305.93
A96: =_xlfn.XLOOKUP(C96,consol_Map!B:B,consol_Map!C:C,"",0) -> Trade and other payables | C96: [BnC-4000] BnC Trade Payables | F96: =IFERROR(INDEX('Name Redacted (TB)'!$F:$F,MATCH(B96,'Name Redacted (TB)'!$B:$B,0)),VALUE("0")) -> 0 | H96: =IFERROR(SUMIFS('BnC (TB-Dec21)'!J:J,'BnC (TB-Dec21)'!I:I,C96),VALUE("0")) -> -1074783.7 | J96: =F96+H96 -> -1074783.7 | K96: =SUMIFS('Consol Entries'!D:D,'Consol Entries'!C:C,C96) -> 3294.66 | L96: =SUM(J96:K96) -> -1071489
A97: =_xlfn.XLOOKUP(C97,consol_Map!B:B,consol_Map!C:C,"",0) -> Trade and other payables | B97: 21200050 | C97: Accruals: Non-Trade | F97: =IFERROR(INDEX('Name Redacted (TB)'!$F:$F,MATCH(B97,'Name Redacted (TB)'!$B:$B,0)),VALUE("0")) -> -2695702.4 | H97: =IFERROR(SUMIFS('BnC (TB-Dec21)'!J:J,'BnC (TB-Dec21)'!I:I,C97),VALUE("0")) -> 0 | J97: =F97+H97 -> -2695702.4 | K97: =SUMIFS('Consol Entries'!D:D,'Consol Entries'!C:C,C97) -> 0 | L97: =SUM(J97:K97) -> -2695702.4
A98: =_xlfn.XLOOKUP(C98,consol_Map!B:B,consol_Map!C:C,"",0) -> Trade and other payables | C98: [BnC-4010] BnC Accrual | F98: =IFERROR(INDEX('Name Redacted (TB)'!$F:$F,MATCH(B98,'Name Redacted (TB)'!$B:$B,0)),VALUE("0")) -> 0 | H98: =IFERROR(SUMIFS('BnC (TB-Dec21)'!J:J,'BnC (TB-Dec21)'!I:I,C98),VALUE("0")) -> 58900 | J98: =F98+H98 -> 58900 | K98: =SUMIFS('Consol Entries'!D:D,'Consol Entries'!C:C,C98) -> 0 | L98: =SUM(J98:K98) -> 58900
A99: =_xlfn.XLOOKUP(C99,consol_Map!B:B,consol_Map!C:C,"",0) -> Trade and other payables | C99: [BnC-4010] BnC CPF Payables | F99: =IFERROR(INDEX('Name Redacted (TB)'!$F:$F,MATCH(B99,'Name Redacted (TB)'!$B:$B,0)),VALUE("0")) -> 0 | H99: =IFERROR(SUMIFS('BnC (TB-Dec21)'!J:J,'BnC (TB-Dec21)'!I:I,C99),VALUE("0")) -> -566095.29 | J99: =F99+H99 -> -566095.29 | K99: =SUMIFS('Consol Entries'!D:D,'Consol Entries'!C:C,C99) -> 0 | L99: =SUM(J99:K99) -> -566095.29
A100: =_xlfn.XLOOKUP(C100,consol_Map!B:B,consol_Map!C:C,"",0) -> Trade and other payables | C100: [BnC-4050] BnC Payroll Control | F100: =IFERROR(INDEX('Name Redacted (TB)'!$F:$F,MATCH(B100,'Name Redacted (TB)'!$B:$B,0)),VALUE("0")) -> 0 | H100: =IFERROR(SUMIFS('BnC (TB-Dec21)'!J:J,'BnC (TB-Dec21)'!I:I,C100),VALUE("0")) -> -99336.29 | J100: =F100+H100 -> -99336.29 | K100: =SUMIFS('Consol Entries'!D:D,'Consol Entries'!C:C,C100) -> 0 | L100: =SUM(J100:K100) -> -99336.29
A101: =_xlfn.XLOOKUP(C101,consol_Map!B:B,consol_Map!C:C,"",0) -> Trade and other payables | C101: [BnC-4300] BnC Suspense Account | F101: =IFERROR(INDEX('Name Redacted (TB)'!$F:$F,MATCH(B101,'Name Redacted (TB)'!$B:$B,0)),VALUE("0")) -> 0 | H101: =IFERROR(SUMIFS('BnC (TB-Dec21)'!J:J,'BnC (TB-Dec21)'!I:I,C101),VALUE("0")) -> 459679 | J101: =F101+H101 -> 459679 | K101: =SUMIFS('Consol Entries'!D:D,'Consol Entries'!C:C,C101) -> 0 | L101: =SUM(J101:K101) -> 459679
A102: =_xlfn.XLOOKUP(C102,consol_Map!B:B,consol_Map!C:C,"",0) -> Trade and other payables | B102: 21200100 | C102: Deposits Received: Others | F102: =IFERROR(INDEX('Name Redacted (TB)'!$F:$F,MATCH(B102,'Name Redacted (TB)'!$B:$B,0)),VALUE("0")) -> 317722.79 | H102: =IFERROR(SUMIFS('BnC (TB-Dec21)'!J:J,'BnC (TB-Dec21)'!I:I,C102),VALUE("0")) -> 0 | J102: =F102+H102 -> 317722.79 | K102: =SUMIFS('Consol Entries'!D:D,'Consol Entries'!C:C,C102) -> 0 | L102: =SUM(J102:K102) -> 317722.79
A103: =_xlfn.XLOOKUP(C103,consol_Map!B:B,consol_Map!C:C,"",0) -> Trade and other payables | C103: [BnC-3020] BnC Deposit Received | F103: =IFERROR(INDEX('Name Redacted (TB)'!$F:$F,MATCH(B103,'Name Redacted (TB)'!$B:$B,0)),VALUE("0")) -> 0 | H103: =IFERROR(SUMIFS('BnC (TB-Dec21)'!J:J,'BnC (TB-Dec21)'!I:I,C103),VALUE("0")) -> 880956.61 | J103: =F103+H103 -> 880956.61 | K103: =SUMIFS('Consol Entries'!D:D,'Consol Entries'!C:C,C103) -> 0 | L103: =SUM(J103:K103) -> 880956.61
A104: =_xlfn.XLOOKUP(C104,consol_Map!B:B,consol_Map!C:C,"",0) -> Trade and other payables | B104: 21200150 | C104: Output GST Payable | F104: =IFERROR(INDEX('Name Redacted (TB)'!$F:$F,MATCH(B104,'Name Redacted (TB)'!$B:$B,0)),VALUE("0")) -> -1750548.7 | H104: =IFERROR(SUMIFS('BnC (TB-Dec21)'!J:J,'BnC (TB-Dec21)'!I:I,C104),VALUE("0")) -> 0 | J104: =F104+H104 -> -1750548.7 | K104: =SUMIFS('Consol Entries'!D:D,'Consol Entries'!C:C,C104) -> 0 | L104: =SUM(J104:K104) -> -1750548.7
A105: =_xlfn.XLOOKUP(C105,consol_Map!B:B,consol_Map!C:C,"",0) -> Trade and other payables | C105: [BnC-4090] BnC GST Output Tax | F105: =IFERROR(INDEX('Name Redacted (TB)'!$F:$F,MATCH(B105,'Name Redacted (TB)'!$B:$B,0)),VALUE("0")) -> 0 | H105: =IFERROR(SUMIFS('BnC (TB-Dec21)'!J:J,'BnC (TB-Dec21)'!I:I,C105),VALUE("0")) -> 459679 | J105: =F105+H105 -> 459679 | K105: =SUMIFS('Consol Entries'!D:D,'Consol Entries'!C:C,C105) -> 0 | L105: =SUM(J105:K105) -> 459679
A106: =_xlfn.XLOOKUP(C106,consol_Map!B:B,consol_Map!C:C,"",0) -> Trade and other payables | C106: [BnC-4100] BnC GST Control Account | F106: =IFERROR(INDEX('Name Redacted (TB)'!$F:$F,MATCH(B106,'Name Redacted (TB)'!$B:$B,0)),VALUE("0")) -> 0 | H106: =IFERROR(SUMIFS('BnC (TB-Dec21)'!J:J,'BnC (TB-Dec21)'!I:I,C106),VALUE("0")) -> 279443.66 | J106: =F106+H106 -> 279443.66 | K106: =SUMIFS('Consol Entries'!D:D,'Consol Entries'!C:C,C106) -> 0 | L106: =SUM(J106:K106) -> 279443.66
A107: =_xlfn.XLOOKUP(C107,consol_Map!B:B,consol_Map!C:C,"",0) -> Trade and other payables | B107: 21200170 | C107: Other Payables | F107: =IFERROR(INDEX('Name Redacted (TB)'!$F:$F,MATCH(B107,'Name Redacted (TB)'!$B:$B,0)),VALUE("0")) -> 455666.32 | H107: =IFERROR(SUMIFS('BnC (TB-Dec21)'!J:J,'BnC (TB-Dec21)'!I:I,C107),VALUE("0")) -> 0 | J107: =F107+H107 -> 455666.32 | K107: =SUMIFS('Consol Entries'!D:D,'Consol Entries'!C:C,C107) -> 0 | L107: =SUM(J107:K107) -> 455666.32
...

Sheet Consol Entries
B2: 12200010 | C2: Invt In Subsidiaries | D2: =-K6 -> -24500000 | I2: Description | K2: Amount
C3: [BnC-1000] BnC Share Capital | D3: =-(-724230.77*70%) -> 506961.54 | E3: 70% portion (SC) | I3: Investment in Baker & Cook (55%) | K3: 19250000
C4: [BnC-1000] BnC Share Capital | D4: =-(-724230.77*30%) -> 217269.23 | E4: 30% NCI portion (SC) | I4: Investment in Baker & Cook (15%) | K4: 5250000
C5: [BnC-1100] BnC Accumulated Profit / Loss | D5: =-(-777158.6*70%) -> 544011.02 | E5: 70% portion (Prior Year Profit)
C6: [BnC-7000] BnC Dividend Paid | D6: =-(500000*70%) -> -350000 | E6: 70% portion (2021 Dividend b/f acquisition) | K6: 24500000
C7: [BnC-1100] BnC Accumulated Profit / Loss | D7: =-(-777158.6*30%) -> 233147.58 | E7: 30% NCI portion (Prior Year Profit)
C8: [BnC-7000] BnC Dividend Paid | D8: =-(500000*30%) -> -150000 | E8: 30% NCI portion (2021 Dividend b/f acquisition) | J8: Match against consol journal | K8: =-D2 -> 24500000
C9: [BnC-1100] BnC Accumulated Profit / Loss | D9: =((SUM('BnC Profits Recon'!B5:B14))*70%) -> 1479985.7 | E9: (YTD Oct Profit)*70% | J9: check | K9: =K6-K8 -> 0
C10: [BnC-1100] BnC Accumulated Profit / Loss | D10: =((SUM('BnC Profits Recon'!B5:B14))*30%) -> 634279.59 | E10: (YTD Oct Profit)*30% NCI Portion
C11: Current Year Profit and Loss | D11: ='BnC Profits Recon'!B17*30% -> 67997.538 | E11: Nov Profit*30% NCI Portion | I11: Pre-acquisition (Baker and Cook)
C12: Current Year Profit and Loss | D12: ='BnC Profits Recon'!B18*30% -> -199699.23 | E12: Dec loss*30% NCI Portion | I12: 1000/000 | J12: SHARE CAPITAL | K12: 724230.77
C13: Non-Controlling Interest (NCI) | D13: =-D4-D7-D8-D10-D11-D12 -> -802994.7 | I13: 1100/000 | J13: ACCUMULATED PROFIT / LOSS | K13: 777158.6
B14: 12600010 | C14: Goodwill from Acquisitions | D14: =-(D2+D3+D5+D6+D9) -> 22319042
J16: YTD Dec Profit | K16: =-'BnC (TB-Dec21)'!D598 -> 1175259.6
J17: minus Nov MTD Profit | K17: =-'BnC Profits Recon'!B17 -> -226658.46
J18: minus Dec MTD Profit | K18: =-'BnC Profits Recon'!B18 -> 665664.11
K20: =SUM(K12:K18) -> 3115654.7
J22: Match against consol journal | K22: =SUM(D3:D10) -> 3115654.7
J23: check | K23: =K20-K22 -> 0
I25: Post-acquisition (Baker and Cook)
J26: Nov21 Profit | K26: =-K17 -> 226658.46
J27: Dec21 Loss | K27: =-K18 -> -665664.11
I29: NCI Proof
J30: NCI as per calculation | K30: =(K20+K26+K27)*30% -> 802994.7
J31: NCI as per consol account | K31: =-VLOOKUP("Non-Controlling Interest (NCI)",'Consol (TB)'!C:L,10,FALSE) -> 802994.7
J32: check | K32: =K30-K31 -> 0
I35: Group FVNA Proof
J36: CWC Share Capital | K36: =-VLOOKUP("Ordinary Share Capital",'Consol (TB)'!C:L,10,FALSE) -> 64463796
J37: CWC Preference shares | K37: =-VLOOKUP("Preference Share Capital",'Consol (TB)'!C:L,10,FALSE) -> 3300334.7
J38: CWC R/E (Prior + Current Year) | K38: =-SUM('Consol (TB)'!F123:F353) -> -4473604.2
J39: Share of B/C Profit Post acq. | K39: =SUM(K26:K27)*70% -> -307303.96
K41: =SUM(K36:K40) -> 62983223
J43: Group FVNA as per consol account | K43: =-SUM('Consol (TB)'!L121:L353) -> 63442902
J44: check | K44: =K41-K43 -> -459679
B74: 41000010 | C74: Sales: Food | D74: 257
B75: 42000010 | C75: Sales: Goods | D75: 2822.11
C76: [BnC-6010] BnC Ingredient/Beverage/Consumable | D76: =-SUM(D74:D75) -> -3079.11
B78: 61200050 | C78: Royalties Paid | D78: -133048.03
C79: [BnC-5100] BnC Royalty Income - Swissbake | D79: 133048.03
B81: 11210020 | C81: Trade Receivables Control: Interco | D81: -3294.66
C82: [BnC-4000] BnC Trade Payables | D82: 3294.66
C84: [BnC-3000] BnC Trade Debtors | D84: -13683.04
B85: 21100020 | C85: Trade Payables Control: Interco | D85: 13683.04

Sheet Consol (BS)
A1: Commonwealth Concepts Group
B3: Balance Sheet | F3: 44531
D4: 2021
D5: $’000
A6: ASSETS
A7: Non-current assets
A8: Property, plant and equipment | D8: =ROUND(SUMIFS('Consol (TB)'!L:L,'Consol (TB)'!A:A,A8),0) -> 7709150
A9: Intangible assets | D9: =ROUND(SUMIFS('Consol (TB)'!L:L,'Consol (TB)'!A:A,A9),0) -> 28738455
A10: Right-of-use assets | D10: =ROUND(SUMIFS('Consol (TB)'!L:L,'Consol (TB)'!A:A,A10),0) -> 3201304
A11: Goodwill | D11: =ROUND(SUMIFS('Consol (TB)'!L:L,'Consol (TB)'!A:A,A11),0) -> 40077363
C12: Total non-current assets | D12: =SUM(D8:D11) -> 79726272
A14: Current assets
A15: Inventories | D15: =ROUND(SUMIFS('Consol (TB)'!L:L,'Consol (TB)'!A:A,A15),0) -> -2138188
A16: Trade and other receivables | D16: =ROUND(SUMIFS('Consol (TB)'!L:L,'Consol (TB)'!A:A,A16),0) -> 4577235
A17: Prepayments | D17: =ROUND(SUMIFS('Consol (TB)'!L:L,'Consol (TB)'!A:A,A17),0) -> 987333
A18: Cash and bank balances | D18: =ROUND(SUMIFS('Consol (TB)'!L:L,'Consol (TB)'!A:A,A18),0) -> 13907060
C19: Total current assets | D19: =SUM(D15:D18) -> 17333440
C21: Total assets | D21: =SUM(D19,D12) -> 97059712
A23: EQUITY AND LIABILITIES
A24: Equity
A25: Share capital | D25: =-ROUND(SUMIFS('Consol (TB)'!L:L,'Consol (TB)'!A:A,A25),0) -> 67764131
A26: Retained earnings | D26: =-ROUND(SUMIFS('Consol (TB)'!L:L,'Consol (TB)'!A:A,A26),0)-ROUND(SUMIFS('Consol (TB)'!L:L,'Consol (TB)'!A:A,"Revenue"),0)-ROUND(SUMIFS('Consol (TB)'!L:L,'Consol (TB)'!A:A,"Cost of sales"),0)-ROUND(SUMIFS('Consol (TB)'!L:L,'Consol (TB)'!A:A,"Other income"),0)-ROUND(SUMIFS('Consol (TB)'!L:L,'Consol (TB)'!A:A,"Salaries and payroll expenses"),0)-ROUND(SUMIFS('Consol (TB)'!L:L,'Consol (TB)'!A:A,"Selling and marketing expenses"),0)-ROUND(SUMIFS('Consol (TB)'!L:L,'Consol (TB)'!A:A,"Distribution and logistic cost"),0)-ROUND(SUMIFS('Consol (TB)'!L:L,'Consol (TB)'!A:A,"General and administrative cost"),0)-ROUND(SUMIFS('Consol (TB)'!L:L,'Consol (TB)'!A:A,"Depreciation and amortisation"),0)-ROUND(SUMIFS('Consol (TB)'!L:L,'Consol (TB)'!A:A,"Interest expense"),0)-ROUND(SUMIFS('Consol (TB)'!L:L,'Consol (TB)'!A:A,"Witholding tax"),0)-ROUND(SUMIFS('Consol (TB)'!L:L,'Consol (TB)'!A:A,"Income Tax"),0) -> -4321230
C27: Equity attributable to owners of the parent | D27: =SUM(D25:D26) -> 63442901
A29: Non-controlling interests | D29: =-ROUND(SUMIFS('Consol (TB)'!L:L,'Consol (TB)'!A:A,A29),0) -> 802995
C31: Total equity | D31: =SUM(D27:D30) -> 64245896
A33: Non-current liabilities
A34: Bank borrowings | D34: =-ROUND(SUMIFS('Consol (TB)'!L:L,'Consol (TB)'!A:A,A34),0) -> 13570015
A35: Lease liabilities | D35: =-ROUND(SUMIFS('Consol (TB)'!L:L,'Consol (TB)'!A:A,A35),0) -> 3298986
C36: Total non-current liabilities | D36: =SUM(D34:D35) -> 16869001
A38: Current liabilities
A39: Trade and other payables | D39: =-ROUND(SUMIFS('Consol (TB)'!L:L,'Consol (TB)'!A:A,A39),0) -> 6913522
A40: Income tax payables | D40: =-ROUND(SUMIFS('Consol (TB)'!L:L,'Consol (TB)'!A:A,A40),0) -> 5293898
A41: Provisions | D41: =-ROUND(SUMIFS('Consol (TB)'!L:L,'Consol (TB)'!A:A,A41),0) -> 3277716
A42: Shareholder Loans | D42: =-ROUND(SUMIFS('Consol (TB)'!L:L,'Consol (TB)'!A:A,A42),0) -> 459679
C43: Total current liabilities | D43: =SUM(D39:D42) -> 15944815
C45: Total equity and liabilities | D45: =SUM(D43,D36,D31) -> 97059712

Sheet Consol (PnL)
A1: Commonwealth Concepts Group
B3: Profit and Loss | F3: 44531
D4: 2021
D5: $’000
A6: Revenue | D6: =-ROUND(SUMIFS('Consol (TB)'!L:L,'Consol (TB)'!A:A,A6),0) -> 84440043
A7: Cost of sales | D7: =-ROUND(SUMIFS('Consol (TB)'!L:L,'Consol (TB)'!A:A,A7),0) -> -30518673
C8: Gross Profit | D8: =SUM(D6:D7) -> 53921370
A10: Other items of income
A11: Other income | D11: =-ROUND(SUMIFS('Consol (TB)'!L:L,'Consol (TB)'!A:A,A11),0) -> 12687197
A13: Other items of expense
A14: Salaries and payroll expenses | D14: =-ROUND(SUMIFS('Consol (TB)'!L:L,'Consol (TB)'!A:A,A14),0) -> -30288050
A15: Selling and marketing expenses | D15: =-ROUND(SUMIFS('Consol (TB)'!L:L,'Consol (TB)'!A:A,A15),0) -> -793243
A16: Distribution and logistic cost | D16: =-ROUND(SUMIFS('Consol (TB)'!L:L,'Consol (TB)'!A:A,A16),0) -> -5347506
A17: General and administrative cost | D17: =-ROUND(SUMIFS('Consol (TB)'!L:L,'Consol (TB)'!A:A,A17),0) -> -24970259
A18: Depreciation and amortisation | D18: =-ROUND(SUMIFS('Consol (TB)'!L:L,'Consol (TB)'!A:A,A18),0) -> -6607610
A19: Interest expense | D19: =-ROUND(SUMIFS('Consol (TB)'!L:L,'Consol (TB)'!A:A,A19),0) -> 175506
C21: Profit/(loss) before tax from continuing operations | D21: =SUM(D8:D20) -> -1222595
A23: Witholding tax | D23: =-ROUND(SUMIFS('Consol (TB)'!L:L,'Consol (TB)'!A:A,A23),0) -> -9034
A24: Income Tax | D24: =-ROUND(SUMIFS('Consol (TB)'!L:L,'Consol (TB)'!A:A,A24),0) -> -1046250
C26: PROFIT/(LOSS) | D26: =SUM(D21:D24) -> -2277879
A28: Profit attributable to:
A29: Owners of the parent | D29: =-SUM('Consol (TB)'!F128:F352)-70%*SUM('Consol (TB)'!H128:H352) -> -3056263.9
A30: Non-controlling interests | D30: =-(30%*SUM('Consol (TB)'!H128:H352)) -> 778385.29
D31: =SUM(D29:D30) -> -2277878.7

Sheet Consol (Cashflow)
A1: Commonwealth Concepts Group
B3: Consolidated Cashflow | M3: 44531
F4: Before Adj | I4: Add back NCI's post-acq profit | J4: Acquisition of subsidiary | K4: Project Toffee | M4: Final Cashflow
F5: 2021
B6: Operating activities
B8: Loss before income tax | F8: =SUMIFS('Cashflow Working'!$E$128:$DU$128,'Cashflow Working'!$E$130:$DU$130,'Consol (Cashflow)'!B8) -> #NAME? | I8: =SUM('Consol Entries'!D11:D12) -> -131701.69 | J8: =SUMIFS('Acq of Subsidiary - BnC'!F:F,'Acq of Subsidiary - BnC'!B:B,B8) -> 0 | K8: =SUMIFS('Project Toffee'!J:J,'Project Toffee'!I:I,B8) -> 0 | M8: =SUM(F8:K8) -> #NAME? | N8: check | O8: =M8-'Consol (PnL)'!D26 -> #NAME?
B10: Adjustments for:
B11: Impairment of Goodwill | F11: =SUMIFS('Cashflow Working'!$E$128:$DU$128,'Cashflow Working'!$E$130:$DU$130,'Consol (Cashflow)'!B11) -> 0 | J11: =SUMIFS('Acq of Subsidiary - BnC'!F:F,'Acq of Subsidiary - BnC'!B:B,B11) -> 0 | K11: =SUMIFS('Project Toffee'!J:J,'Project Toffee'!I:I,B11) -> 0 | M11: =SUM(F11:K11) -> 0
B12: Impairment of property, plant and equipment | F12: =SUMIFS('Cashflow Working'!$E$128:$DU$128,'Cashflow Working'!$E$130:$DU$130,'Consol (Cashflow)'!B12) -> 0 | J12: =SUMIFS('Acq of Subsidiary - BnC'!F:F,'Acq of Subsidiary - BnC'!B:B,B12) -> 0 | K12: =SUMIFS('Project Toffee'!J:J,'Project Toffee'!I:I,B12) -> 0 | M12: =SUM(F12:K12) -> 0
B13: Depreciation and amortisation | F13: =SUMIFS('Cashflow Working'!$E$128:$DU$128,'Cashflow Working'!$E$130:$DU$130,'Consol (Cashflow)'!B13) -> #NAME? | J13: =SUMIFS('Acq of Subsidiary - BnC'!F:F,'Acq of Subsidiary - BnC'!B:B,B13) -> -4750149.8 | K13: =SUMIFS('Project Toffee'!J:J,'Project Toffee'!I:I,B13) -> 0 | M13: =SUM(F13:K13) -> #NAME?
B14: Gain/(loss) on disposal of property, plant and equipment | F14: =SUMIFS('Cashflow Working'!$E$128:$DU$128,'Cashflow Working'!$E$130:$DU$130,'Consol (Cashflow)'!B14) -> 0 | J14: =SUMIFS('Acq of Subsidiary - BnC'!F:F,'Acq of Subsidiary - BnC'!B:B,B14) -> 0 | K14: =SUMIFS('Project Toffee'!J:J,'Project Toffee'!I:I,B14) -> 0 | M14: =SUM(F14:K14) -> 0
B15: Fair vale gain on investment properties | F15: =SUMIFS('Cashflow Working'!$E$128:$DU$128,'Cashflow Working'!$E$130:$DU$130,'Consol (Cashflow)'!B15) -> 0 | J15: =SUMIFS('Acq of Subsidiary - BnC'!F:F,'Acq of Subsidiary - BnC'!B:B,B15) -> 0 | K15: =SUMIFS('Project Toffee'!J:J,'Project Toffee'!I:I,B15) -> 0 | M15: =SUM(F15:K15) -> 0
B16: Interest expense | F16: =SUMIFS('Cashflow Working'!$E$128:$DU$128,'Cashflow Working'!$E$130:$DU$130,'Consol (Cashflow)'!B16) -> 0 | J16: =SUMIFS('Acq of Subsidiary - BnC'!F:F,'Acq of Subsidiary - BnC'!B:B,B16) -> 0 | K16: =SUMIFS('Project Toffee'!J:J,'Project Toffee'!I:I,B16) -> 0 | M16: =SUM(F16:K16) -> 0
B17: Interest income | F17: =SUMIFS('Cashflow Working'!$E$128:$DU$128,'Cashflow Working'!$E$130:$DU$130,'Consol (Cashflow)'!B17) -> 0 | J17: =SUMIFS('Acq of Subsidiary - BnC'!F:F,'Acq of Subsidiary - BnC'!B:B,B17) -> 0 | K17: =SUMIFS('Project Toffee'!J:J,'Project Toffee'!I:I,B17) -> 0 | M17: =SUM(F17:K17) -> 0
B18: Dividend income | F18: =SUMIFS('Cashflow Working'!$E$128:$DU$128,'Cashflow Working'!$E$130:$DU$130,'Consol (Cashflow)'!B18) -> 0 | J18: =SUMIFS('Acq of Subsidiary - BnC'!F:F,'Acq of Subsidiary - BnC'!B:B,B18) -> 0 | K18: =SUMIFS('Project Toffee'!J:J,'Project Toffee'!I:I,B18) -> 0 | M18: =SUM(F18:K18) -> 0
B19: Unrealised exchange difference | F19: =SUMIFS('Cashflow Working'!$E$128:$DU$128,'Cashflow Working'!$E$130:$DU$130,'Consol (Cashflow)'!B19) -> 0 | J19: =SUMIFS('Acq of Subsidiary - BnC'!F:F,'Acq of Subsidiary - BnC'!B:B,B19) -> 0 | K19: =SUMIFS('Project Toffee'!J:J,'Project Toffee'!I:I,B19) -> 0 | M19: =SUM(F19:K19) -> 0
B20: Share of profit of associates | F20: =SUMIFS('Cashflow Working'!$E$128:$DU$128,'Cashflow Working'!$E$130:$DU$130,'Consol (Cashflow)'!B20) -> 0 | J20: =SUMIFS('Acq of Subsidiary - BnC'!F:F,'Acq of Subsidiary - BnC'!B:B,B20) -> 0 | K20: =SUMIFS('Project Toffee'!J:J,'Project Toffee'!I:I,B20) -> 0 | M20: =SUM(F20:K20) -> 0
B21: Share of profit of joint venture | F21: =SUMIFS('Cashflow Working'!$E$128:$DU$128,'Cashflow Working'!$E$130:$DU$130,'Consol (Cashflow)'!B21) -> 0 | J21: =SUMIFS('Acq of Subsidiary - BnC'!F:F,'Acq of Subsidiary - BnC'!B:B,B21) -> 0 | K21: =SUMIFS('Project Toffee'!J:J,'Project Toffee'!I:I,B21) -> 0 | M21: =SUM(F21:K21) -> 0
B24: Operating cash flows before movements in working capital:
B25: Inventories | F25: =SUMIFS('Cashflow Working'!$E$128:$DU$128,'Cashflow Working'!$E$130:$DU$130,'Consol (Cashflow)'!B25) -> #NAME? | J25: =SUMIFS('Acq of Subsidiary - BnC'!F:F,'Acq of Subsidiary - BnC'!B:B,B25) -> 111992.03 | K25: =SUMIFS('Project Toffee'!J:J,'Project Toffee'!I:I,B25) -> 855705.4 | M25: =SUM(F25:K25) -> #NAME?
B26: Trade and other receivables, and contract assets | F26: =SUMIFS('Cashflow Working'!$E$128:$DU$128,'Cashflow Working'!$E$130:$DU$130,'Consol (Cashflow)'!B26) -> #NAME? | J26: =SUMIFS('Acq of Subsidiary - BnC'!F:F,'Acq of Subsidiary - BnC'!B:B,B26) -> 249366.75 | K26: =SUMIFS('Project Toffee'!J:J,'Project Toffee'!I:I,B26) -> -46820000 | M26: =SUM(F26:K26) -> #NAME?
B27: Prepayments | F27: =SUMIFS('Cashflow Working'!$E$128:$DU$128,'Cashflow Working'!$E$130:$DU$130,'Consol (Cashflow)'!B27) -> #NAME? | J27: =SUMIFS('Acq of Subsidiary - BnC'!F:F,'Acq of Subsidiary - BnC'!B:B,B27) -> 388632.71 | K27: =SUMIFS('Project Toffee'!J:J,'Project Toffee'!I:I,B27) -> 61416.391 | M27: =SUM(F27:K27) -> #NAME?
B28: Other current asset | F28: =SUMIFS('Cashflow Working'!$E$128:$DU$128,'Cashflow Working'!$E$130:$DU$130,'Consol (Cashflow)'!B28) -> #NAME? | J28: =SUMIFS('Acq of Subsidiary - BnC'!F:F,'Acq of Subsidiary - BnC'!B:B,B28) -> 579772.05 | K28: =SUMIFS('Project Toffee'!J:J,'Project Toffee'!I:I,B28) -> 1693788 | M28: =SUM(F28:K28) -> #NAME?
B29: Provisions | F29: =SUMIFS('Cashflow Working'!$E$128:$DU$128,'Cashflow Working'!$E$130:$DU$130,'Consol (Cashflow)'!B29) -> #NAME? | I29: =-I8 -> 131701.69 | J29: =SUMIFS('Acq of Subsidiary - BnC'!F:F,'Acq of Subsidiary - BnC'!B:B,B29) -> -923516.15 | K29: =SUMIFS('Project Toffee'!J:J,'Project Toffee'!I:I,B29) -> -5541637 | M29: =SUM(F29:K29) -> #NAME?
B30: Trade and Other payables, and contract liabilities | F30: =SUMIFS('Cashflow Working'!$E$128:$DU$128,'Cashflow Working'!$E$130:$DU$130,'Consol (Cashflow)'!B30) -> #NAME? | J30: =SUMIFS('Acq of Subsidiary - BnC'!F:F,'Acq of Subsidiary - BnC'!B:B,B30) -> -1010082.3 | K30: =SUMIFS('Project Toffee'!J:J,'Project Toffee'!I:I,B30) -> 0 | M30: =SUM(F30:K30) -> #NAME?
B31: Cash generated from operations | F31: =SUM(F25:F30) -> #NAME? | M31: =SUM(M25:M30) -> #NAME?
B32: Interest Income | F32: =SUMIFS('Cashflow Working'!$E$128:$DU$128,'Cashflow Working'!$E$130:$DU$130,'Consol (Cashflow)'!B32) -> 0 | K32: =SUMIFS('Project Toffee'!J:J,'Project Toffee'!I:I,B32) -> 0 | M32: =SUM(F32:K32) -> 0
B33: Income taxes paid | F33: =SUMIFS('Cashflow Working'!$E$128:$DU$128,'Cashflow Working'!$E$130:$DU$130,'Consol (Cashflow)'!B33) -> 0 | K33: =SUMIFS('Project Toffee'!J:J,'Project Toffee'!I:I,B33) -> 0 | M33: =SUM(F33:K33) -> 0
B34: Net cash from operating activities | F34: =SUM(F31:F33) -> #NAME? | M34: =SUM(M31:M33) -> #NAME?
B36: Investing activities
B37: Proceeds from disposal of property, plant and equipment | F37: =SUMIFS('Cashflow Working'!$E$128:$DU$128,'Cashflow Working'!$E$130:$DU$130,'Consol (Cashflow)'!B37) -> 0 | J37: =SUMIFS('Acq of Subsidiary - BnC'!F:F,'Acq of Subsidiary - BnC'!B:B,B37) -> 0 | K37: =SUMIFS('Project Toffee'!J:J,'Project Toffee'!I:I,B37) -> 0 | M37: =SUM(F37:K37) -> 0
B38: Purchase of property, plant and equipment | F38: =SUMIFS('Cashflow Working'!$E$128:$DU$128,'Cashflow Working'!$E$130:$DU$130,'Consol (Cashflow)'!B38) -> #NAME? | J38: =SUMIFS('Acq of Subsidiary - BnC'!F:F,'Acq of Subsidiary - BnC'!B:B,B38) -> 9205947.6 | K38: =SUMIFS('Project Toffee'!J:J,'Project Toffee'!I:I,B38) -> 2606690.6 | M38: =SUM(F38:K38) -> #NAME?
B39: Acquisition of subsidiary, net of cash acquired | F39: =SUMIFS('Cashflow Working'!$E$128:$DU$128,'Cashflow Working'!$E$130:$DU$130,'Consol (Cashflow)'!B39) -> 0 | J39: =SUMIFS('Acq of Subsidiary - BnC'!F:F,'Acq of Subsidiary - BnC'!B:B,B39) -> -12756327 | K39: =SUMIFS('Project Toffee'!J:J,'Project Toffee'!I:I,B39) -> 0 | M39: =SUM(F39:K39) -> -12756327
B40: Additions to intangible asset | F40: =SUMIFS('Cashflow Working'!$E$128:$DU$128,'Cashflow Working'!$E$130:$DU$130,'Consol (Cashflow)'!B40) -> #NAME? | J40: =SUMIFS('Acq of Subsidiary - BnC'!F:F,'Acq of Subsidiary - BnC'!B:B,B40) -> 0 | K40: =SUMIFS('Project Toffee'!J:J,'Project Toffee'!I:I,B40) -> 30561000 | M40: =SUM(F40:K40) -> #NAME?
B41: Additions to right-of-use assets | F41: =SUMIFS('Cashflow Working'!$E$128:$DU$128,'Cashflow Working'!$E$130:$DU$130,'Consol (Cashflow)'!B41) -> 0 | J41: =SUMIFS('Acq of Subsidiary - BnC'!F:F,'Acq of Subsidiary - BnC'!B:B,B41) -> 0 | K41: =SUMIFS('Project Toffee'!J:J,'Project Toffee'!I:I,B41) -> 0 | M41: =SUM(F41:K41) -> 0
B42: Purchases of financial assets at FVOCI | F42: =SUMIFS('Cashflow Working'!$E$128:$DU$128,'Cashflow Working'!$E$130:$DU$130,'Consol (Cashflow)'!B42) -> 0 | J42: =SUMIFS('Acq of Subsidiary - BnC'!F:F,'Acq of Subsidiary - BnC'!B:B,B42) -> 0 | K42: =SUMIFS('Project Toffee'!J:J,'Project Toffee'!I:I,B42) -> 0 | M42: =SUM(F42:K42) -> 0
B43: Proceeds from disposal of financial assets at FVOCI | F43: =SUMIFS('Cashflow Working'!$E$128:$DU$128,'Cashflow Working'!$E$130:$DU$130,'Consol (Cashflow)'!B43) -> 0 | J43: =SUMIFS('Acq of Subsidiary - BnC'!F:F,'Acq of Subsidiary - BnC'!B:B,B43) -> 0 | K43: =SUMIFS('Project Toffee'!J:J,'Project Toffee'!I:I,B43) -> 0 | M43: =SUM(F43:K43) -> 0
B44: Dividends received from financial assets at FVOCI | F44: =SUMIFS('Cashflow Working'!$E$128:$DU$128,'Cashflow Working'!$E$130:$DU$130,'Consol (Cashflow)'!B44) -> 0 | J44: =SUMIFS('Acq of Subsidiary - BnC'!F:F,'Acq of Subsidiary - BnC'!B:B,B44) -> 0 | K44: =SUMIFS('Project Toffee'!J:J,'Project Toffee'!I:I,B44) -> 0 | M44: =SUM(F44:K44) -> 0
B45: Net cash used in investing activities | F45: =SUM(F37:F44) -> #NAME? | M45: =SUM(M37:M44) -> #NAME?
B48: Financing activities
B49: Proceeds from issue of shares | F49: =SUMIFS('Cashflow Working'!$E$128:$DU$128,'Cashflow Working'!$E$130:$DU$130,'Consol (Cashflow)'!B49) -> #NAME? | J49: =SUMIFS('Acq of Subsidiary - BnC'!F:F,'Acq of Subsidiary - BnC'!B:B,B49) -> 14260992 | K49: =SUMIFS('Project Toffee'!J:J,'Project Toffee'!I:I,B49) -> 16583037 | M49: =SUM(F49:K49) -> #NAME?
B50: Purchase of treasury shares | F50: =SUMIFS('Cashflow Working'!$E$128:$DU$128,'Cashflow Working'!$E$130:$DU$130,'Consol (Cashflow)'!B50) -> 0 | J50: =SUMIFS('Acq of Subsidiary - BnC'!F:F,'Acq of Subsidiary - BnC'!B:B,B50) -> 0 | K50: =SUMIFS('Project Toffee'!J:J,'Project Toffee'!I:I,B50) -> 0 | M50: =SUM(F50:K50) -> 0
B51: Proceeds from borrowings | F51: =SUMIFS('Cashflow Working'!$E$128:$DU$128,'Cashflow Working'!$E$130:$DU$130,'Consol (Cashflow)'!B51) -> #NAME? | J51: =SUMIFS('Acq of Subsidiary - BnC'!F:F,'Acq of Subsidiary - BnC'!B:B,B51) -> -2504246.6 | K51: =SUMIFS('Project Toffee'!J:J,'Project Toffee'!I:I,B51) -> 0 | M51: =SUM(F51:K51) -> #NAME?
B52: Repayment of borrowings | F52: =SUMIFS('Cashflow Working'!$E$128:$DU$128,'Cashflow Working'!$E$130:$DU$130,'Consol (Cashflow)'!B52) -> 0 | J52: =SUMIFS('Acq of Subsidiary - BnC'!F:F,'Acq of Subsidiary - BnC'!B:B,B52) -> 0 | K52: =SUMIFS('Project Toffee'!J:J,'Project Toffee'!I:I,B52) -> 0 | M52: =SUM(F52:K52) -> 0
B53: Repayment of obligations under leases | F53: =SUMIFS('Cashflow Working'!$E$128:$DU$128,'Cashflow Working'!$E$130:$DU$130,'Consol (Cashflow)'!B53) -> #NAME? | J53: =SUMIFS('Acq of Subsidiary - BnC'!F:F,'Acq of Subsidiary - BnC'!B:B,B53) -> -2852380.9 | K53: =SUMIFS('Project Toffee'!J:J,'Project Toffee'!I:I,B53) -> 0 | M53: =SUM(F53:K53) -> #NAME?
B54: Decrease in short-term deposits pledged | F54: =SUMIFS('Cashflow Working'!$E$128:$DU$128,'Cashflow Working'!$E$130:$DU$130,'Consol (Cashflow)'!B54) -> 0 | J54: =SUMIFS('Acq of Subsidiary - BnC'!F:F,'Acq of Subsidiary - BnC'!B:B,B54) -> 0 | K54: =SUMIFS('Project Toffee'!J:J,'Project Toffee'!I:I,B54) -> 0 | M54: =SUM(F54:K54) -> 0
B55: Dividends paid to owners of the parent | F55: =SUMIFS('Cashflow Working'!$E$128:$DU$128,'Cashflow Working'!$E$130:$DU$130,'Consol (Cashflow)'!B55) -> 0 | J55: =SUMIFS('Acq of Subsidiary - BnC'!F:F,'Acq of Subsidiary - BnC'!B:B,B55) -> 0 | K55: =SUMIFS('Project Toffee'!J:J,'Project Toffee'!I:I,B55) -> 0 | M55: =SUM(F55:K55) -> 0
B56: Interest paid | F56: =SUMIFS('Cashflow Working'!$E$128:$DU$128,'Cashflow Working'!$E$130:$DU$130,'Consol (Cashflow)'!B56) -> 0 | J56: =SUMIFS('Acq of Subsidiary - BnC'!F:F,'Acq of Subsidiary - BnC'!B:B,B56) -> 0 | K56: =SUMIFS('Project Toffee'!J:J,'Project Toffee'!I:I,B56) -> 0 | M56: =SUM(F56:K56) -> 0
B57: Net cash used in financing activities | F57: =SUM(F49:F56) -> #NAME? | M57: =SUM(M49:M56) -> #NAME?
B59: Net change in cash and cash equivalents | F59: =SUM(F8:F21)+F34+F45+F57 -> #NAME? | J59: =SUMIFS('Acq of Subsidiary - BnC'!F:F,'Acq of Subsidiary - BnC'!B:B,B59) -> 0 | K59: =SUMIFS('Project Toffee'!J:J,'Project Toffee'!I:I,B59) -> 0 | M59: =SUM(M8:M21)+M34+M45+M57 -> #NAME?
B60: Cash and cash equivalents at beginning of year | F60: =SUM('Cashflow Working'!E4:V4) -> 1989224.5 | J60: =SUMIFS('Acq of Subsidiary - BnC'!F:F,'Acq of Subsidiary - BnC'!B:B,B60) -> 0 | K60: =SUMIFS('Project Toffee'!J:J,'Project Toffee'!I:I,B60) -> 0 | M60: =SUM(F60:K60) -> 1989224.5
B61: Effect of foreign exchange rate changes on cash and cash equivalents
B62: Cash and cash equivalents at end of year | F62: =SUM(F59:F61) -> #NAME? | G62: check | H62: =SUM('Cashflow Working'!D6:D23)-F62 -> #NAME? | I62: =SUM(I5:I61) -> 0 | J62: =SUM(J5:J61) -> -2.7939677e-09 | K62: =SUM(K5:K61) -> 3.7252903e-09 | M62: =SUM(M59:M61) -> #NAME? | N62: check | O62: =SUM('Cashflow Working'!D6:D23)-M62 -> #NAME?

Sheet Cashflow Working
E2: 11110010 | F2: 11110020 | J2: 11120060 | K2: 11120061 | L2: 11120062 | M2: 11120080 | N2: 11120081 | O2: 11120082 | P2: 11120200 | W2: 11210010 | X2: 11210020 | Y2: 11210030 | AA2: 11210050 | AB2: 11210070 | AC2: 11210088 | AD2: 11210097 | AE2: 11210100 | AF2: 11219998 | AG2: 11219999 | AH2: 11310010 | AI2: 11310020 | AJ2: 11310030 | AK2: 11320010 | AL2: 11330010 | AM2: 11340010 | AN2: 11350030 | AP2: 11500010 | AR2: 11500030 | AS2: 11500040 | AU2: 11500045 | AV2: 11500060 | AW2: 11500066 | AX2: 11500070 | AZ2: 11500080 | BA2: 11500090 | BC2: 12200010 | BD2: 12500010 | BE2: 12500050 | BF2: 12500060 | BG2: 12500070 | BH2: 12500080 | BI2: 12500090 | BJ2: 12500100 | BK2: 12500110 | BL2: 12500120 | BM2: 12500130 | BN2: 12500140 | CF2: 12600010 | CG2: 12600040 | CH2: 12600050 | CI2: 21100010 | CJ2: 21100020 | CK2: 21100030 | CL2: 21100050 | CM2: 21200010 | CN2: 21200020 | CO2: 21200030 | CQ2: 21200050 | CV2: 21200100 | CX2: 21200150 | DA2: 21200170 | DB2: 21200180 | DC2: 21200190 | DD2: 21200200 | DE2: 22100010 | DF2: 22100020 | DG2: 22100040 | DL2: 22100100 | DM2: 22220010 | DO2: 31000010 | DP2: 31000020 | DQ2: 32000010
E3: HQ Petty Cash | F3: Outlet Cash Floats | G3: [BnC-3010] BnC Petty Cash | H3: [BnC-3010] BnC Spare Cash Float | I3: [BnC-3010] BnC Cash In POS | J3: DBS SGD Current A/C 1 | K3: DBS SGD Current A/C 1 - Incoming | L3: DBS SGD Current A/C 1 - Outgoing | M3: DBS USD Current A/C 1 | N3: DBS USD Current A/C 1 - Incoming | O3: DBS USD Current A/C 1 - Outgoing | P3: UOB SGD Current A/C 1 | Q3: [BnC-3010] BnC OCBC - SGD 641-102686-001 | R3: [BnC-3010] BnC SCB - SGD 0102 7994 23 | S3: [BnC-3010] BnC DBS - SGD 0720280067 | T3: [BnC-3010] BnC Ocbc - SGD 687239491001 | U3: [BnC-3010] BnC Paypal Account | V3: [BnC-3010] BnC UOB - SGD 3493328601 | W3: Trade Receivables Control: External | X3: Trade Receivables Control: Interco | Y3: Provn Doubtful Debts: Trade: External | Z3: [BnC-3000] BnC Trade Debtors | AA3: Translation: Trade Receivables: Externa | AB3: Unbilled Trade Receivables: External | AC3: Event Voucher (Redemption) | AD3: Eatigo Cash Voucher | AE3: Cash Float Exchange | AF3: Intersegment Clearing | AG3: Interco Clearing | AH3: Raw Materials | AI3: Beverages | AJ3: Alcohol | AK3: Work In Progress | AL3: Finished Goods Inventories | AM3: Trading Goods | AN3: Inventory: Packaging | AO3: [BnC-3060] BnC Closing Stock | AP3: Input GST Receivable | AQ3: [BnC-3090] BnC GST Input Tax | AR3: Grants Income Receivable | AS3: Prepayments | AT3: [BnC-3020] BnC Prepayment | AU3: Downpayment & Advance Payment | AV3: Deposits: Rental | AW3: Deposits: Utilities | AX3: Deposits: Others | AY3: [BnC-3020] BnC Deposit | AZ3: Recoverable: Interco | BA3: Recoverable: External | BB3: [BnC-3020] BnC Amount Owing By B&C Msia | BC3: Invt In Subsidiaries | BD3: Construction In-Progress | BE3: Leasehold Improvements | BF3: Accum Deprn: Leasehold Improvements | BG3: Office Furn & Fittings | BH3: Accum Deprn: Office Furn & Fittings | BI3: Office Equipment | BJ3: Accum Deprn: Office Equipment | BK3: Plant, Equipment & Boats | BL3: Accum Deprn: Plant, Equipment & Boats | BM3: Motor Vehicles | BN3: Accum Deprn: Motor Vehicles | BO3: [BnC-2B01] BnC Baking Equipment | BP3: [BnC-2B01] BnC Acc Depn-Baking Equipment | BQ3: [BnC-2C01] BnC Computer | BR3: [BnC-2C01] BnC Acc Depreciation - Computer | BS3: [BnC-2F01] BnC Furniture & Fitting | BT3: [BnC-2F01] BnC Acc Depn - Furniture & Fitting | BU3: [BnC-2I01] BnC Long Term Investment | BV3: [BnC-2K01] BnC Kitchen Equipment | BW3: [BnC-2O01] BnC Office Equipment | BX3: [BnC-2O01] BnC Acc Depreciation - Office Equipment | BY3: [BnC-2R01] BnC Renovation | BZ3: [BnC-2R01] BnC Acc Depn-Renovation | CA3: [BnC-2S01] BnC Software | CB3: [BnC-2S01] BnC Acc Depreciation - Software | CC3: [BnC-2T01] BnC Telephone And Cabling | CD3: [BnC-2T01] BnC Acc Depreciation - Telphone and Cabling | CE3: [BnC-3031] BnC Right Of Use | CF3: Goodwill from Acquisitions | CG3: Trademarks And Licences | CH3: Accum Amortn: Trademarks, Licences | CI3: Trade Payables Control: External | CJ3: Trade Payables Control: Interco | CK3: GR IR Clearing | CL3: Translation: Trade Payables: External | CM3: Non-Trade Payables Control: External | CN3: Non-Trade Payables Control: Interco | CO3: Translation: Non-Trade Payables Externa | CP3: [BnC-4000] BnC Trade Payables | CQ3: Accruals: Non-Trade | CR3: [BnC-4010] BnC Accrual | CS3: [BnC-4010] BnC CPF Payables | CT3: [BnC-4050] BnC Payroll Control | CU3: [BnC-4300] BnC Suspense Account | CV3: Deposits Received: Others | CW3: [BnC-3020] BnC Deposit Received | CX3: Output GST Payable | CY3: [BnC-4090] BnC GST Output Tax | CZ3: [BnC-4100] BnC GST Control Account | DA3: Other Payables | DB3: Provn For Deferred Income | DC3: Provn For Outlet Reinstatement Cost | DD3: Provn For Unutilised Leave | DE3: Bank: Term Loans | DF3: Bank: MML | DG3: Bank: Trust Receipts | DH3: [BnC-4012] BnC DBS Bridging Loan | DI3: [BnC-4011] BnC Lease Liability | DJ3: [BnC-4080] BnC Provision For Taxation | DK3: [BnC-4200] BnC Deferred Taxation | DL3: Shareholder Loans | DM3: Deferred Income Tax Liabilities | DN3: Non-Controlling Interest (NCI) | DO3: Ordinary Share Capital | DP3: Preference Share Capital | DQ3: Beginning Retained Earnings | DR3: [BnC-1000] BnC Share Capital | DS3: [BnC-1100] BnC Accumulated Profit / Loss | DT3: [BnC-7000] BnC Dividend Paid | DU3: Current Year Profit and Loss
E4: 0 | F4: 0 | G4: 0 | H4: 0 | I4: 0 | J4: 1987999.5 | K4: 0 | L4: 0 | M4: 0 | N4: 0 | O4: 0 | P4: 1224.97 | Q4: 0 | R4: 0 | S4: 0 | T4: 0 | U4: 0 | V4: 0 | W4: 0 | X4: 0 | Y4: 0 | Z4: 0 | AA4: 0 | AB4: 0 | AC4: 0 | AD4: 0 | AE4: 0 | AF4: 0 | AG4: 0 | AH4: 0 | AI4: 0 | AJ4: 0 | AK4: 0 | AL4: 0 | AM4: 0 | AN4: 0 | AO4: 0 | AP4: 127.4 | AQ4: 0 | AR4: 0 | AS4: 184498.02 | AT4: 0 | AU4: 0 | AV4: 0 | AW4: 0 | AX4: 0 | AY4: 0 | AZ4: 46820004 | BA4: 0 | BB4: 0 | BC4: 0 | BD4: 0 | BE4: 0 | BF4: 0 | BG4: 0 | BH4: 0 | BI4: 0 | BJ4: 0 | BK4: 0 | BL4: 0 | BM4: 0 | BN4: 0 | BO4: 0 | BP4: 0 | BQ4: 0 | BR4: 0 | BS4: 0 | BT4: 0 | BU4: 0 | BV4: 0 | BW4: 0 | BX4: 0 | BY4: 0 | BZ4: 0 | CA4: 0 | CB4: 0 | CC4: 0 | CD4: 0 | CE4: 0 | CF4: 0 | CG4: 0 | CH4: 0 | CI4: 0 | CJ4: -1947.4 | CK4: 0 | CL4: 0 | CM4: 0 | CN4: 0 | CO4: 0 | CP4: 0 | CQ4: -232689.42 | CR4: 0 | CS4: 0 | CT4: 0 | CU4: 0 | CV4: 0 | CW4: 0 | CX4: 0 | CY4: 0 | CZ4: 0 | DA4: 0 | DB4: 0 | DC4: 0 | DD4: 0 | DE4: 0 | DF4: 0 | DG4: 0 | DH4: 0 | DI4: 0 | DJ4: 0 | DK4: 0 | DL4: 0 | DM4: 0 | DN4: 0 | DO4: -48820004 | DP4: 0 | DQ4: 0 | DR4: 0 | DS4: 0 | DT4: 0 | DU4: 60786.92 | DW4: =SUM(E4:DU4) -> -1.7753337e-09
C5: FY21 Consol TB
C6: HQ Petty Cash | D6: =_xlfn.XLOOKUP(C6,'Consol (TB)'!C:C,'Consol (TB)'!L:L,VALUE("0"),0,1) -> #NAME? | E6: =E$4-$D6 -> #NAME?
C7: Outlet Cash Floats | D7: =_xlfn.XLOOKUP(C7,'Consol (TB)'!C:C,'Consol (TB)'!L:L,VALUE("0"),0,1) -> #NAME? | F7: =F$4-$D7 -> #NAME?
C8: [BnC-3010] BnC Petty Cash | D8: =_xlfn.XLOOKUP(C8,'Consol (TB)'!C:C,'Consol (TB)'!L:L,VALUE("0"),0,1) -> #NAME? | G8: =G$4-$D8 -> #NAME?
C9: [BnC-3010] BnC Spare Cash Float | D9: =_xlfn.XLOOKUP(C9,'Consol (TB)'!C:C,'Consol (TB)'!L:L,VALUE("0"),0,1) -> #NAME? | H9: =H$4-$D9 -> #NAME?
C10: [BnC-3010] BnC Cash In POS | D10: =_xlfn.XLOOKUP(C10,'Consol (TB)'!C:C,'Consol (TB)'!L:L,VALUE("0"),0,1) -> #NAME? | I10: =I$4-$D10 -> #NAME?
C11: DBS SGD Current A/C 1 | D11: =_xlfn.XLOOKUP(C11,'Consol (TB)'!C:C,'Consol (TB)'!L:L,VALUE("0"),0,1) -> #NAME? | J11: =J$4-$D11 -> #NAME?
C12: DBS SGD Current A/C 1 - Incoming | D12: =_xlfn.XLOOKUP(C12,'Consol (TB)'!C:C,'Consol (TB)'!L:L,VALUE("0"),0,1) -> #NAME? | K12: =K$4-$D12 -> #NAME?
C13: DBS SGD Current A/C 1 - Outgoing | D13: =_xlfn.XLOOKUP(C13,'Consol (TB)'!C:C,'Consol (TB)'!L:L,VALUE("0"),0,1) -> #NAME? | L13: =L$4-$D13 -> #NAME?
C14: DBS USD Current A/C 1 | D14: =_xlfn.XLOOKUP(C14,'Consol (TB)'!C:C,'Consol (TB)'!L:L,VALUE("0"),0,1) -> #NAME? | M14: =M$4-$D14 -> #NAME?
C15: DBS USD Current A/C 1 - Incoming | D15: =_xlfn.XLOOKUP(C15,'Consol (TB)'!C:C,'Consol (TB)'!L:L,VALUE("0"),0,1) -> #NAME? | N15: =N$4-$D15 -> #NAME?
C16: DBS USD Current A/C 1 - Outgoing | D16: =_xlfn.XLOOKUP(C16,'Consol (TB)'!C:C,'Consol (TB)'!L:L,VALUE("0"),0,1) -> #NAME? | O16: =O$4-$D16 -> #NAME?
C17: UOB SGD Current A/C 1 | D17: =_xlfn.XLOOKUP(C17,'Consol (TB)'!C:C,'Consol (TB)'!L:L,VALUE("0"),0,1) -> #NAME? | P17: =P$4-$D17 -> #NAME?
C18: [BnC-3010] BnC OCBC - SGD 641-102686-001 | D18: =_xlfn.XLOOKUP(C18,'Consol (TB)'!C:C,'Consol (TB)'!L:L,VALUE("0"),0,1) -> #NAME? | Q18: =Q$4-$D18 -> #NAME?
C19: [BnC-3010] BnC SCB - SGD 0102 7994 23 | D19: =_xlfn.XLOOKUP(C19,'Consol (TB)'!C:C,'Consol (TB)'!L:L,VALUE("0"),0,1) -> #NAME? | R19: =R$4-$D19 -> #NAME?
C20: [BnC-3010] BnC DBS - SGD 0720280067 | D20: =_xlfn.XLOOKUP(C20,'Consol (TB)'!C:C,'Consol (TB)'!L:L,VALUE("0"),0,1) -> #NAME? | S20: =S$4-$D20 -> #NAME?
C21: [BnC-3010] BnC Ocbc - SGD 687239491001 | D21: =_xlfn.XLOOKUP(C21,'Consol (TB)'!C:C,'Consol (TB)'!L:L,VALUE("0"),0,1) -> #NAME? | T21: =T$4-$D21 -> #NAME?
C22: [BnC-3010] BnC Paypal Account | D22: =_xlfn.XLOOKUP(C22,'Consol (TB)'!C:C,'Consol (TB)'!L:L,VALUE("0"),0,1) -> #NAME? | U22: =U$4-$D22 -> #NAME?
C23: [BnC-3010] BnC UOB - SGD 3493328601 | D23: =_xlfn.XLOOKUP(C23,'Consol (TB)'!C:C,'Consol (TB)'!L:L,VALUE("0"),0,1) -> #NAME? | V23: =V$4-$D23 -> #NAME?
C24: Trade Receivables Control: External | D24: =_xlfn.XLOOKUP(C24,'Consol (TB)'!C:C,'Consol (TB)'!L:L,VALUE("0"),0,1) -> #NAME? | W24: =W$4-$D24 -> #NAME?
C25: Trade Receivables Control: Interco | D25: =_xlfn.XLOOKUP(C25,'Consol (TB)'!C:C,'Consol (TB)'!L:L,VALUE("0"),0,1) -> #NAME? | X25: =X$4-$D25 -> #NAME?
C26: Provn Doubtful Debts: Trade: External | D26: =_xlfn.XLOOKUP(C26,'Consol (TB)'!C:C,'Consol (TB)'!L:L,VALUE("0"),0,1) -> #NAME? | Y26: =Y$4-$D26 -> #NAME?
C27: [BnC-3000] BnC Trade Debtors | D27: =_xlfn.XLOOKUP(C27,'Consol (TB)'!C:C,'Consol (TB)'!L:L,VALUE("0"),0,1) -> #NAME? | Z27: =Z$4-$D27 -> #NAME?
C28: Translation: Trade Receivables: Externa | D28: =_xlfn.XLOOKUP(C28,'Consol (TB)'!C:C,'Consol (TB)'!L:L,VALUE("0"),0,1) -> #NAME? | AA28: =AA$4-$D28 -> #NAME?
C29: Unbilled Trade Receivables: External | D29: =_xlfn.XLOOKUP(C29,'Consol (TB)'!C:C,'Consol (TB)'!L:L,VALUE("0"),0,1) -> #NAME? | AB29: =AB$4-$D29 -> #NAME?
C30: Event Voucher (Redemption) | D30: =_xlfn.XLOOKUP(C30,'Consol (TB)'!C:C,'Consol (TB)'!L:L,VALUE("0"),0,1) -> #NAME? | AC30: =AC$4-$D30 -> #NAME?
C31: Eatigo Cash Voucher | D31: =_xlfn.XLOOKUP(C31,'Consol (TB)'!C:C,'Consol (TB)'!L:L,VALUE("0"),0,1) -> #NAME? | AD31: =AD$4-$D31 -> #NAME?
C32: Cash Float Exchange | D32: =_xlfn.XLOOKUP(C32,'Consol (TB)'!C:C,'Consol (TB)'!L:L,VALUE("0"),0,1) -> #NAME? | AE32: =AE$4-$D32 -> #NAME?
C33: Intersegment Clearing | D33: =_xlfn.XLOOKUP(C33,'Consol (TB)'!C:C,'Consol (TB)'!L:L,VALUE("0"),0,1) -> #NAME? | AF33: =AF$4-$D33 -> #NAME?
C34: Interco Clearing | D34: =_xlfn.XLOOKUP(C34,'Consol (TB)'!C:C,'Consol (TB)'!L:L,VALUE("0"),0,1) -> #NAME? | AG34: =AG$4-$D34 -> #NAME?
C35: Raw Materials | D35: =_xlfn.XLOOKUP(C35,'Consol (TB)'!C:C,'Consol (TB)'!L:L,VALUE("0"),0,1) -> #NAME? | AH35: =AH$4-$D35 -> #NAME?
C36: Beverages | D36: =_xlfn.XLOOKUP(C36,'Consol (TB)'!C:C,'Consol (TB)'!L:L,VALUE("0"),0,1) -> #NAME? | AI36: =AI$4-$D36 -> #NAME?
C37: Alcohol | D37: =_xlfn.XLOOKUP(C37,'Consol (TB)'!C:C,'Consol (TB)'!L:L,VALUE("0"),0,1) -> #NAME? | AJ37: =AJ$4-$D37 -> #NAME?
C38: Work In Progress | D38: =_xlfn.XLOOKUP(C38,'Consol (TB)'!C:C,'Consol (TB)'!L:L,VALUE("0"),0,1) -> #NAME? | AK38: =AK$4-$D38 -> #NAME?
C39: Finished Goods Inventories | D39: =_xlfn.XLOOKUP(C39,'Consol (TB)'!C:C,'Consol (TB)'!L:L,VALUE("0"),0,1) -> #NAME? | AL39: =AL$4-$D39 -> #NAME?
C40: Trading Goods | D40: =_xlfn.XLOOKUP(C40,'Consol (TB)'!C:C,'Consol (TB)'!L:L,VALUE("0"),0,1) -> #NAME? | AM40: =AM$4-$D40 -> #NAME?
C41: Inventory: Packaging | D41: =_xlfn.XLOOKUP(C41,'Consol (TB)'!C:C,'Consol (TB)'!L:L,VALUE("0"),0,1) -> #NAME? | AN41: =AN$4-$D41 -> #NAME?
C42: [BnC-3060] BnC Closing Stock | D42: =_xlfn.XLOOKUP(C42,'Consol (TB)'!C:C,'Consol (TB)'!L:L,VALUE("0"),0,1) -> #NAME? | AO42: =AO$4-$D42 -> #NAME?
C43: Input GST Receivable | D43: =_xlfn.XLOOKUP(C43,'Consol (TB)'!C:C,'Consol (TB)'!L:L,VALUE("0"),0,1) -> #NAME? | AP43: =AP$4-$D43 -> #NAME?
C44: [BnC-3090] BnC GST Input Tax | D44: =_xlfn.XLOOKUP(C44,'Consol (TB)'!C:C,'Consol (TB)'!L:L,VALUE("0"),0,1) -> #NAME? | AQ44: =AQ$4-$D44 -> #NAME?
C45: Grants Income Receivable | D45: =_xlfn.XLOOKUP(C45,'Consol (TB)'!C:C,'Consol (TB)'!L:L,VALUE("0"),0,1) -> #NAME? | AR45: =AR$4-$D45 -> #NAME?
C46: Prepayments | D46: =_xlfn.XLOOKUP(C46,'Consol (TB)'!C:C,'Consol (TB)'!L:L,VALUE("0"),0,1) -> #NAME? | AS46: =AS$4-$D46 -> #NAME?
C47: [BnC-3020] BnC Prepayment | D47: =_xlfn.XLOOKUP(C47,'Consol (TB)'!C:C,'Consol (TB)'!L:L,VALUE("0"),0,1) -> #NAME? | AT47: =AT$4-$D47 -> #NAME?
C48: Downpayment & Advance Payment | D48: =_xlfn.XLOOKUP(C48,'Consol (TB)'!C:C,'Consol (TB)'!L:L,VALUE("0"),0,1) -> #NAME? | AU48: =AU$4-$D48 -> #NAME?
C49: Deposits: Rental | D49: =_xlfn.XLOOKUP(C49,'Consol (TB)'!C:C,'Consol (TB)'!L:L,VALUE("0"),0,1) -> #NAME? | AV49: =AV$4-$D49 -> #NAME?
C50: Deposits: Utilities | D50: =_xlfn.XLOOKUP(C50,'Consol (TB)'!C:C,'Consol (TB)'!L:L,VALUE("0"),0,1) -> #NAME? | AW50: =AW$4-$D50 -> #NAME?
C51: Deposits: Others | D51: =_xlfn.XLOOKUP(C51,'Consol (TB)'!C:C,'Consol (TB)'!L:L,VALUE("0"),0,1) -> #NAME? | AX51: =AX$4-$D51 -> #NAME?
C52: [BnC-3020] BnC Deposit | D52: =_xlfn.XLOOKUP(C52,'Consol (TB)'!C:C,'Consol (TB)'!L:L,VALUE("0"),0,1) -> #NAME? | AY52: =AY$4-$D52 -> #NAME?
C53: Recoverable: Interco | D53: =_xlfn.XLOOKUP(C53,'Consol (TB)'!C:C,'Consol (TB)'!L:L,VALUE("0"),0,1) -> #NAME? | AZ53: =AZ$4-$D53 -> #NAME?
C54: Recoverable: External | D54: =_xlfn.XLOOKUP(C54,'Consol (TB)'!C:C,'Consol (TB)'!L:L,VALUE("0"),0,1) -> #NAME? | BA54: =BA$4-$D54 -> #NAME?
C55: [BnC-3020] BnC Amount Owing By B&C Msia | D55: =_xlfn.XLOOKUP(C55,'Consol (TB)'!C:C,'Consol (TB)'!L:L,VALUE("0"),0,1) -> #NAME? | BB55: =BB$4-$D55 -> #NAME?
C56: Invt In Subsidiaries | D56: =_xlfn.XLOOKUP(C56,'Consol (TB)'!C:C,'Consol (TB)'!L:L,VALUE("0"),0,1) -> #NAME? | BC56: =BC$4-$D56 -> #NAME?
C57: Construction In-Progress | D57: =_xlfn.XLOOKUP(C57,'Consol (TB)'!C:C,'Consol (TB)'!L:L,VALUE("0"),0,1) -> #NAME? | BD57: =BD$4-$D57 -> #NAME?
C58: Leasehold Improvements | D58: =_xlfn.XLOOKUP(C58,'Consol (TB)'!C:C,'Consol (TB)'!L:L,VALUE("0"),0,1) -> #NAME? | BE58: =BE$4-$D58 -> #NAME?
C59: Accum Deprn: Leasehold Improvements | D59: =_xlfn.XLOOKUP(C59,'Consol (TB)'!C:C,'Consol (TB)'!L:L,VALUE("0"),0,1) -> #NAME? | BF59: =BF$4-$D59 -> #NAME?
C60: Office Furn & Fittings | D60: =_xlfn.XLOOKUP(C60,'Consol (TB)'!C:C,'Consol (TB)'!L:L,VALUE("0"),0,1) -> #NAME? | BG60: =BG$4-$D60 -> #NAME?
C61: Accum Deprn: Office Furn & Fittings | D61: =_xlfn.XLOOKUP(C61,'Consol (TB)'!C:C,'Consol (TB)'!L:L,VALUE("0"),0,1) -> #NAME? | BH61: =BH$4-$D61 -> #NAME?
C62: Office Equipment | D62: =_xlfn.XLOOKUP(C62,'Consol (TB)'!C:C,'Consol (TB)'!L:L,VALUE("0"),0,1) -> #NAME? | BI62: =BI$4-$D62 -> #NAME?
C63: Accum Deprn: Office Equipment | D63: =_xlfn.XLOOKUP(C63,'Consol (TB)'!C:C,'Consol (TB)'!L:L,VALUE("0"),0,1) -> #NAME? | BJ63: =BJ$4-$D63 -> #NAME?
C64: Plant, Equipment & Boats | D64: =_xlfn.XLOOKUP(C64,'Consol (TB)'!C:C,'Consol (TB)'!L:L,VALUE("0"),0,1) -> #NAME? | BK64: =BK$4-$D64 -> #NAME?
C65: Accum Deprn: Plant, Equipment & Boats | D65: =_xlfn.XLOOKUP(C65,'Consol (TB)'!C:C,'Consol (TB)'!L:L,VALUE("0"),0,1) -> #NAME? | BL65: =BL$4-$D65 -> #NAME?
C66: Motor Vehicles | D66: =_xlfn.XLOOKUP(C66,'Consol (TB)'!C:C,'Consol (TB)'!L:L,VALUE("0"),0,1) -> #NAME? | BM66: =BM$4-$D66 -> #NAME?
C67: Accum Deprn: Motor Vehicles | D67: =_xlfn.XLOOKUP(C67,'Consol (TB)'!C:C,'Consol (TB)'!L:L,VALUE("0"),0,1) -> #NAME? | BN67: =BN$4-$D67 -> #NAME?
C68: [BnC-2B01] BnC Baking Equipment | D68: =_xlfn.XLOOKUP(C68,'Consol (TB)'!C:C,'Consol (TB)'!L:L,VALUE("0"),0,1) -> #NAME? | BO68: =BO$4-$D68 -> #NAME?
C69: [BnC-2B01] BnC Acc Depn-Baking Equipment | D69: =_xlfn.XLOOKUP(C69,'Consol (TB)'!C:C,'Consol (TB)'!L:L,VALUE("0"),0,1) -> #NAME? | BP69: =BP$4-$D69 -> #NAME?
C70: [BnC-2C01] BnC Computer | D70: =_xlfn.XLOOKUP(C70,'Consol (TB)'!C:C,'Consol (TB)'!L:L,VALUE("0"),0,1) -> #NAME? | BQ70: =BQ$4-$D70 -> #NAME?
C71: [BnC-2C01] BnC Acc Depreciation - Computer | D71: =_xlfn.XLOOKUP(C71,'Consol (TB)'!C:C,'Consol (TB)'!L:L,VALUE("0"),0,1) -> #NAME? | BR71: =BR$4-$D71 -> #NAME?
C72: [BnC-2F01] BnC Furniture & Fitting | D72: =_xlfn.XLOOKUP(C72,'Consol (TB)'!C:C,'Consol (TB)'!L:L,VALUE("0"),0,1) -> #NAME? | BS72: =BS$4-$D72 -> #NAME?
C73: [BnC-2F01] BnC Acc Depn - Furniture & Fitting | D73: =_xlfn.XLOOKUP(C73,'Consol (TB)'!C:C,'Consol (TB)'!L:L,VALUE("0"),0,1) -> #NAME? | BT73: =BT$4-$D73 -> #NAME?
C74: [BnC-2I01] BnC Long Term Investment | D74: =_xlfn.XLOOKUP(C74,'Consol (TB)'!C:C,'Consol (TB)'!L:L,VALUE("0"),0,1) -> #NAME? | BU74: =BU$4-$D74 -> #NAME?
C75: [BnC-2K01] BnC Kitchen Equipment | D75: =_xlfn.XLOOKUP(C75,'Consol (TB)'!C:C,'Consol (TB)'!L:L,VALUE("0"),0,1) -> #NAME? | BV75: =BV$4-$D75 -> #NAME?
C76: [BnC-2O01] BnC Office Equipment | D76: =_xlfn.XLOOKUP(C76,'Consol (TB)'!C:C,'Consol (TB)'!L:L,VALUE("0"),0,1) -> #NAME? | BW76: =BW$4-$D76 -> #NAME?
C77: [BnC-2O01] BnC Acc Depreciation - Office Equipment | D77: =_xlfn.XLOOKUP(C77,'Consol (TB)'!C:C,'Consol (TB)'!L:L,VALUE("0"),0,1) -> #NAME? | BX77: =BX$4-$D77 -> #NAME?
C78: [BnC-2R01] BnC Renovation | D78: =_xlfn.XLOOKUP(C78,'Consol (TB)'!C:C,'Consol (TB)'!L:L,VALUE("0"),0,1) -> #NAME? | BY78: =BY$4-$D78 -> #NAME?
C79: [BnC-2R01] BnC Acc Depn-Renovation | D79: =_xlfn.XLOOKUP(C79,'Consol (TB)'!C:C,'Consol (TB)'!L:L,VALUE("0"),0,1) -> #NAME? | BZ79: =BZ$4-$D79 -> #NAME?
C80: [BnC-2S01] BnC Software | D80: =_xlfn.XLOOKUP(C80,'Consol (TB)'!C:C,'Consol (TB)'!L:L,VALUE("0"),0,1) -> #NAME? | CA80: =CA$4-$D80 -> #NAME?
C81: [BnC-2S01] BnC Acc Depreciation - Software | D81: =_xlfn.XLOOKUP(C81,'Consol (TB)'!C:C,'Consol (TB)'!L:L,VALUE("0"),0,1) -> #NAME? | CB81: =CB$4-$D81 -> #NAME?
C82: [BnC-2T01] BnC Telephone And Cabling | D82: =_xlfn.XLOOKUP(C82,'Consol (TB)'!C:C,'Consol (TB)'!L:L,VALUE("0"),0,1) -> #NAME? | CC82: =CC$4-$D82 -> #NAME?
C83: [BnC-2T01] BnC Acc Depreciation - Telphone and Cabling | D83: =_xlfn.XLOOKUP(C83,'Consol (TB)'!C:C,'Consol (TB)'!L:L,VALUE("0"),0,1) -> #NAME? | CD83: =CD$4-$D83 -> #NAME?
C84: [BnC-3031] BnC Right Of Use | D84: =_xlfn.XLOOKUP(C84,'Consol (TB)'!C:C,'Consol (TB)'!L:L,VALUE("0"),0,1) -> #NAME? | CE84: =CE$4-$D84 -> #NAME?
C85: Goodwill from Acquisitions | D85: =_xlfn.XLOOKUP(C85,'Consol (TB)'!C:C,'Consol (TB)'!L:L,VALUE("0"),0,1) -> #NAME? | CF85: =CF$4-$D85 -> #NAME?
C86: Trademarks And Licences | D86: =_xlfn.XLOOKUP(C86,'Consol (TB)'!C:C,'Consol (TB)'!L:L,VALUE("0"),0,1) -> #NAME? | CG86: =CG$4-$D86 -> #NAME?
C87: Accum Amortn: Trademarks, Licences | D87: =_xlfn.XLOOKUP(C87,'Consol (TB)'!C:C,'Consol (TB)'!L:L,VALUE("0"),0,1) -> #NAME? | CH87: =CH$4-$D87 -> #NAME?
C88: Trade Payables Control: External | D88: =_xlfn.XLOOKUP(C88,'Consol (TB)'!C:C,'Consol (TB)'!L:L,VALUE("0"),0,1) -> #NAME? | CI88: =CI$4-$D88 -> #NAME?
C89: Trade Payables Control: Interco | D89: =_xlfn.XLOOKUP(C89,'Consol (TB)'!C:C,'Consol (TB)'!L:L,VALUE("0"),0,1) -> #NAME? | CJ89: =CJ$4-$D89 -> #NAME?
C90: GR IR Clearing | D90: =_xlfn.XLOOKUP(C90,'Consol (TB)'!C:C,'Consol (TB)'!L:L,VALUE("0"),0,1) -> #NAME? | CK90: =CK$4-$D90 -> #NAME?
C91: Translation: Trade Payables: External | D91: =_xlfn.XLOOKUP(C91,'Consol (TB)'!C:C,'Consol (TB)'!L:L,VALUE("0"),0,1) -> #NAME? | CL91: =CL$4-$D91 -> #NAME?
C92: Non-Trade Payables Control: External | D92: =_xlfn.XLOOKUP(C92,'Consol (TB)'!C:C,'Consol (TB)'!L:L,VALUE("0"),0,1) -> #NAME? | CM92: =CM$4-$D92 -> #NAME?
C93: Non-Trade Payables Control: Interco | D93: =_xlfn.XLOOKUP(C93,'Consol (TB)'!C:C,'Consol (TB)'!L:L,VALUE("0"),0,1) -> #NAME? | CN93: =CN$4-$D93 -> #NAME?
C94: Translation: Non-Trade Payables Externa | D94: =_xlfn.XLOOKUP(C94,'Consol (TB)'!C:C,'Consol (TB)'!L:L,VALUE("0"),0,1) -> #NAME? | CO94: =CO$4-$D94 -> #NAME?
C95: [BnC-4000] BnC Trade Payables | D95: =_xlfn.XLOOKUP(C95,'Consol (TB)'!C:C,'Consol (TB)'!L:L,VALUE("0"),0,1) -> #NAME? | CP95: =CP$4-$D95 -> #NAME?
C96: Accruals: Non-Trade | D96: =_xlfn.XLOOKUP(C96,'Consol (TB)'!C:C,'Consol (TB)'!L:L,VALUE("0"),0,1) -> #NAME? | CQ96: =CQ$4-$D96 -> #NAME?
C97: [BnC-4010] BnC Accrual | D97: =_xlfn.XLOOKUP(C97,'Consol (TB)'!C:C,'Consol (TB)'!L:L,VALUE("0"),0,1) -> #NAME? | CR97: =CR$4-$D97 -> #NAME?
C98: [BnC-4010] BnC CPF Payables | D98: =_xlfn.XLOOKUP(C98,'Consol (TB)'!C:C,'Consol (TB)'!L:L,VALUE("0"),0,1) -> #NAME? | CS98: =CS$4-$D98 -> #NAME?
C99: [BnC-4050] BnC Payroll Control | D99: =_xlfn.XLOOKUP(C99,'Consol (TB)'!C:C,'Consol (TB)'!L:L,VALUE("0"),0,1) -> #NAME? | CT99: =CT$4-$D99 -> #NAME?
C100: [BnC-4300] BnC Suspense Account | D100: =_xlfn.XLOOKUP(C100,'Consol (TB)'!C:C,'Consol (TB)'!L:L,VALUE("0"),0,1) -> #NAME? | CU100: =CU$4-$D100 -> #NAME?
C101: Deposits Received: Others | D101: =_xlfn.XLOOKUP(C101,'Consol (TB)'!C:C,'Consol (TB)'!L:L,VALUE("0"),0,1) -> #NAME? | CV101: =CV$4-$D101 -> #NAME?
...

Sheet Cashflow Working (Check)
A5: GL | B5: GL Name | C5: TB FY21 - CWC | D5: TB FY21 - BnC | E5: Cashflow Map | F5: FY20 | G5: FY21 | H5: Adj | I5: Cashflow (Before adj)
B6: HQ Petty Cash | C6: =_xlfn.XLOOKUP(B6,'Consol (TB)'!C:C,'Consol (TB)'!F:F,VALUE("0"),0,1) -> #NAME? | D6: =_xlfn.XLOOKUP(B6,'Consol (TB)'!C:C,'Consol (TB)'!H:H,VALUE("0"),0,1) -> #NAME? | F6: =_xlfn.XLOOKUP(B6,'Cashflow Working'!$3:$3,'Cashflow Working'!$4:$4,VALUE("0"),0,1) -> #NAME? | G6: =_xlfn.XLOOKUP(B6,'Cashflow Working'!$C:$C,'Cashflow Working'!$D:$D,VALUE("0"),0,1) -> #NAME? | I6: =F6-G6+H6 -> #NAME?
B7: Outlet Cash Floats | C7: =_xlfn.XLOOKUP(B7,'Consol (TB)'!C:C,'Consol (TB)'!F:F,VALUE("0"),0,1) -> #NAME? | D7: =_xlfn.XLOOKUP(B7,'Consol (TB)'!C:C,'Consol (TB)'!H:H,VALUE("0"),0,1) -> #NAME? | F7: =_xlfn.XLOOKUP(B7,'Cashflow Working'!$3:$3,'Cashflow Working'!$4:$4,VALUE("0"),0,1) -> #NAME? | G7: =_xlfn.XLOOKUP(B7,'Cashflow Working'!$C:$C,'Cashflow Working'!$D:$D,VALUE("0"),0,1) -> #NAME? | I7: =F7-G7+H7 -> #NAME?
B8: [BnC-3010] BnC Petty Cash | C8: =_xlfn.XLOOKUP(B8,'Consol (TB)'!C:C,'Consol (TB)'!F:F,VALUE("0"),0,1) -> #NAME? | D8: =_xlfn.XLOOKUP(B8,'Consol (TB)'!C:C,'Consol (TB)'!H:H,VALUE("0"),0,1) -> #NAME? | F8: =_xlfn.XLOOKUP(B8,'Cashflow Working'!$3:$3,'Cashflow Working'!$4:$4,VALUE("0"),0,1) -> #NAME? | G8: =_xlfn.XLOOKUP(B8,'Cashflow Working'!$C:$C,'Cashflow Working'!$D:$D,VALUE("0"),0,1) -> #NAME? | I8: =F8-G8+H8 -> #NAME?
B9: [BnC-3010] BnC Spare Cash Float | C9: =_xlfn.XLOOKUP(B9,'Consol (TB)'!C:C,'Consol (TB)'!F:F,VALUE("0"),0,1) -> #NAME? | D9: =_xlfn.XLOOKUP(B9,'Consol (TB)'!C:C,'Consol (TB)'!H:H,VALUE("0"),0,1) -> #NAME? | F9: =_xlfn.XLOOKUP(B9,'Cashflow Working'!$3:$3,'Cashflow Working'!$4:$4,VALUE("0"),0,1) -> #NAME? | G9: =_xlfn.XLOOKUP(B9,'Cashflow Working'!$C:$C,'Cashflow Working'!$D:$D,VALUE("0"),0,1) -> #NAME? | I9: =F9-G9+H9 -> #NAME?
B10: [BnC-3010] BnC Cash In POS | C10: =_xlfn.XLOOKUP(B10,'Consol (TB)'!C:C,'Consol (TB)'!F:F,VALUE("0"),0,1) -> #NAME? | D10: =_xlfn.XLOOKUP(B10,'Consol (TB)'!C:C,'Consol (TB)'!H:H,VALUE("0"),0,1) -> #NAME? | F10: =_xlfn.XLOOKUP(B10,'Cashflow Working'!$3:$3,'Cashflow Working'!$4:$4,VALUE("0"),0,1) -> #NAME? | G10: =_xlfn.XLOOKUP(B10,'Cashflow Working'!$C:$C,'Cashflow Working'!$D:$D,VALUE("0"),0,1) -> #NAME? | I10: =F10-G10+H10 -> #NAME?
A11: 11120060 | B11: DBS SGD Current A/C 1 | C11: =_xlfn.XLOOKUP(B11,'Consol (TB)'!C:C,'Consol (TB)'!F:F,VALUE("0"),0,1) -> #NAME? | D11: =_xlfn.XLOOKUP(B11,'Consol (TB)'!C:C,'Consol (TB)'!H:H,VALUE("0"),0,1) -> #NAME? | F11: =_xlfn.XLOOKUP(B11,'Cashflow Working'!$3:$3,'Cashflow Working'!$4:$4,VALUE("0"),0,1) -> #NAME? | G11: =_xlfn.XLOOKUP(B11,'Cashflow Working'!$C:$C,'Cashflow Working'!$D:$D,VALUE("0"),0,1) -> #NAME? | I11: =F11-G11+H11 -> #NAME?
A12: 11120061 | B12: DBS SGD Current A/C 1 - Incoming | C12: =_xlfn.XLOOKUP(B12,'Consol (TB)'!C:C,'Consol (TB)'!F:F,VALUE("0"),0,1) -> #NAME? | D12: =_xlfn.XLOOKUP(B12,'Consol (TB)'!C:C,'Consol (TB)'!H:H,VALUE("0"),0,1) -> #NAME? | E12: [BnC-3010] BnC Petty Cash | F12: =_xlfn.XLOOKUP(B12,'Cashflow Working'!$3:$3,'Cashflow Working'!$4:$4,VALUE("0"),0,1) -> #NAME? | G12: =_xlfn.XLOOKUP(B12,'Cashflow Working'!$C:$C,'Cashflow Working'!$D:$D,VALUE("0"),0,1) -> #NAME? | I12: =F12-G12+H12 -> #NAME?
A13: 11120062 | B13: DBS SGD Current A/C 1 - Outgoing | C13: =_xlfn.XLOOKUP(B13,'Consol (TB)'!C:C,'Consol (TB)'!F:F,VALUE("0"),0,1) -> #NAME? | D13: =_xlfn.XLOOKUP(B13,'Consol (TB)'!C:C,'Consol (TB)'!H:H,VALUE("0"),0,1) -> #NAME? | F13: =_xlfn.XLOOKUP(B13,'Cashflow Working'!$3:$3,'Cashflow Working'!$4:$4,VALUE("0"),0,1) -> #NAME? | G13: =_xlfn.XLOOKUP(B13,'Cashflow Working'!$C:$C,'Cashflow Working'!$D:$D,VALUE("0"),0,1) -> #NAME? | I13: =F13-G13+H13 -> #NAME?
A14: 11120080 | B14: DBS USD Current A/C 1 | C14: =_xlfn.XLOOKUP(B14,'Consol (TB)'!C:C,'Consol (TB)'!F:F,VALUE("0"),0,1) -> #NAME? | D14: =_xlfn.XLOOKUP(B14,'Consol (TB)'!C:C,'Consol (TB)'!H:H,VALUE("0"),0,1) -> #NAME? | F14: =_xlfn.XLOOKUP(B14,'Cashflow Working'!$3:$3,'Cashflow Working'!$4:$4,VALUE("0"),0,1) -> #NAME? | G14: =_xlfn.XLOOKUP(B14,'Cashflow Working'!$C:$C,'Cashflow Working'!$D:$D,VALUE("0"),0,1) -> #NAME? | I14: =F14-G14+H14 -> #NAME?
A15: 11120081 | B15: DBS USD Current A/C 1 - Incoming | C15: =_xlfn.XLOOKUP(B15,'Consol (TB)'!C:C,'Consol (TB)'!F:F,VALUE("0"),0,1) -> #NAME? | D15: =_xlfn.XLOOKUP(B15,'Consol (TB)'!C:C,'Consol (TB)'!H:H,VALUE("0"),0,1) -> #NAME? | F15: =_xlfn.XLOOKUP(B15,'Cashflow Working'!$3:$3,'Cashflow Working'!$4:$4,VALUE("0"),0,1) -> #NAME? | G15: =_xlfn.XLOOKUP(B15,'Cashflow Working'!$C:$C,'Cashflow Working'!$D:$D,VALUE("0"),0,1) -> #NAME? | I15: =F15-G15+H15 -> #NAME?
A16: 11120082 | B16: DBS USD Current A/C 1 - Outgoing | C16: =_xlfn.XLOOKUP(B16,'Consol (TB)'!C:C,'Consol (TB)'!F:F,VALUE("0"),0,1) -> #NAME? | D16: =_xlfn.XLOOKUP(B16,'Consol (TB)'!C:C,'Consol (TB)'!H:H,VALUE("0"),0,1) -> #NAME? | F16: =_xlfn.XLOOKUP(B16,'Cashflow Working'!$3:$3,'Cashflow Working'!$4:$4,VALUE("0"),0,1) -> #NAME? | G16: =_xlfn.XLOOKUP(B16,'Cashflow Working'!$C:$C,'Cashflow Working'!$D:$D,VALUE("0"),0,1) -> #NAME? | I16: =F16-G16+H16 -> #NAME?
A17: 11120200 | B17: UOB SGD Current A/C 1 | C17: =_xlfn.XLOOKUP(B17,'Consol (TB)'!C:C,'Consol (TB)'!F:F,VALUE("0"),0,1) -> #NAME? | D17: =_xlfn.XLOOKUP(B17,'Consol (TB)'!C:C,'Consol (TB)'!H:H,VALUE("0"),0,1) -> #NAME? | F17: =_xlfn.XLOOKUP(B17,'Cashflow Working'!$3:$3,'Cashflow Working'!$4:$4,VALUE("0"),0,1) -> #NAME? | G17: =_xlfn.XLOOKUP(B17,'Cashflow Working'!$C:$C,'Cashflow Working'!$D:$D,VALUE("0"),0,1) -> #NAME? | I17: =F17-G17+H17 -> #NAME?
B18: [BnC-3010] BnC OCBC - SGD 641-102686-001 | C18: =_xlfn.XLOOKUP(B18,'Consol (TB)'!C:C,'Consol (TB)'!F:F,VALUE("0"),0,1) -> #NAME? | D18: =_xlfn.XLOOKUP(B18,'Consol (TB)'!C:C,'Consol (TB)'!H:H,VALUE("0"),0,1) -> #NAME? | F18: =_xlfn.XLOOKUP(B18,'Cashflow Working'!$3:$3,'Cashflow Working'!$4:$4,VALUE("0"),0,1) -> #NAME? | G18: =_xlfn.XLOOKUP(B18,'Cashflow Working'!$C:$C,'Cashflow Working'!$D:$D,VALUE("0"),0,1) -> #NAME? | I18: =F18-G18+H18 -> #NAME?
B19: [BnC-3010] BnC SCB - SGD 0102 7994 23 | C19: =_xlfn.XLOOKUP(B19,'Consol (TB)'!C:C,'Consol (TB)'!F:F,VALUE("0"),0,1) -> #NAME? | D19: =_xlfn.XLOOKUP(B19,'Consol (TB)'!C:C,'Consol (TB)'!H:H,VALUE("0"),0,1) -> #NAME? | F19: =_xlfn.XLOOKUP(B19,'Cashflow Working'!$3:$3,'Cashflow Working'!$4:$4,VALUE("0"),0,1) -> #NAME? | G19: =_xlfn.XLOOKUP(B19,'Cashflow Working'!$C:$C,'Cashflow Working'!$D:$D,VALUE("0"),0,1) -> #NAME? | I19: =F19-G19+H19 -> #NAME?
B20: [BnC-3010] BnC DBS - SGD 0720280067 | C20: =_xlfn.XLOOKUP(B20,'Consol (TB)'!C:C,'Consol (TB)'!F:F,VALUE("0"),0,1) -> #NAME? | D20: =_xlfn.XLOOKUP(B20,'Consol (TB)'!C:C,'Consol (TB)'!H:H,VALUE("0"),0,1) -> #NAME? | F20: =_xlfn.XLOOKUP(B20,'Cashflow Working'!$3:$3,'Cashflow Working'!$4:$4,VALUE("0"),0,1) -> #NAME? | G20: =_xlfn.XLOOKUP(B20,'Cashflow Working'!$C:$C,'Cashflow Working'!$D:$D,VALUE("0"),0,1) -> #NAME? | I20: =F20-G20+H20 -> #NAME?
B21: [BnC-3010] BnC Ocbc - SGD 687239491001 | C21: =_xlfn.XLOOKUP(B21,'Consol (TB)'!C:C,'Consol (TB)'!F:F,VALUE("0"),0,1) -> #NAME? | D21: =_xlfn.XLOOKUP(B21,'Consol (TB)'!C:C,'Consol (TB)'!H:H,VALUE("0"),0,1) -> #NAME? | F21: =_xlfn.XLOOKUP(B21,'Cashflow Working'!$3:$3,'Cashflow Working'!$4:$4,VALUE("0"),0,1) -> #NAME? | G21: =_xlfn.XLOOKUP(B21,'Cashflow Working'!$C:$C,'Cashflow Working'!$D:$D,VALUE("0"),0,1) -> #NAME? | I21: =F21-G21+H21 -> #NAME?
B22: [BnC-3010] BnC Paypal Account | C22: =_xlfn.XLOOKUP(B22,'Consol (TB)'!C:C,'Consol (TB)'!F:F,VALUE("0"),0,1) -> #NAME? | D22: =_xlfn.XLOOKUP(B22,'Consol (TB)'!C:C,'Consol (TB)'!H:H,VALUE("0"),0,1) -> #NAME? | F22: =_xlfn.XLOOKUP(B22,'Cashflow Working'!$3:$3,'Cashflow Working'!$4:$4,VALUE("0"),0,1) -> #NAME? | G22: =_xlfn.XLOOKUP(B22,'Cashflow Working'!$C:$C,'Cashflow Working'!$D:$D,VALUE("0"),0,1) -> #NAME? | I22: =F22-G22+H22 -> #NAME?
B23: [BnC-3010] BnC UOB - SGD 3493328601 | C23: =_xlfn.XLOOKUP(B23,'Consol (TB)'!C:C,'Consol (TB)'!F:F,VALUE("0"),0,1) -> #NAME? | D23: =_xlfn.XLOOKUP(B23,'Consol (TB)'!C:C,'Consol (TB)'!H:H,VALUE("0"),0,1) -> #NAME? | F23: =_xlfn.XLOOKUP(B23,'Cashflow Working'!$3:$3,'Cashflow Working'!$4:$4,VALUE("0"),0,1) -> #NAME? | G23: =_xlfn.XLOOKUP(B23,'Cashflow Working'!$C:$C,'Cashflow Working'!$D:$D,VALUE("0"),0,1) -> #NAME? | I23: =F23-G23+H23 -> #NAME?
C24: =_xlfn.XLOOKUP(B24,'Consol (TB)'!C:C,'Consol (TB)'!F:F,VALUE("0"),0,1) -> #NAME? | D24: =_xlfn.XLOOKUP(B24,'Consol (TB)'!C:C,'Consol (TB)'!H:H,VALUE("0"),0,1) -> #NAME?
C25: =_xlfn.XLOOKUP(B25,'Consol (TB)'!C:C,'Consol (TB)'!F:F,VALUE("0"),0,1) -> #NAME? | D25: =_xlfn.XLOOKUP(B25,'Consol (TB)'!C:C,'Consol (TB)'!H:H,VALUE("0"),0,1) -> #NAME?
A26: 11210010 | B26: Trade Receivables Control: External | C26: =_xlfn.XLOOKUP(B26,'Consol (TB)'!C:C,'Consol (TB)'!F:F,VALUE("0"),0,1) -> #NAME? | D26: =_xlfn.XLOOKUP(B26,'Consol (TB)'!C:C,'Consol (TB)'!H:H,VALUE("0"),0,1) -> #NAME? | E26: Trade and other receivables, and contract assets | F26: =_xlfn.XLOOKUP(B26,'Cashflow Working'!$3:$3,'Cashflow Working'!$4:$4,VALUE("0"),0,1) -> #NAME? | G26: =_xlfn.XLOOKUP(B26,'Cashflow Working'!$C:$C,'Cashflow Working'!$D:$D,VALUE("0"),0,1) -> #NAME? | I26: =F26-G26+H26 -> #NAME?
A27: 11210020 | B27: Trade Receivables Control: Interco | C27: =_xlfn.XLOOKUP(B27,'Consol (TB)'!C:C,'Consol (TB)'!F:F,VALUE("0"),0,1) -> #NAME? | D27: =_xlfn.XLOOKUP(B27,'Consol (TB)'!C:C,'Consol (TB)'!H:H,VALUE("0"),0,1) -> #NAME? | E27: Trade and other receivables, and contract assets | F27: =_xlfn.XLOOKUP(B27,'Cashflow Working'!$3:$3,'Cashflow Working'!$4:$4,VALUE("0"),0,1) -> #NAME? | G27: =_xlfn.XLOOKUP(B27,'Cashflow Working'!$C:$C,'Cashflow Working'!$D:$D,VALUE("0"),0,1) -> #NAME? | I27: =F27-G27+H27 -> #NAME?
A28: 11210030 | B28: Provn Doubtful Debts: Trade: External | C28: =_xlfn.XLOOKUP(B28,'Consol (TB)'!C:C,'Consol (TB)'!F:F,VALUE("0"),0,1) -> #NAME? | D28: =_xlfn.XLOOKUP(B28,'Consol (TB)'!C:C,'Consol (TB)'!H:H,VALUE("0"),0,1) -> #NAME? | E28: Trade and other receivables, and contract assets | F28: =_xlfn.XLOOKUP(B28,'Cashflow Working'!$3:$3,'Cashflow Working'!$4:$4,VALUE("0"),0,1) -> #NAME? | G28: =_xlfn.XLOOKUP(B28,'Cashflow Working'!$C:$C,'Cashflow Working'!$D:$D,VALUE("0"),0,1) -> #NAME? | I28: =F28-G28+H28 -> #NAME?
B29: [BnC-3000] BnC Trade Debtors | C29: =_xlfn.XLOOKUP(B29,'Consol (TB)'!C:C,'Consol (TB)'!F:F,VALUE("0"),0,1) -> #NAME? | D29: =_xlfn.XLOOKUP(B29,'Consol (TB)'!C:C,'Consol (TB)'!H:H,VALUE("0"),0,1) -> #NAME? | E29: Trade and other receivables, and contract assets | F29: =_xlfn.XLOOKUP(B29,'Cashflow Working'!$3:$3,'Cashflow Working'!$4:$4,VALUE("0"),0,1) -> #NAME? | G29: =_xlfn.XLOOKUP(B29,'Cashflow Working'!$C:$C,'Cashflow Working'!$D:$D,VALUE("0"),0,1) -> #NAME? | I29: =F29-G29+H29 -> #NAME?
A30: 11210050 | B30: Translation: Trade Receivables: Externa | C30: =_xlfn.XLOOKUP(B30,'Consol (TB)'!C:C,'Consol (TB)'!F:F,VALUE("0"),0,1) -> #NAME? | D30: =_xlfn.XLOOKUP(B30,'Consol (TB)'!C:C,'Consol (TB)'!H:H,VALUE("0"),0,1) -> #NAME? | E30: Trade and other receivables, and contract assets | F30: =_xlfn.XLOOKUP(B30,'Cashflow Working'!$3:$3,'Cashflow Working'!$4:$4,VALUE("0"),0,1) -> #NAME? | G30: =_xlfn.XLOOKUP(B30,'Cashflow Working'!$C:$C,'Cashflow Working'!$D:$D,VALUE("0"),0,1) -> #NAME? | I30: =F30-G30+H30 -> #NAME?
A31: 11210070 | B31: Unbilled Trade Receivables: External | C31: =_xlfn.XLOOKUP(B31,'Consol (TB)'!C:C,'Consol (TB)'!F:F,VALUE("0"),0,1) -> #NAME? | D31: =_xlfn.XLOOKUP(B31,'Consol (TB)'!C:C,'Consol (TB)'!H:H,VALUE("0"),0,1) -> #NAME? | E31: Trade and other receivables, and contract assets | F31: =_xlfn.XLOOKUP(B31,'Cashflow Working'!$3:$3,'Cashflow Working'!$4:$4,VALUE("0"),0,1) -> #NAME? | G31: =_xlfn.XLOOKUP(B31,'Cashflow Working'!$C:$C,'Cashflow Working'!$D:$D,VALUE("0"),0,1) -> #NAME? | I31: =F31-G31+H31 -> #NAME?
A32: 11210088 | B32: Event Voucher (Redemption) | C32: =_xlfn.XLOOKUP(B32,'Consol (TB)'!C:C,'Consol (TB)'!F:F,VALUE("0"),0,1) -> #NAME? | D32: =_xlfn.XLOOKUP(B32,'Consol (TB)'!C:C,'Consol (TB)'!H:H,VALUE("0"),0,1) -> #NAME? | E32: Trade and other receivables, and contract assets | F32: =_xlfn.XLOOKUP(B32,'Cashflow Working'!$3:$3,'Cashflow Working'!$4:$4,VALUE("0"),0,1) -> #NAME? | G32: =_xlfn.XLOOKUP(B32,'Cashflow Working'!$C:$C,'Cashflow Working'!$D:$D,VALUE("0"),0,1) -> #NAME? | I32: =F32-G32+H32 -> #NAME?
A33: 11210097 | B33: Eatigo Cash Voucher | C33: =_xlfn.XLOOKUP(B33,'Consol (TB)'!C:C,'Consol (TB)'!F:F,VALUE("0"),0,1) -> #NAME? | D33: =_xlfn.XLOOKUP(B33,'Consol (TB)'!C:C,'Consol (TB)'!H:H,VALUE("0"),0,1) -> #NAME? | E33: Trade and other receivables, and contract assets | F33: =_xlfn.XLOOKUP(B33,'Cashflow Working'!$3:$3,'Cashflow Working'!$4:$4,VALUE("0"),0,1) -> #NAME? | G33: =_xlfn.XLOOKUP(B33,'Cashflow Working'!$C:$C,'Cashflow Working'!$D:$D,VALUE("0"),0,1) -> #NAME? | I33: =F33-G33+H33 -> #NAME?
A34: 11210100 | B34: Cash Float Exchange | C34: =_xlfn.XLOOKUP(B34,'Consol (TB)'!C:C,'Consol (TB)'!F:F,VALUE("0"),0,1) -> #NAME? | D34: =_xlfn.XLOOKUP(B34,'Consol (TB)'!C:C,'Consol (TB)'!H:H,VALUE("0"),0,1) -> #NAME? | E34: Trade and other receivables, and contract assets | F34: =_xlfn.XLOOKUP(B34,'Cashflow Working'!$3:$3,'Cashflow Working'!$4:$4,VALUE("0"),0,1) -> #NAME? | G34: =_xlfn.XLOOKUP(B34,'Cashflow Working'!$C:$C,'Cashflow Working'!$D:$D,VALUE("0"),0,1) -> #NAME? | I34: =F34-G34+H34 -> #NAME?
A35: 11219998 | B35: Intersegment Clearing | C35: =_xlfn.XLOOKUP(B35,'Consol (TB)'!C:C,'Consol (TB)'!F:F,VALUE("0"),0,1) -> #NAME? | D35: =_xlfn.XLOOKUP(B35,'Consol (TB)'!C:C,'Consol (TB)'!H:H,VALUE("0"),0,1) -> #NAME? | E35: Trade and other receivables, and contract assets | F35: =_xlfn.XLOOKUP(B35,'Cashflow Working'!$3:$3,'Cashflow Working'!$4:$4,VALUE("0"),0,1) -> #NAME? | G35: =_xlfn.XLOOKUP(B35,'Cashflow Working'!$C:$C,'Cashflow Working'!$D:$D,VALUE("0"),0,1) -> #NAME? | I35: =F35-G35+H35 -> #NAME?
A36: 11219999 | B36: Interco Clearing | C36: =_xlfn.XLOOKUP(B36,'Consol (TB)'!C:C,'Consol (TB)'!F:F,VALUE("0"),0,1) -> #NAME? | D36: =_xlfn.XLOOKUP(B36,'Consol (TB)'!C:C,'Consol (TB)'!H:H,VALUE("0"),0,1) -> #NAME? | E36: Trade and other receivables, and contract assets | F36: =_xlfn.XLOOKUP(B36,'Cashflow Working'!$3:$3,'Cashflow Working'!$4:$4,VALUE("0"),0,1) -> #NAME? | G36: =_xlfn.XLOOKUP(B36,'Cashflow Working'!$C:$C,'Cashflow Working'!$D:$D,VALUE("0"),0,1) -> #NAME? | I36: =F36-G36+H36 -> #NAME?
A37: 11310010 | B37: Raw Materials | C37: =_xlfn.XLOOKUP(B37,'Consol (TB)'!C:C,'Consol (TB)'!F:F,VALUE("0"),0,1) -> #NAME? | D37: =_xlfn.XLOOKUP(B37,'Consol (TB)'!C:C,'Consol (TB)'!H:H,VALUE("0"),0,1) -> #NAME? | E37: Inventories | F37: =_xlfn.XLOOKUP(B37,'Cashflow Working'!$3:$3,'Cashflow Working'!$4:$4,VALUE("0"),0,1) -> #NAME? | G37: =_xlfn.XLOOKUP(B37,'Cashflow Working'!$C:$C,'Cashflow Working'!$D:$D,VALUE("0"),0,1) -> #NAME? | I37: =F37-G37+H37 -> #NAME?
A38: 11310020 | B38: Beverages | C38: =_xlfn.XLOOKUP(B38,'Consol (TB)'!C:C,'Consol (TB)'!F:F,VALUE("0"),0,1) -> #NAME? | D38: =_xlfn.XLOOKUP(B38,'Consol (TB)'!C:C,'Consol (TB)'!H:H,VALUE("0"),0,1) -> #NAME? | E38: Inventories | F38: =_xlfn.XLOOKUP(B38,'Cashflow Working'!$3:$3,'Cashflow Working'!$4:$4,VALUE("0"),0,1) -> #NAME? | G38: =_xlfn.XLOOKUP(B38,'Cashflow Working'!$C:$C,'Cashflow Working'!$D:$D,VALUE("0"),0,1) -> #NAME? | I38: =F38-G38+H38 -> #NAME?
A39: 11310030 | B39: Alcohol | C39: =_xlfn.XLOOKUP(B39,'Consol (TB)'!C:C,'Consol (TB)'!F:F,VALUE("0"),0,1) -> #NAME? | D39: =_xlfn.XLOOKUP(B39,'Consol (TB)'!C:C,'Consol (TB)'!H:H,VALUE("0"),0,1) -> #NAME? | E39: Inventories | F39: =_xlfn.XLOOKUP(B39,'Cashflow Working'!$3:$3,'Cashflow Working'!$4:$4,VALUE("0"),0,1) -> #NAME? | G39: =_xlfn.XLOOKUP(B39,'Cashflow Working'!$C:$C,'Cashflow Working'!$D:$D,VALUE("0"),0,1) -> #NAME? | I39: =F39-G39+H39 -> #NAME?
A40: 11320010 | B40: Work In Progress | C40: =_xlfn.XLOOKUP(B40,'Consol (TB)'!C:C,'Consol (TB)'!F:F,VALUE("0"),0,1) -> #NAME? | D40: =_xlfn.XLOOKUP(B40,'Consol (TB)'!C:C,'Consol (TB)'!H:H,VALUE("0"),0,1) -> #NAME? | E40: Inventories | F40: =_xlfn.XLOOKUP(B40,'Cashflow Working'!$3:$3,'Cashflow Working'!$4:$4,VALUE("0"),0,1) -> #NAME? | G40: =_xlfn.XLOOKUP(B40,'Cashflow Working'!$C:$C,'Cashflow Working'!$D:$D,VALUE("0"),0,1) -> #NAME? | I40: =F40-G40+H40 -> #NAME?
A41: 11330010 | B41: Finished Goods Inventories | C41: =_xlfn.XLOOKUP(B41,'Consol (TB)'!C:C,'Consol (TB)'!F:F,VALUE("0"),0,1) -> #NAME? | D41: =_xlfn.XLOOKUP(B41,'Consol (TB)'!C:C,'Consol (TB)'!H:H,VALUE("0"),0,1) -> #NAME? | E41: Inventories | F41: =_xlfn.XLOOKUP(B41,'Cashflow Working'!$3:$3,'Cashflow Working'!$4:$4,VALUE("0"),0,1) -> #NAME? | G41: =_xlfn.XLOOKUP(B41,'Cashflow Working'!$C:$C,'Cashflow Working'!$D:$D,VALUE("0"),0,1) -> #NAME? | I41: =F41-G41+H41 -> #NAME?
... A43: 11350030 | B43: Inventory: Packaging | C43: =_xlfn.XLOOKUP(B43,'Consol (TB)'!C:C,'Consol (TB)'!F:F,VALUE("0"),0,1) -> #NAME? | D43: =_xlfn.XLOOKUP(B43,'Consol (TB)'!C:C,'Consol (TB)'!H:H,VALUE("0"),0,1) -> #NAME? | E43: Inventories | F43: =_xlfn.XLOOKUP(B43,'Cashflow Working'!$3:$3,'Cashflow Working'!$4:$4,VALUE("0"),0,1) -> #NAME? | G43: =_xlfn.XLOOKUP(B43,'Cashflow Working'!$C:$C,'Cashflow Working'!$D:$D,VALUE("0"),0,1) -> #NAME? | I43: =F43-G43+H43 -> #NAME?
B44: [BnC-3060] BnC Closing Stock | C44: =_xlfn.XLOOKUP(B44,'Consol (TB)'!C:C,'Consol (TB)'!F:F,VALUE("0"),0,1) -> #NAME? | D44: =_xlfn.XLOOKUP(B44,'Consol (TB)'!C:C,'Consol (TB)'!H:H,VALUE("0"),0,1) -> #NAME? | E44: Inventories | F44: =_xlfn.XLOOKUP(B44,'Cashflow Working'!$3:$3,'Cashflow Working'!$4:$4,VALUE("0"),0,1) -> #NAME? | G44: =_xlfn.XLOOKUP(B44,'Cashflow Working'!$C:$C,'Cashflow Working'!$D:$D,VALUE("0"),0,1) -> #NAME? | I44: =F44-G44+H44 -> #NAME?
A45: 11500010 | B45: Input GST Receivable | C45: =_xlfn.XLOOKUP(B45,'Consol (TB)'!C:C,'Consol (TB)'!F:F,VALUE("0"),0,1) -> #NAME? | D45: =_xlfn.XLOOKUP(B45,'Consol (TB)'!C:C,'Consol (TB)'!H:H,VALUE("0"),0,1) -> #NAME? | E45: Trade and other receivables, and contract assets | F45: =_xlfn.XLOOKUP(B45,'Cashflow Working'!$3:$3,'Cashflow Working'!$4:$4,VALUE("0"),0,1) -> #NAME? | G45: =_xlfn.XLOOKUP(B45,'Cashflow Working'!$C:$C,'Cashflow Working'!$D:$D,VALUE("0"),0,1) -> #NAME? | I45: =F45-G45+H45 -> #NAME?
B46: [BnC-3090] BnC GST Input Tax | C46: =_xlfn.XLOOKUP(B46,'Consol (TB)'!C:C,'Consol (TB)'!F:F,VALUE("0"),0,1) -> #NAME? | D46: =_xlfn.XLOOKUP(B46,'Consol (TB)'!C:C,'Consol (TB)'!H:H,VALUE("0"),0,1) -> #NAME? | E46: Trade and other receivables, and contract assets | F46: =_xlfn.XLOOKUP(B46,'Cashflow Working'!$3:$3,'Cashflow Working'!$4:$4,VALUE("0"),0,1) -> #NAME? | G46: =_xlfn.XLOOKUP(B46,'Cashflow Working'!$C:$C,'Cashflow Working'!$D:$D,VALUE("0"),0,1) -> #NAME? | I46: =F46-G46+H46 -> #NAME?
A47: 11500030 | B47: Grants Income Receivable | C47: =_xlfn.XLOOKUP(B47,'Consol (TB)'!C:C,'Consol (TB)'!F:F,VALUE("0"),0,1) -> #NAME? | D47: =_xlfn.XLOOKUP(B47,'Consol (TB)'!C:C,'Consol (TB)'!H:H,VALUE("0"),0,1) -> #NAME? | E47: Trade and other receivables, and contract assets | F47: =_xlfn.XLOOKUP(B47,'Cashflow Working'!$3:$3,'Cashflow Working'!$4:$4,VALUE("0"),0,1) -> #NAME? | G47: =_xlfn.XLOOKUP(B47,'Cashflow Working'!$C:$C,'Cashflow Working'!$D:$D,VALUE("0"),0,1) -> #NAME? | I47: =F47-G47+H47 -> #NAME?
A48: 11500040 | B48: Prepayments | C48: =_xlfn.XLOOKUP(B48,'Consol (TB)'!C:C,'Consol (TB)'!F:F,VALUE("0"),0,1) -> #NAME? | D48: =_xlfn.XLOOKUP(B48,'Consol (TB)'!C:C,'Consol (TB)'!H:H,VALUE("0"),0,1) -> #NAME? | E48: Prepayments | F48: =_xlfn.XLOOKUP(B48,'Cashflow Working'!$3:$3,'Cashflow Working'!$4:$4,VALUE("0"),0,1) -> #NAME? | G48: =_xlfn.XLOOKUP(B48,'Cashflow Working'!$C:$C,'Cashflow Working'!$D:$D,VALUE("0"),0,1) -> #NAME? | I48: =F48-G48+H48 -> #NAME?
B49: [BnC-3020] BnC Prepayment | C49: =_xlfn.XLOOKUP(B49,'Consol (TB)'!C:C,'Consol (TB)'!F:F,VALUE("0"),0,1) -> #NAME? | D49: =_xlfn.XLOOKUP(B49,'Consol (TB)'!C:C,'Consol (TB)'!H:H,VALUE("0"),0,1) -> #NAME? | E49: Prepayments | F49: =_xlfn.XLOOKUP(B49,'Cashflow Working'!$3:$3,'Cashflow Working'!$4:$4,VALUE("0"),0,1) -> #NAME? | G49: =_xlfn.XLOOKUP(B49,'Cashflow Working'!$C:$C,'Cashflow Working'!$D:$D,VALUE("0"),0,1) -> #NAME? | I49: =F49-G49+H49 -> #NAME?
A50: 11500045 | B50: Downpayment & Advance Payment | C50: =_xlfn.XLOOKUP(B50,'Consol (TB)'!C:C,'Consol (TB)'!F:F,VALUE("0"),0,1) -> #NAME? | D50: =_xlfn.XLOOKUP(B50,'Consol (TB)'!C:C,'Consol (TB)'!H:H,VALUE("0"),0,1) -> #NAME? | E50: Other current asset | F50: =_xlfn.XLOOKUP(B50,'Cashflow Working'!$3:$3,'Cashflow Working'!$4:$4,VALUE("0"),0,1) -> #NAME? | G50: =_xlfn.XLOOKUP(B50,'Cashflow Working'!$C:$C,'Cashflow Working'!$D:$D,VALUE("0"),0,1) -> #NAME? | I50: =F50-G50+H50 -> #NAME?
A51: 11500060 | B51: Deposits: Rental | C51: =_xlfn.XLOOKUP(B51,'Consol (TB)'!C:C,'Consol (TB)'!F:F,VALUE("0"),0,1) -> #NAME? | D51: =_xlfn.XLOOKUP(B51,'Consol (TB)'!C:C,'Consol (TB)'!H:H,VALUE("0"),0,1) -> #NAME? | E51: Other current asset | F51: =_xlfn.XLOOKUP(B51,'Cashflow Working'!$3:$3,'Cashflow Working'!$4:$4,VALUE("0"),0,1) -> #NAME? | G51: =_xlfn.XLOOKUP(B51,'Cashflow Working'!$C:$C,'Cashflow Working'!$D:$D,VALUE("0"),0,1) -> #NAME? | I51: =F51-G51+H51 -> #NAME?
A52: 11500066 | B52: Deposits: Utilities | C52: =_xlfn.XLOOKUP(B52,'Consol (TB)'!C:C,'Consol (TB)'!F:F,VALUE("0"),0,1) -> #NAME? | D52: =_xlfn.XLOOKUP(B52,'Consol (TB)'!C:C,'Consol (TB)'!H:H,VALUE("0"),0,1) -> #NAME? | E52: Other current asset | F52: =_xlfn.XLOOKUP(B52,'Cashflow Working'!$3:$3,'Cashflow Working'!$4:$4,VALUE("0"),0,1) -> #NAME? | G52: =_xlfn.XLOOKUP(B52,'Cashflow Working'!$C:$C,'Cashflow Working'!$D:$D,VALUE("0"),0,1) -> #NAME? | I52: =F52-G52+H52 -> #NAME?
A53: 11500070 | B53: Deposits: Others | C53: =_xlfn.XLOOKUP(B53,'Consol (TB)'!C:C,'Consol (TB)'!F:F,VALUE("0"),0,1) -> #NAME? | D53: =_xlfn.XLOOKUP(B53,'Consol (TB)'!C:C,'Consol (TB)'!H:H,VALUE("0"),0,1) -> #NAME? | E53: Other current asset | F53: =_xlfn.XLOOKUP(B53,'Cashflow Working'!$3:$3,'Cashflow Working'!$4:$4,VALUE("0"),0,1) -> #NAME? | G53: =_xlfn.XLOOKUP(B53,'Cashflow Working'!$C:$C,'Cashflow Working'!$D:$D,VALUE("0"),0,1) -> #NAME? | I53: =F53-G53+H53 -> #NAME?
B54: [BnC-3020] BnC Deposit | C54: =_xlfn.XLOOKUP(B54,'Consol (TB)'!C:C,'Consol (TB)'!F:F,VALUE("0"),0,1) -> #NAME? | D54: =_xlfn.XLOOKUP(B54,'Consol (TB)'!C:C,'Consol (TB)'!H:H,VALUE("0"),0,1) -> #NAME? | E54: Other current asset | F54: =_xlfn.XLOOKUP(B54,'Cashflow Working'!$3:$3,'Cashflow Working'!$4:$4,VALUE("0"),0,1) -> #NAME? | G54: =_xlfn.XLOOKUP(B54,'Cashflow Working'!$C:$C,'Cashflow Working'!$D:$D,VALUE("0"),0,1) -> #NAME? | I54: =F54-G54+H54 -> #NAME?
A55: 11500080 | B55: Recoverable: Interco | C55: =_xlfn.XLOOKUP(B55,'Consol (TB)'!C:C,'Consol (TB)'!F:F,VALUE("0"),0,1) -> #NAME? | D55: =_xlfn.XLOOKUP(B55,'Consol (TB)'!C:C,'Consol (TB)'!H:H,VALUE("0"),0,1) -> #NAME? | E55: Trade and other receivables, and contract assets | F55: =_xlfn.XLOOKUP(B55,'Cashflow Working'!$3:$3,'Cashflow Working'!$4:$4,VALUE("0"),0,1) -> #NAME? | G55: =_xlfn.XLOOKUP(B55,'Cashflow Working'!$C:$C,'Cashflow Working'!$D:$D,VALUE("0"),0,1) -> #NAME? | I55: =F55-G55+H55 -> #NAME?
A56: 11500090 | B56: Recoverable: External | C56: =_xlfn.XLOOKUP(B56,'Consol (TB)'!C:C,'Consol (TB)'!F:F,VALUE("0"),0,1) -> #NAME? | D56: =_xlfn.XLOOKUP(B56,'Consol (TB)'!C:C,'Consol (TB)'!H:H,VALUE("0"),0,1) -> #NAME? | E56: Trade and other receivables, and contract assets | F56: =_xlfn.XLOOKUP(B56,'Cashflow Working'!$3:$3,'Cashflow Working'!$4:$4,VALUE("0"),0,1) -> #NAME? | G56: =_xlfn.XLOOKUP(B56,'Cashflow Working'!$C:$C,'Cashflow Working'!$D:$D,VALUE("0"),0,1) -> #NAME? | I56: =F56-G56+H56 -> #NAME?
B57: [BnC-3020] BnC Amount Owing By B&C Msia | C57: =_xlfn.XLOOKUP(B57,'Consol (TB)'!C:C,'Consol (TB)'!F:F,VALUE("0"),0,1) -> #NAME? | D57: =_xlfn.XLOOKUP(B57,'Consol (TB)'!C:C,'Consol (TB)'!H:H,VALUE("0"),0,1) -> #NAME? | E57: Trade and other receivables, and contract assets | F57: =_xlfn.XLOOKUP(B57,'Cashflow Working'!$3:$3,'Cashflow Working'!$4:$4,VALUE("0"),0,1) -> #NAME? | G57: =_xlfn.XLOOKUP(B57,'Cashflow Working'!$C:$C,'Cashflow Working'!$D:$D,VALUE("0"),0,1) -> #NAME? | I57: =F57-G57+H57 -> #NAME?
A58: 12200010 | B58: Invt In Subsidiaries | C58: =_xlfn.XLOOKUP(B58,'Consol (TB)'!C:C,'Consol (TB)'!F:F,VALUE("0"),0,1) -> #NAME? | D58: =_xlfn.XLOOKUP(B58,'Consol (TB)'!C:C,'Consol (TB)'!H:H,VALUE("0"),0,1) -> #NAME? | F58: =_xlfn.XLOOKUP(B58,'Cashflow Working'!$3:$3,'Cashflow Working'!$4:$4,VALUE("0"),0,1) -> #NAME? | G58: =_xlfn.XLOOKUP(B58,'Cashflow Working'!$C:$C,'Cashflow Working'!$D:$D,VALUE("0"),0,1) -> #NAME? | I58: =F58-G58+H58 -> #NAME?
A59: 12500010 | B59: Construction In-Progress | C59: =_xlfn.XLOOKUP(B59,'Consol (TB)'!C:C,'Consol (TB)'!F:F,VALUE("0"),0,1) -> #NAME? | D59: =_xlfn.XLOOKUP(B59,'Consol (TB)'!C:C,'Consol (TB)'!H:H,VALUE("0"),0,1) -> #NAME? | E59: Purchase of property, plant and equipment | F59: =_xlfn.XLOOKUP(B59,'Cashflow Working'!$3:$3,'Cashflow Working'!$4:$4,VALUE("0"),0,1) -> #NAME? | G59: =_xlfn.XLOOKUP(B59,'Cashflow Working'!$C:$C,'Cashflow Working'!$D:$D,VALUE("0"),0,1) -> #NAME? | I59: =F59-G59+H59 -> #NAME?
A60: 12500050 | B60: Leasehold Improvements | C60: =_xlfn.XLOOKUP(B60,'Consol (TB)'!C:C,'Consol (TB)'!F:F,VALUE("0"),0,1) -> #NAME? | D60: =_xlfn.XLOOKUP(B60,'Consol (TB)'!C:C,'Consol (TB)'!H:H,VALUE("0"),0,1) -> #NAME? | E60: Purchase of property, plant and equipment | F60: =_xlfn.XLOOKUP(B60,'Cashflow Working'!$3:$3,'Cashflow Working'!$4:$4,VALUE("0"),0,1) -> #NAME? | G60: =_xlfn.XLOOKUP(B60,'Cashflow Working'!$C:$C,'Cashflow Working'!$D:$D,VALUE("0"),0,1) -> #NAME? | I60: =F60-G60+H60 -> #NAME?
A61: 12500060 | B61: Accum Deprn: Leasehold Improvements | C61: =_xlfn.XLOOKUP(B61,'Consol (TB)'!C:C,'Consol (TB)'!F:F,VALUE("0"),0,1) -> #NAME? | D61: =_xlfn.XLOOKUP(B61,'Consol (TB)'!C:C,'Consol (TB)'!H:H,VALUE("0"),0,1) -> #NAME? | E61: Depreciation and amortisation | F61: =_xlfn.XLOOKUP(B61,'Cashflow Working'!$3:$3,'Cashflow Working'!$4:$4,VALUE("0"),0,1) -> #NAME? | G61: =_xlfn.XLOOKUP(B61,'Cashflow Working'!$C:$C,'Cashflow Working'!$D:$D,VALUE("0"),0,1) -> #NAME? | I61: =F61-G61+H61 -> #NAME?
A62: 12500070 | B62: Office Furn & Fittings | C62: =_xlfn.XLOOKUP(B62,'Consol (TB)'!C:C,'Consol (TB)'!F:F,VALUE("0"),0,1) -> #NAME? | D62: =_xlfn.XLOOKUP(B62,'Consol (TB)'!C:C,'Consol (TB)'!H:H,VALUE("0"),0,1) -> #NAME? | E62: Purchase of property, plant and equipment | F62: =_xlfn.XLOOKUP(B62,'Cashflow Working'!$3:$3,'Cashflow Working'!$4:$4,VALUE("0"),0,1) -> #NAME? | G62: =_xlfn.XLOOKUP(B62,'Cashflow Working'!$C:$C,'Cashflow Working'!$D:$D,VALUE("0"),0,1) -> #NAME? | I62: =F62-G62+H62 -> #NAME?
A63: 12500080 | B63: Accum Deprn: Office Furn & Fittings | C63: =_xlfn.XLOOKUP(B63,'Consol (TB)'!C:C,'Consol (TB)'!F:F,VALUE("0"),0,1) -> #NAME? | D63: =_xlfn.XLOOKUP(B63,'Consol (TB)'!C:C,'Consol (TB)'!H:H,VALUE("0"),0,1) -> #NAME? | E63: Depreciation and amortisation | F63: =_xlfn.XLOOKUP(B63,'Cashflow Working'!$3:$3,'Cashflow Working'!$4:$4,VALUE("0"),0,1) -> #NAME? | G63: =_xlfn.XLOOKUP(B63,'Cashflow Working'!$C:$C,'Cashflow Working'!$D:$D,VALUE("0"),0,1) -> #NAME? | I63: =F63-G63+H63 -> #NAME?
A64: 12500090 | B64: Office Equipment | C64: =_xlfn.XLOOKUP(B64,'Consol (TB)'!C:C,'Consol (TB)'!F:F,VALUE("0"),0,1) -> #NAME? | D64: =_xlfn.XLOOKUP(B64,'Consol (TB)'!C:C,'Consol (TB)'!H:H,VALUE("0"),0,1) -> #NAME? | E64: Purchase of property, plant and equipment | F64: =_xlfn.XLOOKUP(B64,'Cashflow Working'!$3:$3,'Cashflow Working'!$4:$4,VALUE("0"),0,1) -> #NAME? | G64: =_xlfn.XLOOKUP(B64,'Cashflow Working'!$C:$C,'Cashflow Working'!$D:$D,VALUE("0"),0,1) -> #NAME? | I64: =F64-G64+H64 -> #NAME?
A65: 12500100 | B65: Accum Deprn: Office Equipment | C65: =_xlfn.XLOOKUP(B65,'Consol (TB)'!C:C,'Consol (TB)'!F:F,VALUE("0"),0,1) -> #NAME? | D65: =_xlfn.XLOOKUP(B65,'Consol (TB)'!C:C,'Consol (TB)'!H:H,VALUE("0"),0,1) -> #NAME? | E65: Depreciation and amortisation | F65: =_xlfn.XLOOKUP(B65,'Cashflow Working'!$3:$3,'Cashflow Working'!$4:$4,VALUE("0"),0,1) -> #NAME? | G65: =_xlfn.XLOOKUP(B65,'Cashflow Working'!$C:$C,'Cashflow Working'!$D:$D,VALUE("0"),0,1) -> #NAME? | I65: =F65-G65+H65 -> #NAME?
A66: 12500110 | B66: Plant, Equipment & Boats | C66: =_xlfn.XLOOKUP(B66,'Consol (TB)'!C:C,'Consol (TB)'!F:F,VALUE("0"),0,1) -> #NAME? | D66: =_xlfn.XLOOKUP(B66,'Consol (TB)'!C:C,'Consol (TB)'!H:H,VALUE("0"),0,1) -> #NAME? | E66: Purchase of property, plant and equipment | F66: =_xlfn.XLOOKUP(B66,'Cashflow Working'!$3:$3,'Cashflow Working'!$4:$4,VALUE("0"),0,1) -> #NAME? | G66: =_xlfn.XLOOKUP(B66,'Cashflow Working'!$C:$C,'Cashflow Working'!$D:$D,VALUE("0"),0,1) -> #NAME? | I66: =F66-G66+H66 -> #NAME?
A67: 12500120 | B67: Accum Deprn: Plant, Equipment & Boats | C67: =_xlfn.XLOOKUP(B67,'Consol (TB)'!C:C,'Consol (TB)'!F:F,VALUE("0"),0,1) -> #NAME? | D67: =_xlfn.XLOOKUP(B67,'Consol (TB)'!C:C,'Consol (TB)'!H:H,VALUE("0"),0,1) -> #NAME? | E67: Depreciation and amortisation | F67: =_xlfn.XLOOKUP(B67,'Cashflow Working'!$3:$3,'Cashflow Working'!$4:$4,VALUE("0"),0,1) -> #NAME? | G67: =_xlfn.XLOOKUP(B67,'Cashflow Working'!$C:$C,'Cashflow Working'!$D:$D,VALUE("0"),0,1) -> #NAME? | I67: =F67-G67+H67 -> #NAME?
A68: 12500130 | B68: Motor Vehicles | C68: =_xlfn.XLOOKUP(B68,'Consol (TB)'!C:C,'Consol (TB)'!F:F,VALUE("0"),0,1) -> #NAME? | D68: =_xlfn.XLOOKUP(B68,'Consol (TB)'!C:C,'Consol (TB)'!H:H,VALUE("0"),0,1) -> #NAME? | E68: Purchase of property, plant and equipment | F68: =_xlfn.XLOOKUP(B68,'Cashflow Working'!$3:$3,'Cashflow Working'!$4:$4,VALUE("0"),0,1) -> #NAME? | G68: =_xlfn.XLOOKUP(B68,'Cashflow Working'!$C:$C,'Cashflow Working'!$D:$D,VALUE("0"),0,1) -> #NAME? | I68: =F68-G68+H68 -> #NAME?
A69: 12500140 | B69: Accum Deprn: Motor Vehicles | C69: =_xlfn.XLOOKUP(B69,'Consol (TB)'!C:C,'Consol (TB)'!F:F,VALUE("0"),0,1) -> #NAME? | D69: =_xlfn.XLOOKUP(B69,'Consol (TB)'!C:C,'Consol (TB)'!H:H,VALUE("0"),0,1) -> #NAME? | E69: Depreciation and amortisation | F69: =_xlfn.XLOOKUP(B69,'Cashflow Working'!$3:$3,'Cashflow Working'!$4:$4,VALUE("0"),0,1) -> #NAME? | G69: =_xlfn.XLOOKUP(B69,'Cashflow Working'!$C:$C,'Cashflow Working'!$D:$D,VALUE("0"),0,1) -> #NAME? | I69: =F69-G69+H69 -> #NAME?
B70: [BnC-2B01] BnC Baking Equipment | C70: =_xlfn.XLOOKUP(B70,'Consol (TB)'!C:C,'Consol (TB)'!F:F,VALUE("0"),0,1) -> #NAME? | D70: =_xlfn.XLOOKUP(B70,'Consol (TB)'!C:C,'Consol (TB)'!H:H,VALUE("0"),0,1) -> #NAME? | E70: Purchase of property, plant and equipment | F70: =_xlfn.XLOOKUP(B70,'Cashflow Working'!$3:$3,'Cashflow Working'!$4:$4,VALUE("0"),0,1) -> #NAME? | G70: =_xlfn.XLOOKUP(B70,'Cashflow Working'!$C:$C,'Cashflow Working'!$D:$D,VALUE("0"),0,1) -> #NAME? | I70: =F70-G70+H70 -> #NAME?
B71: [BnC-2B01] BnC Acc Depn-Baking Equipment | C71: =_xlfn.XLOOKUP(B71,'Consol (TB)'!C:C,'Consol (TB)'!F:F,VALUE("0"),0,1) -> #NAME? | D71: =_xlfn.XLOOKUP(B71,'Consol (TB)'!C:C,'Consol (TB)'!H:H,VALUE("0"),0,1) -> #NAME? | E71: Depreciation and amortisation | F71: =_xlfn.XLOOKUP(B71,'Cashflow Working'!$3:$3,'Cashflow Working'!$4:$4,VALUE("0"),0,1) -> #NAME? | G71: =_xlfn.XLOOKUP(B71,'Cashflow Working'!$C:$C,'Cashflow Working'!$D:$D,VALUE("0"),0,1) -> #NAME? | I71: =F71-G71+H71 -> #NAME?
B72: [BnC-2C01] BnC Computer | C72: =_xlfn.XLOOKUP(B72,'Consol (TB)'!C:C,'Consol (TB)'!F:F,VALUE("0"),0,1) -> #NAME? | D72: =_xlfn.XLOOKUP(B72,'Consol (TB)'!C:C,'Consol (TB)'!H:H,VALUE("0"),0,1) -> #NAME? | E72: Purchase of property, plant and equipment | F72: =_xlfn.XLOOKUP(B72,'Cashflow Working'!$3:$3,'Cashflow Working'!$4:$4,VALUE("0"),0,1) -> #NAME? | G72: =_xlfn.XLOOKUP(B72,'Cashflow Working'!$C:$C,'Cashflow Working'!$D:$D,VALUE("0"),0,1) -> #NAME? | I72: =F72-G72+H72 -> #NAME?
B73: [BnC-2C01] BnC Acc Depreciation - Computer | C73: =_xlfn.XLOOKUP(B73,'Consol (TB)'!C:C,'Consol (TB)'!F:F,VALUE("0"),0,1) -> #NAME? | D73: =_xlfn.XLOOKUP(B73,'Consol (TB)'!C:C,'Consol (TB)'!H:H,VALUE("0"),0,1) -> #NAME? | E73: Depreciation and amortisation | F73: =_xlfn.XLOOKUP(B73,'Cashflow Working'!$3:$3,'Cashflow Working'!$4:$4,VALUE("0"),0,1) -> #NAME? | G73: =_xlfn.XLOOKUP(B73,'Cashflow Working'!$C:$C,'Cashflow Working'!$D:$D,VALUE("0"),0,1) -> #NAME? | I73: =F73-G73+H73 -> #NAME?
B74: [BnC-2F01] BnC Furniture & Fitting | C74: =_xlfn.XLOOKUP(B74,'Consol (TB)'!C:C,'Consol (TB)'!F:F,VALUE("0"),0,1) -> #NAME? | D74: =_xlfn.XLOOKUP(B74,'Consol (TB)'!C:C,'Consol (TB)'!H:H,VALUE("0"),0,1) -> #NAME? | E74: Purchase of property, plant and equipment | F74: =_xlfn.XLOOKUP(B74,'Cashflow Working'!$3:$3,'Cashflow Working'!$4:$4,VALUE("0"),0,1) -> #NAME? | G74: =_xlfn.XLOOKUP(B74,'Cashflow Working'!$C:$C,'Cashflow Working'!$D:$D,VALUE("0"),0,1) -> #NAME? | I74: =F74-G74+H74 -> #NAME?
B75: [BnC-2F01] BnC Acc Depn - Furniture & Fitting | C75: =_xlfn.XLOOKUP(B75,'Consol (TB)'!C:C,'Consol (TB)'!F:F,VALUE("0"),0,1) -> #NAME? | D75: =_xlfn.XLOOKUP(B75,'Consol (TB)'!C:C,'Consol (TB)'!H:H,VALUE("0"),0,1) -> #NAME? | E75: Depreciation and amortisation | F75: =_xlfn.XLOOKUP(B75,'Cashflow Working'!$3:$3,'Cashflow Working'!$4:$4,VALUE("0"),0,1) -> #NAME? | G75: =_xlfn.XLOOKUP(B75,'Cashflow Working'!$C:$C,'Cashflow Working'!$D:$D,VALUE("0"),0,1) -> #NAME? | I75: =F75-G75+H75 -> #NAME?
B76: [BnC-2I01] BnC Long Term Investment | C76: =_xlfn.XLOOKUP(B76,'Consol (TB)'!C:C,'Consol (TB)'!F:F,VALUE("0"),0,1) -> #NAME? | D76: =_xlfn.XLOOKUP(B76,'Consol (TB)'!C:C,'Consol (TB)'!H:H,VALUE("0"),0,1) -> #NAME? | E76: Purchase of property, plant and equipment | F76: =_xlfn.XLOOKUP(B76,'Cashflow Working'!$3:$3,'Cashflow Working'!$4:$4,VALUE("0"),0,1) -> #NAME? | G76: =_xlfn.XLOOKUP(B76,'Cashflow Working'!$C:$C,'Cashflow Working'!$D:$D,VALUE("0"),0,1) -> #NAME? | I76: =F76-G76+H76 -> #NAME?
B77: [BnC-2K01] BnC Kitchen Equipment | C77: =_xlfn.XLOOKUP(B77,'Consol (TB)'!C:C,'Consol (TB)'!F:F,VALUE("0"),0,1) -> #NAME? | D77: =_xlfn.XLOOKUP(B77,'Consol (TB)'!C:C,'Consol (TB)'!H:H,VALUE("0"),0,1) -> #NAME? | E77: Purchase of property, plant and equipment | F77: =_xlfn.XLOOKUP(B77,'Cashflow Working'!$3:$3,'Cashflow Working'!$4:$4,VALUE("0"),0,1) -> #NAME? | G77: =_xlfn.XLOOKUP(B77,'Cashflow Working'!$C:$C,'Cashflow Working'!$D:$D,VALUE("0"),0,1) -> #NAME? | I77: =F77-G77+H77 -> #NAME?
B78: [BnC-2O01] BnC Office Equipment | C78: =_xlfn.XLOOKUP(B78,'Consol (TB)'!C:C,'Consol (TB)'!F:F,VALUE("0"),0,1) -> #NAME? | D78: =_xlfn.XLOOKUP(B78,'Consol (TB)'!C:C,'Consol (TB)'!H:H,VALUE("0"),0,1) -> #NAME? | E78: Purchase of property, plant and equipment | F78: =_xlfn.XLOOKUP(B78,'Cashflow Working'!$3:$3,'Cashflow Working'!$4:$4,VALUE("0"),0,1) -> #NAME? | G78: =_xlfn.XLOOKUP(B78,'Cashflow Working'!$C:$C,'Cashflow Working'!$D:$D,VALUE("0"),0,1) -> #NAME? | I78: =F78-G78+H78 -> #NAME?
B79: [BnC-2O01] BnC Acc Depreciation - Office Equipment | C79: =_xlfn.XLOOKUP(B79,'Consol (TB)'!C:C,'Consol (TB)'!F:F,VALUE("0"),0,1) -> #NAME? | D79: =_xlfn.XLOOKUP(B79,'Consol (TB)'!C:C,'Consol (TB)'!H:H,VALUE("0"),0,1) -> #NAME? | E79: Depreciation and amortisation | F79: =_xlfn.XLOOKUP(B79,'Cashflow Working'!$3:$3,'Cashflow Working'!$4:$4,VALUE("0"),0,1) -> #NAME? | G79: =_xlfn.XLOOKUP(B79,'Cashflow Working'!$C:$C,'Cashflow Working'!$D:$D,VALUE("0"),0,1) -> #NAME? | I79: =F79-G79+H79 -> #NAME?
B80: [BnC-2R01] BnC Renovation | C80: =_xlfn.XLOOKUP(B80,'Consol (TB)'!C:C,'Consol (TB)'!F:F,VALUE("0"),0,1) -> #NAME? | D80: =_xlfn.XLOOKUP(B80,'Consol (TB)'!C:C,'Consol (TB)'!H:H,VALUE("0"),0,1) -> #NAME? | E80: Purchase of property, plant and equipment | F80: =_xlfn.XLOOKUP(B80,'Cashflow Working'!$3:$3,'Cashflow Working'!$4:$4,VALUE("0"),0,1) -> #NAME? | G80: =_xlfn.XLOOKUP(B80,'Cashflow Working'!$C:$C,'Cashflow Working'!$D:$D,VALUE("0"),0,1) -> #NAME? | I80: =F80-G80+H80 -> #NAME?
B81: [BnC-2R01] BnC Acc Depn-Renovation | C81: =_xlfn.XLOOKUP(B81,'Consol (TB)'!C:C,'Consol (TB)'!F:F,VALUE("0"),0,1) -> #NAME? | D81: =_xlfn.XLOOKUP(B81,'Consol (TB)'!C:C,'Consol (TB)'!H:H,VALUE("0"),0,1) -> #NAME? | E81: Depreciation and amortisation | F81: =_xlfn.XLOOKUP(B81,'Cashflow Working'!$3:$3,'Cashflow Working'!$4:$4,VALUE("0"),0,1) -> #NAME? | G81: =_xlfn.XLOOKUP(B81,'Cashflow Working'!$C:$C,'Cashflow Working'!$D:$D,VALUE("0"),0,1) -> #NAME? | I81: =F81-G81+H81 -> #NAME?
... B86: [BnC-3031] BnC Right Of Use | C86: =_xlfn.XLOOKUP(B86,'Consol (TB)'!C:C,'Consol (TB)'!F:F,VALUE("0"),0,1) -> #NAME? | D86: =_xlfn.XLOOKUP(B86,'Consol (TB)'!C:C,'Consol (TB)'!H:H,VALUE("0"),0,1) -> #NAME? | E86: Purchase of property, plant and equipment | F86: =_xlfn.XLOOKUP(B86,'Cashflow Working'!$3:$3,'Cashflow Working'!$4:$4,VALUE("0"),0,1) -> #NAME? | G86: =_xlfn.XLOOKUP(B86,'Cashflow Working'!$C:$C,'Cashflow Working'!$D:$D,VALUE("0"),0,1) -> #NAME? | I86: =F86-G86+H86 -> #NAME?
A87: 12600010 | B87: Goodwill from Acquisitions | C87: =_xlfn.XLOOKUP(B87,'Consol (TB)'!C:C,'Consol (TB)'!F:F,VALUE("0"),0,1) -> #NAME? | D87: =_xlfn.XLOOKUP(B87,'Consol (TB)'!C:C,'Consol (TB)'!H:H,VALUE("0"),0,1) -> #NAME? | E87: Proceeds from issue of shares | F87: =_xlfn.XLOOKUP(B87,'Cashflow Working'!$3:$3,'Cashflow Working'!$4:$4,VALUE("0"),0,1) -> #NAME? | G87: =_xlfn.XLOOKUP(B87,'Cashflow Working'!$C:$C,'Cashflow Working'!$D:$D,VALUE("0"),0,1) -> #NAME? | I87: =F87-G87+H87 -> #NAME?
A88: 12600040 | B88: Trademarks And Licences | C88: =_xlfn.XLOOKUP(B88,'Consol (TB)'!C:C,'Consol (TB)'!F:F,VALUE("0"),0,1) -> #NAME? | D88: =_xlfn.XLOOKUP(B88,'Consol (TB)'!C:C,'Consol (TB)'!H:H,VALUE("0"),0,1) -> #NAME? | E88: Additions to intangible asset | F88: =_xlfn.XLOOKUP(B88,'Cashflow Working'!$3:$3,'Cashflow Working'!$4:$4,VALUE("0"),0,1) -> #NAME? | G88: =_xlfn.XLOOKUP(B88,'Cashflow Working'!$C:$C,'Cashflow Working'!$D:$D,VALUE("0"),0,1) -> #NAME? | I88: =F88-G88+H88 -> #NAME?
A89: 12600050 | B89: Accum Amortn: Trademarks, Licences | C89: =_xlfn.XLOOKUP(B89,'Consol (TB)'!C:C,'Consol (TB)'!F:F,VALUE("0"),0,1) -> #NAME? | D89: =_xlfn.XLOOKUP(B89,'Consol (TB)'!C:C,'Consol (TB)'!H:H,VALUE("0"),0,1) -> #NAME? | E89: Depreciation and amortisation | F89: =_xlfn.XLOOKUP(B89,'Cashflow Working'!$3:$3,'Cashflow Working'!$4:$4,VALUE("0"),0,1) -> #NAME? | G89: =_xlfn.XLOOKUP(B89,'Cashflow Working'!$C:$C,'Cashflow Working'!$D:$D,VALUE("0"),0,1) -> #NAME? | I89: =F89-G89+H89 -> #NAME?
A90: 21100010 | B90: Trade Payables Control: External | C90: =_xlfn.XLOOKUP(B90,'Consol (TB)'!C:C,'Consol (TB)'!F:F,VALUE("0"),0,1) -> #NAME? | D90: =_xlfn.XLOOKUP(B90,'Consol (TB)'!C:C,'Consol (TB)'!H:H,VALUE("0"),0,1) -> #NAME? | E90: Trade and Other payables, and contract liabilities | F90: =_xlfn.XLOOKUP(B90,'Cashflow Working'!$3:$3,'Cashflow Working'!$4:$4,VALUE("0"),0,1) -> #NAME? | G90: =_xlfn.XLOOKUP(B90,'Cashflow Working'!$C:$C,'Cashflow Working'!$D:$D,VALUE("0"),0,1) -> #NAME? | I90: =F90-G90+H90 -> #NAME?
A91: 21100020 | B91: Trade Payables Control: Interco | C91: =_xlfn.XLOOKUP(B91,'Consol (TB)'!C:C,'Consol (TB)'!F:F,VALUE("0"),0,1) -> #NAME? | D91: =_xlfn.XLOOKUP(B91,'Consol (TB)'!C:C,'Consol (TB)'!H:H,VALUE("0"),0,1) -> #NAME? | E91: Trade and Other payables, and contract liabilities | F91: =_xlfn.XLOOKUP(B91,'Cashflow Working'!$3:$3,'Cashflow Working'!$4:$4,VALUE("0"),0,1) -> #NAME? | G91: =_xlfn.XLOOKUP(B91,'Cashflow Working'!$C:$C,'Cashflow Working'!$D:$D,VALUE("0"),0,1) -> #NAME? | I91: =F91-G91+H91 -> #NAME?
A92: 21100030 | B92: GR IR Clearing | C92: =_xlfn.XLOOKUP(B92,'Consol (TB)'!C:C,'Consol (TB)'!F:F,VALUE("0"),0,1) -> #NAME? | D92: =_xlfn.XLOOKUP(B92,'Consol (TB)'!C:C,'Consol (TB)'!H:H,VALUE("0"),0,1) -> #NAME? | E92: Trade and Other payables, and contract liabilities | F92: =_xlfn.XLOOKUP(B92,'Cashflow Working'!$3:$3,'Cashflow Working'!$4:$4,VALUE("0"),0,1) -> #NAME? | G92: =_xlfn.XLOOKUP(B92,'Cashflow Working'!$C:$C,'Cashflow Working'!$D:$D,VALUE("0"),0,1) -> #NAME? | I92: =F92-G92+H92 -> #NAME?
A93: 21100050 | B93: Translation: Trade Payables: External | C93: =_xlfn.XLOOKUP(B93,'Consol (TB)'!C:C,'Consol (TB)'!F:F,VALUE("0"),0,1) -> #NAME? | D93: =_xlfn.XLOOKUP(B93,'Consol (TB)'!C:C,'Consol (TB)'!H:H,VALUE("0"),0,1) -> #NAME? | E93: Trade and Other payables, and contract liabilities | F93: =_xlfn.XLOOKUP(B93,'Cashflow Working'!$3:$3,'Cashflow Working'!$4:$4,VALUE("0"),0,1) -> #NAME? | G93: =_xlfn.XLOOKUP(B93,'Cashflow Working'!$C:$C,'Cashflow Working'!$D:$D,VALUE("0"),0,1) -> #NAME? | I93: =F93-G93+H93 -> #NAME?
A94: 21200010 | B94: Non-Trade Payables Control: External | C94: =_xlfn.XLOOKUP(B94,'Consol (TB)'!C:C,'Consol (TB)'!F:F,VALUE("0"),0,1) -> #NAME? | D94: =_xlfn.XLOOKUP(B94,'Consol (TB)'!C:C,'Consol (TB)'!H:H,VALUE("0"),0,1) -> #NAME? | E94: Trade and Other payables, and contract liabilities | F94: =_xlfn.XLOOKUP(B94,'Cashflow Working'!$3:$3,'Cashflow Working'!$4:$4,VALUE("0"),0,1) -> #NAME? | G94: =_xlfn.XLOOKUP(B94,'Cashflow Working'!$C:$C,'Cashflow Working'!$D:$D,VALUE("0"),0,1) -> #NAME? | I94: =F94-G94+H94 -> #NAME?
A95: 21200020 | B95: Non-Trade Payables Control: Interco | C95: =_xlfn.XLOOKUP(B95,'Consol (TB)'!C:C,'Consol (TB)'!F:F,VALUE("0"),0,1) -> #NAME? | D95: =_xlfn.XLOOKUP(B95,'Consol (TB)'!C:C,'Consol (TB)'!H:H,VALUE("0"),0,1) -> #NAME? | E95: Trade and Other payables, and contract liabilities | F95: =_xlfn.XLOOKUP(B95,'Cashflow Working'!$3:$3,'Cashflow Working'!$4:$4,VALUE("0"),0,1) -> #NAME? | G95: =_xlfn.XLOOKUP(B95,'Cashflow Working'!$C:$C,'Cashflow Working'!$D:$D,VALUE("0"),0,1) -> #NAME? | I95: =F95-G95+H95 -> #NAME?
A96: 21200030 | B96: Translation: Non-Trade Payables Externa | C96: =_xlfn.XLOOKUP(B96,'Consol (TB)'!C:C,'Consol (TB)'!F:F,VALUE("0"),0,1) -> #NAME? | D96: =_xlfn.XLOOKUP(B96,'Consol (TB)'!C:C,'Consol (TB)'!H:H,VALUE("0"),0,1) -> #NAME? | E96: Trade and Other payables, and contract liabilities | F96: =_xlfn.XLOOKUP(B96,'Cashflow Working'!$3:$3,'Cashflow Working'!$4:$4,VALUE("0"),0,1) -> #NAME? | G96: =_xlfn.XLOOKUP(B96,'Cashflow Working'!$C:$C,'Cashflow Working'!$D:$D,VALUE("0"),0,1) -> #NAME? | I96: =F96-G96+H96 -> #NAME?
B97: [BnC-4000] BnC Trade Payables | C97: =_xlfn.XLOOKUP(B97,'Consol (TB)'!C:C,'Consol (TB)'!F:F,VALUE("0"),0,1) -> #NAME? | D97: =_xlfn.XLOOKUP(B97,'Consol (TB)'!C:C,'Consol (TB)'!H:H,VALUE("0"),0,1) -> #NAME? | E97: Trade and Other payables, and contract liabilities | F97: =_xlfn.XLOOKUP(B97,'Cashflow Working'!$3:$3,'Cashflow Working'!$4:$4,VALUE("0"),0,1) -> #NAME? | G97: =_xlfn.XLOOKUP(B97,'Cashflow Working'!$C:$C,'Cashflow Working'!$D:$D,VALUE("0"),0,1) -> #NAME? | I97: =F97-G97+H97 -> #NAME?
A98: 21200050 | B98: Accruals: Non-Trade | C98: =_xlfn.XLOOKUP(B98,'Consol (TB)'!C:C,'Consol (TB)'!F:F,VALUE("0"),0,1) -> #NAME? | D98: =_xlfn.XLOOKUP(B98,'Consol (TB)'!C:C,'Consol (TB)'!H:H,VALUE("0"),0,1) -> #NAME? | E98: Trade and Other payables, and contract liabilities | F98: =_xlfn.XLOOKUP(B98,'Cashflow Working'!$3:$3,'Cashflow Working'!$4:$4,VALUE("0"),0,1) -> #NAME? | G98: =_xlfn.XLOOKUP(B98,'Cashflow Working'!$C:$C,'Cashflow Working'!$D:$D,VALUE("0"),0,1) -> #NAME? | I98: =F98-G98+H98 -> #NAME?
B99: [BnC-4010] BnC Accrual | C99: =_xlfn.XLOOKUP(B99,'Consol (TB)'!C:C,'Consol (TB)'!F:F,VALUE("0"),0,1) -> #NAME? | D99: =_xlfn.XLOOKUP(B99,'Consol (TB)'!C:C,'Consol (TB)'!H:H,VALUE("0"),0,1) -> #NAME? | E99: Trade and Other payables, and contract liabilities | F99: =_xlfn.XLOOKUP(B99,'Cashflow Working'!$3:$3,'Cashflow Working'!$4:$4,VALUE("0"),0,1) -> #NAME? | G99: =_xlfn.XLOOKUP(B99,'Cashflow Working'!$C:$C,'Cashflow Working'!$D:$D,VALUE("0"),0,1) -> #NAME? | I99: =F99-G99+H99 -> #NAME?
B100: [BnC-4010] BnC CPF Payables | C100: =_xlfn.XLOOKUP(B100,'Consol (TB)'!C:C,'Consol (TB)'!F:F,VALUE("0"),0,1) -> #NAME? | D100: =_xlfn.XLOOKUP(B100,'Consol (TB)'!C:C,'Consol (TB)'!H:H,VALUE("0"),0,1) -> #NAME? | E100: Trade and Other payables, and contract liabilities | F100: =_xlfn.XLOOKUP(B100,'Cashflow Working'!$3:$3,'Cashflow Working'!$4:$4,VALUE("0"),0,1) -> #NAME? | G100: =_xlfn.XLOOKUP(B100,'Cashflow Working'!$C:$C,'Cashflow Working'!$D:$D,VALUE("0"),0,1) -> #NAME? | I100: =F100-G100+H100 -> #NAME?
B101: [BnC-4050] BnC Payroll Control | C101: =_xlfn.XLOOKUP(B101,'Consol (TB)'!C:C,'Consol (TB)'!F:F,VALUE("0"),0,1) -> #NAME? | D101: =_xlfn.XLOOKUP(B101,'Consol (TB)'!C:C,'Consol (TB)'!H:H,VALUE("0"),0,1) -> #NAME? | E101: Trade and Other payables, and contract liabilities | F101: =_xlfn.XLOOKUP(B101,'Cashflow Working'!$3:$3,'Cashflow Working'!$4:$4,VALUE("0"),0,1) -> #NAME? | G101: =_xlfn.XLOOKUP(B101,'Cashflow Working'!$C:$C,'Cashflow Working'!$D:$D,VALUE("0"),0,1) -> #NAME? | I101: =F101-G101+H101 -> #NAME?
B102: [BnC-4300] BnC Suspense Account | C102: =_xlfn.XLOOKUP(B102,'Consol (TB)'!C:C,'Consol (TB)'!F:F,VALUE("0"),0,1) -> #NAME? | D102: =_xlfn.XLOOKUP(B102,'Consol (TB)'!C:C,'Consol (TB)'!H:H,VALUE("0"),0,1) -> #NAME? | E102: Trade and Other payables, and contract liabilities | F102: =_xlfn.XLOOKUP(B102,'Cashflow Working'!$3:$3,'Cashflow Working'!$4:$4,VALUE("0"),0,1) -> #NAME? | G102: =_xlfn.XLOOKUP(B102,'Cashflow Working'!$C:$C,'Cashflow Working'!$D:$D,VALUE("0"),0,1) -> #NAME? | I102: =F102-G102+H102 -> #NAME?
A103: 21200100 | B103: Deposits Received: Others | C103: =_xlfn.XLOOKUP(B103,'Consol (TB)'!C:C,'Consol (TB)'!F:F,VALUE("0"),0,1) -> #NAME? | D103: =_xlfn.XLOOKUP(B103,'Consol (TB)'!C:C,'Consol (TB)'!H:H,VALUE("0"),0,1) -> #NAME? | E103: Trade and Other payables, and contract liabilities | F103: =_xlfn.XLOOKUP(B103,'Cashflow Working'!$3:$3,'Cashflow Working'!$4:$4,VALUE("0"),0,1) -> #NAME? | G103: =_xlfn.XLOOKUP(B103,'Cashflow Working'!$C:$C,'Cashflow Working'!$D:$D,VALUE("0"),0,1) -> #NAME? | I103: =F103-G103+H103 -> #NAME?
B104: [BnC-3020] BnC Deposit Received | C104: =_xlfn.XLOOKUP(B104,'Consol (TB)'!C:C,'Consol (TB)'!F:F,VALUE("0"),0,1) -> #NAME? | D104: =_xlfn.XLOOKUP(B104,'Consol (TB)'!C:C,'Consol (TB)'!H:H,VALUE("0"),0,1) -> #NAME? | E104: Trade and Other payables, and contract liabilities | F104: =_xlfn.XLOOKUP(B104,'Cashflow Working'!$3:$3,'Cashflow Working'!$4:$4,VALUE("0"),0,1) -> #NAME? | G104: =_xlfn.XLOOKUP(B104,'Cashflow Working'!$C:$C,'Cashflow Working'!$D:$D,VALUE("0"),0,1) -> #NAME? | I104: =F104-G104+H104 -> #NAME?
A105: 21200150 | B105: Output GST Payable | C105: =_xlfn.XLOOKUP(B105,'Consol (TB)'!C:C,'Consol (TB)'!F:F,VALUE("0"),0,1) -> #NAME? | D105: =_xlfn.XLOOKUP(B105,'Consol (TB)'!C:C,'Consol (TB)'!H:H,VALUE("0"),0,1) -> #NAME? | E105: Trade and Other payables, and contract liabilities | F105: =_xlfn.XLOOKUP(B105,'Cashflow Working'!$3:$3,'Cashflow Working'!$4:$4,VALUE("0"),0,1) -> #NAME? | G105: =_xlfn.XLOOKUP(B105,'Cashflow Working'!$C:$C,'Cashflow Working'!$D:$D,VALUE("0"),0,1) -> #NAME? | I105: =F105-G105+H105 -> #NAME?
B106: [BnC-4090] BnC GST Output Tax | C106: =_xlfn.XLOOKUP(B106,'Consol (TB)'!C:C,'Consol (TB)'!F:F,VALUE("0"),0,1) -> #NAME? | D106: =_xlfn.XLOOKUP(B106,'Consol (TB)'!C:C,'Consol (TB)'!H:H,VALUE("0"),0,1) -> #NAME? | E106: Trade and Other payables, and contract liabilities | F106: =_xlfn.XLOOKUP(B106,'Cashflow Working'!$3:$3,'Cashflow Working'!$4:$4,VALUE("0"),0,1) -> #NAME? | G106: =_xlfn.XLOOKUP(B106,'Cashflow Working'!$C:$C,'Cashflow Working'!$D:$D,VALUE("0"),0,1) -> #NAME? | I106: =F106-G106+H106 -> #NAME?
B107: [BnC-4100] BnC GST Control Account | C107: =_xlfn.XLOOKUP(B107,'Consol (TB)'!C:C,'Consol (TB)'!F:F,VALUE("0"),0,1) -> #NAME? | D107: =_xlfn.XLOOKUP(B107,'Consol (TB)'!C:C,'Consol (TB)'!H:H,VALUE("0"),0,1) -> #NAME? | E107: Trade and Other payables, and contract liabilities | F107: =_xlfn.XLOOKUP(B107,'Cashflow Working'!$3:$3,'Cashflow Working'!$4:$4,VALUE("0"),0,1) -> #NAME? | G107: =_xlfn.XLOOKUP(B107,'Cashflow Working'!$C:$C,'Cashflow Working'!$D:$D,VALUE("0"),0,1) -> #NAME? | I107: =F107-G107+H107 -> #NAME?
A108: 21200170 | B108: Other Payables | C108: =_xlfn.XLOOKUP(B108,'Consol (TB)'!C:C,'Consol (TB)'!F:F,VALUE("0"),0,1) -> #NAME? | D108: =_xlfn.XLOOKUP(B108,'Consol (TB)'!C:C,'Consol (TB)'!H:H,VALUE("0"),0,1) -> #NAME? | E108: Trade and Other payables, and contract liabilities | F108: =_xlfn.XLOOKUP(B108,'Cashflow Working'!$3:$3,'Cashflow Working'!$4:$4,VALUE("0"),0,1) -> #NAME? | G108: =_xlfn.XLOOKUP(B108,'Cashflow Working'!$C:$C,'Cashflow Working'!$D:$D,VALUE("0"),0,1) -> #NAME? | I108: =F108-G108+H108 -> #NAME?
A109: 21200180 | B109: Provn For Deferred Income | C109: =_xlfn.XLOOKUP(B109,'Consol (TB)'!C:C,'Consol (TB)'!F:F,VALUE("0"),0,1) -> #NAME? | D109: =_xlfn.XLOOKUP(B109,'Consol (TB)'!C:C,'Consol (TB)'!H:H,VALUE("0"),0,1) -> #NAME? | E109: Provisions | F109: =_xlfn.XLOOKUP(B109,'Cashflow Working'!$3:$3,'Cashflow Working'!$4:$4,VALUE("0"),0,1) -> #NAME? | G109: =_xlfn.XLOOKUP(B109,'Cashflow Working'!$C:$C,'Cashflow Working'!$D:$D,VALUE("0"),0,1) -> #NAME? | I109: =F109-G109+H109 -> #NAME?
...

Sheet Acq of Subsidiary - BnC
A1: Acqusition of Subsidiary - 1st Nov 2021
B2: Cashflow Mapping | F2: Adjustment to Cashflow | I2: Cash | J2: Share capital via promissory note
A3: Invt In Subsidiaries | B3: =_xlfn.XLOOKUP(A3,'Cashflow Working'!$3:$3,'Cashflow Working'!$130:$130,VALUE("0"),0,1) -> 0 | C3: ='Consol Entries'!D2 -> -24500000 | D3: Sums to zero | E3: =-C3 -> 24500000 | F3: =SUM(C3:E3) -> 0 | I3: 16441950 | J3: 8058050
B4: Acquisition of subsidiary, net of cash acquired | E4: -16441950 | F4: =SUM(C4:E4) -> -16441950
B5: Acquisition of subsidiary, net of cash acquired | E5: =-SUM(E40:E48) -> 3685622.9 | F5: =SUM(C5:E5) -> 3685622.9
B6: Proceeds from issue of shares | E6: =-E3-E4 -> -8058050 | F6: =SUM(C6:E6) -> -8058050
A7: [BnC-1000] BnC Share Capital | B7: =_xlfn.XLOOKUP(A7,'Cashflow Working'!$3:$3,'Cashflow Working'!$130:$130,VALUE("0"),0,1) -> Proceeds from issue of shares | C7: ='Consol Entries'!D3 -> 506961.54 | E7: =-C7 -> -506961.54 | F7: =SUM(C7:E7) -> 0 | H7: 70% portion (SC)
A8: [BnC-1000] BnC Share Capital | B8: =_xlfn.XLOOKUP(A8,'Cashflow Working'!$3:$3,'Cashflow Working'!$130:$130,VALUE("0"),0,1) -> Proceeds from issue of shares | C8: ='Consol Entries'!D4 -> 217269.23 | E8: =-C8 -> -217269.23 | F8: =SUM(C8:E8) -> 0 | H8: 30% NCI portion (SC)
A9: [BnC-1100] BnC Accumulated Profit / Loss | B9: =_xlfn.XLOOKUP(A9,'Cashflow Working'!$3:$3,'Cashflow Working'!$130:$130,VALUE("0"),0,1) -> Proceeds from issue of shares | C9: ='Consol Entries'!D5 -> 544011.02 | E9: =-C9 -> -544011.02 | F9: =SUM(C9:E9) -> 0 | H9: 70% portion (Prior Year Profit)
A10: [BnC-7000] BnC Dividend Paid | B10: =_xlfn.XLOOKUP(A10,'Cashflow Working'!$3:$3,'Cashflow Working'!$130:$130,VALUE("0"),0,1) -> Proceeds from issue of shares | C10: ='Consol Entries'!D6 -> -350000 | E10: =-C10 -> 350000 | F10: =SUM(C10:E10) -> 0 | H10: 70% portion (2021 Dividend b/f acquisition)
A11: [BnC-1100] BnC Accumulated Profit / Loss | B11: =_xlfn.XLOOKUP(A11,'Cashflow Working'!$3:$3,'Cashflow Working'!$130:$130,VALUE("0"),0,1) -> Proceeds from issue of shares | C11: ='Consol Entries'!D7 -> 233147.58 | E11: =-C11 -> -233147.58 | F11: =SUM(C11:E11) -> 0 | H11: 30% NCI portion (Prior Year Profit)
A12: [BnC-7000] BnC Dividend Paid | B12: =_xlfn.XLOOKUP(A12,'Cashflow Working'!$3:$3,'Cashflow Working'!$130:$130,VALUE("0"),0,1) -> Proceeds from issue of shares | C12: ='Consol Entries'!D8 -> -150000 | E12: =-C12 -> 150000 | F12: =SUM(C12:E12) -> 0 | H12: 30% NCI portion (2021 Dividend b/f acquisition)
A13: [BnC-1100] BnC Accumulated Profit / Loss | B13: =_xlfn.XLOOKUP(A13,'Cashflow Working'!$3:$3,'Cashflow Working'!$130:$130,VALUE("0"),0,1) -> Proceeds from issue of shares | C13: ='Consol Entries'!D9 -> 1479985.7 | E13: =-C13 -> -1479985.7 | F13: =SUM(C13:E13) -> 0 | H13: (YTD Oct Profit)*70%
A14: [BnC-1100] BnC Accumulated Profit / Loss | B14: =_xlfn.XLOOKUP(A14,'Cashflow Working'!$3:$3,'Cashflow Working'!$130:$130,VALUE("0"),0,1) -> Proceeds from issue of shares | C14: ='Consol Entries'!D10 -> 634279.59 | E14: =-C14 -> -634279.59 | F14: =SUM(C14:E14) -> 0 | H14: (YTD Oct Profit)*30% NCI Portion
A15: Non-Controlling Interest (NCI) | B15: =_xlfn.XLOOKUP(A15,'Cashflow Working'!$3:$3,'Cashflow Working'!$130:$130,VALUE("0"),0,1) -> Provisions | C15: =-C8-C11-C12-C14 -> -934696.4 | F15: =SUM(C15:E15) -> -934696.4
A16: Goodwill from Acquisitions | B16: =_xlfn.XLOOKUP(A16,'Cashflow Working'!$3:$3,'Cashflow Working'!$130:$130,VALUE("0"),0,1) -> Proceeds from issue of shares | C16: ='Consol Entries'!D14 -> 22319042 | F16: =SUM(C16:E16) -> 22319042
A20: [BnC-1000] BnC Share Capital | B20: =_xlfn.XLOOKUP(A20,'Cashflow Working'!$3:$3,'Cashflow Working'!$130:$130,VALUE("0"),0,1) -> Proceeds from issue of shares | C20: =SUMIFS('BnC (TB-Oct21)'!J:J,'BnC (TB-Oct21)'!I:I,A20) -> -724230.77 | D20: Sums to zero | E20: =-C20 -> 724230.77 | F20: =SUM(C20:E20) -> 0
A21: [BnC-1100] BnC Accumulated Profit / Loss | B21: =_xlfn.XLOOKUP(A21,'Cashflow Working'!$3:$3,'Cashflow Working'!$130:$130,VALUE("0"),0,1) -> Proceeds from issue of shares | C21: =SUMIFS('BnC (TB-Oct21)'!J:J,'BnC (TB-Oct21)'!I:I,A21) -> -777158.6 | E21: =-C21 -> 777158.6 | F21: =SUM(C21:E21) -> 0
A23: [BnC-2B01] BnC Baking Equipment | B23: =_xlfn.XLOOKUP(A23,'Cashflow Working'!$3:$3,'Cashflow Working'!$130:$130,VALUE("0"),0,1) -> Purchase of property, plant and equipment | C23: =SUMIFS('BnC (TB-Oct21)'!J:J,'BnC (TB-Oct21)'!I:I,A23) -> 1705911.9 | F23: =SUM(C23:E23) -> 1705911.9
A24: [BnC-2B01] BnC Acc Depn-Baking Equipment | B24: =_xlfn.XLOOKUP(A24,'Cashflow Working'!$3:$3,'Cashflow Working'!$130:$130,VALUE("0"),0,1) -> Depreciation and amortisation | C24: =SUMIFS('BnC (TB-Oct21)'!J:J,'BnC (TB-Oct21)'!I:I,A24) -> -1125681 | F24: =SUM(C24:E24) -> -1125681
A25: [BnC-2C01] BnC Computer | B25: =_xlfn.XLOOKUP(A25,'Cashflow Working'!$3:$3,'Cashflow Working'!$130:$130,VALUE("0"),0,1) -> Purchase of property, plant and equipment | C25: =SUMIFS('BnC (TB-Oct21)'!J:J,'BnC (TB-Oct21)'!I:I,A25) -> 19007.44 | F25: =SUM(C25:E25) -> 19007.44
A26: [BnC-2C01] BnC Acc Depreciation - Computer | B26: =_xlfn.XLOOKUP(A26,'Cashflow Working'!$3:$3,'Cashflow Working'!$130:$130,VALUE("0"),0,1) -> Depreciation and amortisation | C26: =SUMIFS('BnC (TB-Oct21)'!J:J,'BnC (TB-Oct21)'!I:I,A26) -> -11664.16 | F26: =SUM(C26:E26) -> -11664.16
A27: [BnC-2F01] BnC Furniture & Fitting | B27: =_xlfn.XLOOKUP(A27,'Cashflow Working'!$3:$3,'Cashflow Working'!$130:$130,VALUE("0"),0,1) -> Purchase of property, plant and equipment | C27: =SUMIFS('BnC (TB-Oct21)'!J:J,'BnC (TB-Oct21)'!I:I,A27) -> 530454.02 | F27: =SUM(C27:E27) -> 530454.02
A28: [BnC-2F01] BnC Acc Depn - Furniture & Fitting | B28: =_xlfn.XLOOKUP(A28,'Cashflow Working'!$3:$3,'Cashflow Working'!$130:$130,VALUE("0"),0,1) -> Depreciation and amortisation | C28: =SUMIFS('BnC (TB-Oct21)'!J:J,'BnC (TB-Oct21)'!I:I,A28) -> -442850.94 | F28: =SUM(C28:E28) -> -442850.94
A29: [BnC-2I01] BnC Long Term Investment | B29: =_xlfn.XLOOKUP(A29,'Cashflow Working'!$3:$3,'Cashflow Working'!$130:$130,VALUE("0"),0,1) -> Purchase of property, plant and equipment | C29: =SUMIFS('BnC (TB-Oct21)'!J:J,'BnC (TB-Oct21)'!I:I,A29) -> 71398.83 | F29: =SUM(C29:E29) -> 71398.83
A30: [BnC-2K01] BnC Kitchen Equipment | B30: =_xlfn.XLOOKUP(A30,'Cashflow Working'!$3:$3,'Cashflow Working'!$130:$130,VALUE("0"),0,1) -> Purchase of property, plant and equipment | C30: =SUMIFS('BnC (TB-Oct21)'!J:J,'BnC (TB-Oct21)'!I:I,A30) -> 59802.01 | F30: =SUM(C30:E30) -> 59802.01
A31: [BnC-2O01] BnC Office Equipment | B31: =_xlfn.XLOOKUP(A31,'Cashflow Working'!$3:$3,'Cashflow Working'!$130:$130,VALUE("0"),0,1) -> Purchase of property, plant and equipment | C31: =SUMIFS('BnC (TB-Oct21)'!J:J,'BnC (TB-Oct21)'!I:I,A31) -> 198568.71 | F31: =SUM(C31:E31) -> 198568.71
A32: [BnC-2O01] BnC Acc Depreciation - Office Equipment | B32: =_xlfn.XLOOKUP(A32,'Cashflow Working'!$3:$3,'Cashflow Working'!$130:$130,VALUE("0"),0,1) -> Depreciation and amortisation | C32: =SUMIFS('BnC (TB-Oct21)'!J:J,'BnC (TB-Oct21)'!I:I,A32) -> -195814.76 | F32: =SUM(C32:E32) -> -195814.76
A33: [BnC-2R01] BnC Renovation | B33: =_xlfn.XLOOKUP(A33,'Cashflow Working'!$3:$3,'Cashflow Working'!$130:$130,VALUE("0"),0,1) -> Purchase of property, plant and equipment | C33: =SUMIFS('BnC (TB-Oct21)'!J:J,'BnC (TB-Oct21)'!I:I,A33) -> 3688198.1 | F33: =SUM(C33:E33) -> 3688198.1
A34: [BnC-2R01] BnC Acc Depn-Renovation | B34: =_xlfn.XLOOKUP(A34,'Cashflow Working'!$3:$3,'Cashflow Working'!$130:$130,VALUE("0"),0,1) -> Depreciation and amortisation | C34: =SUMIFS('BnC (TB-Oct21)'!J:J,'BnC (TB-Oct21)'!I:I,A34) -> -2846146.8 | F34: =SUM(C34:E34) -> -2846146.8
... A39: [BnC-3000] BnC Trade Debtors | B39: =_xlfn.XLOOKUP(A39,'Cashflow Working'!$3:$3,'Cashflow Working'!$130:$130,VALUE("0"),0,1) -> Trade and other receivables, and contract assets | C39: =SUMIFS('BnC (TB-Oct21)'!J:J,'BnC (TB-Oct21)'!I:I,A39) -> 206002.63 | F39: =SUM(C39:E39) -> 206002.63
A40: [BnC-3010] BnC Petty Cash | B40: =_xlfn.XLOOKUP(A40,'Cashflow Working'!$3:$3,'Cashflow Working'!$130:$130,VALUE("0"),0,1) -> 0 | C40: =SUMIFS('BnC (TB-Oct21)'!J:J,'BnC (TB-Oct21)'!I:I,A40) -> 21547.45 | E40: =-C40 -> -21547.45 | F40: =SUM(C40:E40) -> 0
A41: [BnC-3010] BnC Spare Cash Float | B41: =_xlfn.XLOOKUP(A41,'Cashflow Working'!$3:$3,'Cashflow Working'!$130:$130,VALUE("0"),0,1) -> 0 | C41: =SUMIFS('BnC (TB-Oct21)'!J:J,'BnC (TB-Oct21)'!I:I,A41) -> 4400 | E41: =-C41 -> -4400 | F41: =SUM(C41:E41) -> 0
A42: [BnC-3010] BnC Cash In POS | B42: =_xlfn.XLOOKUP(A42,'Cashflow Working'!$3:$3,'Cashflow Working'!$130:$130,VALUE("0"),0,1) -> 0 | C42: =SUMIFS('BnC (TB-Oct21)'!J:J,'BnC (TB-Oct21)'!I:I,A42) -> 2400 | E42: =-C42 -> -2400 | F42: =SUM(C42:E42) -> 0
A43: [BnC-3010] BnC OCBC - SGD 641-102686-001 | B43: =_xlfn.XLOOKUP(A43,'Cashflow Working'!$3:$3,'Cashflow Working'!$130:$130,VALUE("0"),0,1) -> 0 | C43: =SUMIFS('BnC (TB-Oct21)'!J:J,'BnC (TB-Oct21)'!I:I,A43) -> 837233.42 | E43: =-C43 -> -837233.42 | F43: =SUM(C43:E43) -> 0
A44: [BnC-3010] BnC SCB - SGD 0102 7994 23 | B44: =_xlfn.XLOOKUP(A44,'Cashflow Working'!$3:$3,'Cashflow Working'!$130:$130,VALUE("0"),0,1) -> 0 | C44: =SUMIFS('BnC (TB-Oct21)'!J:J,'BnC (TB-Oct21)'!I:I,A44) -> 280957.4 | E44: =-C44 -> -280957.4 | F44: =SUM(C44:E44) -> 0
A45: [BnC-3010] BnC DBS - SGD 0720280067 | B45: =_xlfn.XLOOKUP(A45,'Cashflow Working'!$3:$3,'Cashflow Working'!$130:$130,VALUE("0"),0,1) -> 0 | C45: =SUMIFS('BnC (TB-Oct21)'!J:J,'BnC (TB-Oct21)'!I:I,A45) -> 42935.27 | E45: =-C45 -> -42935.27 | F45: =SUM(C45:E45) -> 0
A46: [BnC-3010] BnC Ocbc - SGD 687239491001 | B46: =_xlfn.XLOOKUP(A46,'Cashflow Working'!$3:$3,'Cashflow Working'!$130:$130,VALUE("0"),0,1) -> 0 | C46: =SUMIFS('BnC (TB-Oct21)'!J:J,'BnC (TB-Oct21)'!I:I,A46) -> 2027292.5 | E46: =-C46 -> -2027292.5 | F46: =SUM(C46:E46) -> 0
A47: [BnC-3010] BnC Paypal Account | B47: =_xlfn.XLOOKUP(A47,'Cashflow Working'!$3:$3,'Cashflow Working'!$130:$130,VALUE("0"),0,1) -> 0 | C47: =SUMIFS('BnC (TB-Oct21)'!J:J,'BnC (TB-Oct21)'!I:I,A47) -> 196934.23 | E47: =-C47 -> -196934.23 | F47: =SUM(C47:E47) -> 0
A48: [BnC-3010] BnC UOB - SGD 3493328601 | B48: =_xlfn.XLOOKUP(A48,'Cashflow Working'!$3:$3,'Cashflow Working'!$130:$130,VALUE("0"),0,1) -> 0 | C48: =SUMIFS('BnC (TB-Oct21)'!J:J,'BnC (TB-Oct21)'!I:I,A48) -> 271922.6 | E48: =-C48 -> -271922.6 | F48: =SUM(C48:E48) -> 0
A49: [BnC-3020] BnC Deposit | B49: =_xlfn.XLOOKUP(A49,'Cashflow Working'!$3:$3,'Cashflow Working'!$130:$130,VALUE("0"),0,1) -> Other current asset | C49: =SUMIFS('BnC (TB-Oct21)'!J:J,'BnC (TB-Oct21)'!I:I,A49) -> 579772.05 | F49: =SUM(C49:E49) -> 579772.05
A50: [BnC-3020] BnC Prepayment | B50: =_xlfn.XLOOKUP(A50,'Cashflow Working'!$3:$3,'Cashflow Working'!$130:$130,VALUE("0"),0,1) -> Prepayments | C50: =SUMIFS('BnC (TB-Oct21)'!J:J,'BnC (TB-Oct21)'!I:I,A50) -> 388632.71 | F50: =SUM(C50:E50) -> 388632.71
A51: [BnC-3020] BnC Amount Owing By B&C Msia | B51: =_xlfn.XLOOKUP(A51,'Cashflow Working'!$3:$3,'Cashflow Working'!$130:$130,VALUE("0"),0,1) -> Trade and other receivables, and contract assets | C51: =SUMIFS('BnC (TB-Oct21)'!J:J,'BnC (TB-Oct21)'!I:I,A51) -> 1918.64 | F51: =SUM(C51:E51) -> 1918.64
A52: [BnC-3031] BnC Right Of Use | B52: =_xlfn.XLOOKUP(A52,'Cashflow Working'!$3:$3,'Cashflow Working'!$130:$130,VALUE("0"),0,1) -> Purchase of property, plant and equipment | C52: =SUMIFS('BnC (TB-Oct21)'!J:J,'BnC (TB-Oct21)'!I:I,A52) -> 2786021.1 | F52: =SUM(C52:E52) -> 2786021.1
A53: [BnC-3060] BnC Closing Stock | B53: =_xlfn.XLOOKUP(A53,'Cashflow Working'!$3:$3,'Cashflow Working'!$130:$130,VALUE("0"),0,1) -> Inventories | C53: =SUMIFS('BnC (TB-Oct21)'!J:J,'BnC (TB-Oct21)'!I:I,A53) -> 111992.03 | F53: =SUM(C53:E53) -> 111992.03
A54: [BnC-3090] BnC GST Input Tax | B54: =_xlfn.XLOOKUP(A54,'Cashflow Working'!$3:$3,'Cashflow Working'!$130:$130,VALUE("0"),0,1) -> Trade and other receivables, and contract assets | C54: =SUMIFS('BnC (TB-Oct21)'!J:J,'BnC (TB-Oct21)'!I:I,A54) -> 41445.48 | F54: =SUM(C54:E54) -> 41445.48
A55: [BnC-4000] BnC Trade Payables | B55: =_xlfn.XLOOKUP(A55,'Cashflow Working'!$3:$3,'Cashflow Working'!$130:$130,VALUE("0"),0,1) -> Trade and Other payables, and contract liabilities | C55: =SUMIFS('BnC (TB-Oct21)'!J:J,'BnC (TB-Oct21)'!I:I,A55) -> -476401.85 | F55: =SUM(C55:E55) -> -476401.85
A56: [BnC-4010] BnC Accrual | B56: =_xlfn.XLOOKUP(A56,'Cashflow Working'!$3:$3,'Cashflow Working'!$130:$130,VALUE("0"),0,1) -> Trade and Other payables, and contract liabilities | C56: =SUMIFS('BnC (TB-Oct21)'!J:J,'BnC (TB-Oct21)'!I:I,A56) -> -2008.38 | F56: =SUM(C56:E56) -> -2008.38
A57: [BnC-4010] BnC CPF Payables | B57: =_xlfn.XLOOKUP(A57,'Cashflow Working'!$3:$3,'Cashflow Working'!$130:$130,VALUE("0"),0,1) -> Trade and Other payables, and contract liabilities | C57: =SUMIFS('BnC (TB-Oct21)'!J:J,'BnC (TB-Oct21)'!I:I,A57) -> -87792.79 | F57: =SUM(C57:E57) -> -87792.79
A58: [BnC-3020] BnC Deposit Received | B58: =_xlfn.XLOOKUP(A58,'Cashflow Working'!$3:$3,'Cashflow Working'!$130:$130,VALUE("0"),0,1) -> Trade and Other payables, and contract liabilities | C58: =SUMIFS('BnC (TB-Oct21)'!J:J,'BnC (TB-Oct21)'!I:I,A58) -> -68657.29 | F58: =SUM(C58:E58) -> -68657.29
A59: [BnC-4011] BnC Lease Liability | B59: =_xlfn.XLOOKUP(A59,'Cashflow Working'!$3:$3,'Cashflow Working'!$130:$130,VALUE("0"),0,1) -> Repayment of obligations under leases | C59: =SUMIFS('BnC (TB-Oct21)'!J:J,'BnC (TB-Oct21)'!I:I,A59) -> -2852380.9 | F59: =SUM(C59:E59) -> -2852380.9
A60: [BnC-4012] BnC DBS Bridging Loan | B60: =_xlfn.XLOOKUP(A60,'Cashflow Working'!$3:$3,'Cashflow Working'!$130:$130,VALUE("0"),0,1) -> Proceeds from borrowings | C60: =SUMIFS('BnC (TB-Oct21)'!J:J,'BnC (TB-Oct21)'!I:I,A60) -> -2504246.6 | F60: =SUM(C60:E60) -> -2504246.6
... A66: [BnC-4300] BnC Suspense Account | B66: =_xlfn.XLOOKUP(A66,'Cashflow Working'!$3:$3,'Cashflow Working'!$130:$130,VALUE("0"),0,1) -> Trade and Other payables, and contract liabilities | C66: =SUMIFS('BnC (TB-Oct21)'!J:J,'BnC (TB-Oct21)'!I:I,A66) -> -70341 | F66: =SUM(C66:E66) -> -70341
A70: Current Year Profit and Loss | C70: =SUM('BnC (TB-Oct21)'!J224:J519) -> -1614265.3 | E70: =-C70 -> 1614265.3 | F70: =SUM(F1:F69) -> -4.9476512e-10

Sheet Project Toffee
E3: To post | F3: Accruals: NonTrade
E4: FA Transfer | F4: Kinki Reno | G4: Total
C5: To reverse from this account | E5: CCPL | F5: KLPL
A6: Dr | B6: Fixed Asset | C6: GL Migration/ Accruals: NonTrade | D6: 2109511.7 | E6: 29634.91 | F6: 467544 | G6: 2606690.6 | I6: Purchase of property, plant and equipment | J6: =G6 -> 2606690.6
A7: Dr | B7: Inventory | C7: Inventory Migration | D7: 629862.51 | G7: 629862.51 | I7: Inventories | J7: =G7-553.11 -> 629309.4
A8: Dr | B8: Trademark | C8: GL Migration | D8: 30561000 | G8: 30561000 | I8: Additions to intangible asset | J8: =G8 -> 30561000
A9: Dr | B9: Goodwill (Balancing) | C9: GL Migration | D9: 18218000 | G9: 18218000 | I9: Proceeds from issue of shares | J9: =G9 -> 18218000
A10: Cr | B10: Deferred Tax Liability | C10: GL Migration | D10: -5195000 | G10: -5195000 | I10: Provisions | J10: =G10 -> -5195000
A11: Cr | B11: Share Capital | C11: Recoverable: Interco | D11: -46820000 | G11: -46820000 | I11: Trade and other receivables, and contract assets | J11: =G11 -> -46820000
G13: =SUM(G6:G12) -> 553.11
D15: 44197 | E15: To post | F15: To post
D16: Migrated Account | E16: Sch 6 Entries | F16: Sch 6 Adj | G16: Check
A17: Schedule 6 | D17: KLPL | E17: CCPL | F17: KLPL
A18: Dr | B18: Unopened Alcohol | C18: Inventory Migration | D18: 226533.89 | E18: 0 | F18: -137.89 | G18: 226396 | I18: Inventories | J18: =G18 -> 226396
A19: Dr | B19: Outlets Cash Float | C19: AP Migration | D19: 21200 | E19: 52950 | G19: 74150 | I19: Proceeds from issue of shares | J19: =G19 -> 74150
A20: Dr | B20: Prepayment | C20: GL Migration | D20: 14780.41 | E20: 49791.391 | F20: -3155.41 | G20: 61416.391 | I20: Prepayments | J20: =G20 -> 61416.391
A21: Cr | B21: Deposit | C21: AP Migration | D21: 306621 | E21: 1387167 | G21: 1693788 | I21: Other current asset | J21: =G21 -> 1693788
A22: Cr | B22: Voucher | C22: GL Migration | D22: -120090 | E22: -11148 | F22: 1450 | G22: -129788 | I22: Provisions | J22: =G22 -> -129788
A23: Dr | B23: Unutilised Annual Leave Prov | C23: GL Migration | D23: -126167.24 | E23: -106722 | F23: 16040.24 | G23: -216849 | I23: Provisions | J23: =G23 -> -216849
A24: Cr | B24: Share Capital | D24: -322878.06 | E24: -1372038.4 | F24: -14196.94 | G24: -1709113.4 | I24: Proceeds from issue of shares | J24: =G24 -> -1709113.4

Sheet BnC (TB-Oct21)
A1: TRIAL BALANCE - FOR THE MONTH OF OCTOBER 2021
A3: BAKER AND COOK PTE LTD
A4: A/C No. | B4: Description | C4: Description(2) | D4: YTD-Debit | E4: YTD-Credit | F4: MTD-Debit | G4: MTD-Credit | J4: YTD
A5: 1000/000 | B5: SHARE CAPITAL | E5: 724230.77 | I5: =VLOOKUP(A5,bnc_Map!A:C,3,FALSE) -> [BnC-1000] BnC Share Capital | J5: =D5-E5 -> -724230.77
A6: 1100/000 | B6: ACCUMULATED PROFIT / LOSS | E6: 777158.6 | I6: =VLOOKUP(A6,bnc_Map!A:C,3,FALSE) -> [BnC-1100] BnC Accumulated Profit / Loss | J6: =D6-E6 -> -777158.6
A7: 2B01/008 | B7: BAKING EQUIPMENT - CENTRAL KITCHEN | D7: 173918.77 | I7: =VLOOKUP(A7,bnc_Map!A:C,3,FALSE) -> [BnC-2B01] BnC Baking Equipment | J7: =D7-E7 -> 173918.77
A8: 2B01/009 | B8: ACC DEPN-BAKING EQ-CENTRAL KITC | E8: 27712.46 | G8: 5822.15 | I8: =VLOOKUP(A8,bnc_Map!A:C,3,FALSE) -> [BnC-2B01] BnC Acc Depn-Baking Equipment | J8: =D8-E8 -> -27712.46
A9: 2B01/010 | B9: BAKING EQUIPMENT - HILLCREST | D9: 279445.36 | I9: =VLOOKUP(A9,bnc_Map!A:C,3,FALSE) -> [BnC-2B01] BnC Baking Equipment | J9: =D9-E9 -> 279445.36
A10: 2B01/015 | B10: ACC DEPRECIATION - BAKING EQP - HC | E10: 231268.81 | G10: 495.02 | I10: =VLOOKUP(A10,bnc_Map!A:C,3,FALSE) -> [BnC-2B01] BnC Acc Depn-Baking Equipment | J10: =D10-E10 -> -231268.81
A11: 2B01/020 | B11: BAKING EQUIPMENT - CHIP BEE | D11: 54470.38 | I11: =VLOOKUP(A11,bnc_Map!A:C,3,FALSE) -> [BnC-2B01] BnC Baking Equipment | J11: =D11-E11 -> 54470.38
A12: 2B01/025 | B12: ACC DEPRECIATION - BAKING EQP - CB | E12: 47875.07 | G12: 451.47 | I12: =VLOOKUP(A12,bnc_Map!A:C,3,FALSE) -> [BnC-2B01] BnC Acc Depn-Baking Equipment | J12: =D12-E12 -> -47875.07
A13: 2B01/030 | B13: BAKING EQUIPMENT - INTERCONTINENTAL | D13: 16806.52 | I13: =VLOOKUP(A13,bnc_Map!A:C,3,FALSE) -> [BnC-2B01] BnC Baking Equipment | J13: =D13-E13 -> 16806.52
A14: 2B01/035 | B14: ACC DEPRECIATION - BAKING EQP-INTERCON | E14: 14552.44 | G14: 148.93 | I14: =VLOOKUP(A14,bnc_Map!A:C,3,FALSE) -> [BnC-2B01] BnC Acc Depn-Baking Equipment | J14: =D14-E14 -> -14552.44
A15: 2B01/040 | B15: BAKING EQUIPMENT - SWAN LAKE | D15: 128862.03 | I15: =VLOOKUP(A15,bnc_Map!A:C,3,FALSE) -> [BnC-2B01] BnC Baking Equipment | J15: =D15-E15 -> 128862.03
A16: 2B01/045 | B16: ACC DEPRECIATION-BAKING EQP-SWAN LAKE | E16: 99508.42 | G16: 1467.8 | I16: =VLOOKUP(A16,bnc_Map!A:C,3,FALSE) -> [BnC-2B01] BnC Acc Depn-Baking Equipment | J16: =D16-E16 -> -99508.42
A17: 2B01/050 | B17: BAKING EQUIPMENT - SUNSET WAY | D17: 71300 | I17: =VLOOKUP(A17,bnc_Map!A:C,3,FALSE) -> [BnC-2B01] BnC Baking Equipment | J17: =D17-E17 -> 71300
A18: 2B01/055 | B18: ACC DEPRECIATION - BAKING EQP - S.WAY | E18: 57610.14 | G18: 604.94 | I18: =VLOOKUP(A18,bnc_Map!A:C,3,FALSE) -> [BnC-2B01] BnC Acc Depn-Baking Equipment | J18: =D18-E18 -> -57610.14
A19: 2B01/060 | B19: BAKING EQUIPMENT - BAKING SCHOOL | D19: 79360.52 | I19: =VLOOKUP(A19,bnc_Map!A:C,3,FALSE) -> [BnC-2B01] BnC Baking Equipment | J19: =D19-E19 -> 79360.52
A20: 2B01/065 | B20: ACC DEPRECIATION - BAKING EQP - BS | E20: 52514.96 | G20: 895.67 | I20: =VLOOKUP(A20,bnc_Map!A:C,3,FALSE) -> [BnC-2B01] BnC Acc Depn-Baking Equipment | J20: =D20-E20 -> -52514.96
A21: 2B01/070 | B21: BAKING EQUIPMENT - HOLIDAY INN | D21: 32550 | I21: =VLOOKUP(A21,bnc_Map!A:C,3,FALSE) -> [BnC-2B01] BnC Baking Equipment | J21: =D21-E21 -> 32550
A22: 2B01/075 | B22: ACC DEPRECIATION - BAKING EQP - HI | E22: 22038.25 | G22: 339.05 | I22: =VLOOKUP(A22,bnc_Map!A:C,3,FALSE) -> [BnC-2B01] BnC Acc Depn-Baking Equipment | J22: =D22-E22 -> -22038.25
A23: 2B01/080 | B23: BAKING EQUIPMENT - NAMLY | D23: 166937.59 | I23: =VLOOKUP(A23,bnc_Map!A:C,3,FALSE) -> [BnC-2B01] BnC Baking Equipment | J23: =D23-E23 -> 166937.59
A24: 2B01/085 | B24: ACC DEPRECIATION - BAK EQP - NAMLY | E24: 109553.22 | G24: 1738.94 | I24: =VLOOKUP(A24,bnc_Map!A:C,3,FALSE) -> [BnC-2B01] BnC Acc Depn-Baking Equipment | J24: =D24-E24 -> -109553.22
A25: 2B01/090 | B25: BAKING EQUIPMENT - GREENWOOD | D25: 187590.55 | I25: =VLOOKUP(A25,bnc_Map!A:C,3,FALSE) -> [BnC-2B01] BnC Baking Equipment | J25: =D25-E25 -> 187590.55
A26: 2B01/095 | B26: ACC DEPRECIATION - BAKING EQP- GREENWOOD | E26: 151200.18 | G26: 3908.08 | I26: =VLOOKUP(A26,bnc_Map!A:C,3,FALSE) -> [BnC-2B01] BnC Acc Depn-Baking Equipment | J26: =D26-E26 -> -151200.18
A27: 2B01/100 | B27: BAKING EQUIPMENT - ENG KONG TER | D27: 171540.36 | I27: =VLOOKUP(A27,bnc_Map!A:C,3,FALSE) -> [BnC-2B01] BnC Baking Equipment | J27: =D27-E27 -> 171540.36
A28: 2B01/105 | B28: ACC DEPRN-BAKING EQP-ENG KONG TER | E28: 128653.2 | G28: 3573.7 | I28: =VLOOKUP(A28,bnc_Map!A:C,3,FALSE) -> [BnC-2B01] BnC Acc Depn-Baking Equipment | J28: =D28-E28 -> -128653.2
A29: 2B01/110 | B29: BAKING EQUIPMENT - SERANGOON GARDEN WAY | D29: 101566.32 | I29: =VLOOKUP(A29,bnc_Map!A:C,3,FALSE) -> [BnC-2B01] BnC Baking Equipment | J29: =D29-E29 -> 101566.32
A30: 2B01/115 | B30: ACC DEPN - BAKING EQP - SERANGOON WAY | E30: 74061.2 | G30: 2116 | I30: =VLOOKUP(A30,bnc_Map!A:C,3,FALSE) -> [BnC-2B01] BnC Acc Depn-Baking Equipment | J30: =D30-E30 -> -74061.2
A31: 2B01/120 | B31: BAKING EQUIPMENT - DEMPSEY | D31: 144605.93 | I31: =VLOOKUP(A31,bnc_Map!A:C,3,FALSE) -> [BnC-2B01] BnC Baking Equipment | J31: =D31-E31 -> 144605.93
A32: 2B01/125 | B32: ACC DEPN - BAKING EQP - DEMPSEY | E32: 84526.58 | G32: 3140.37 | I32: =VLOOKUP(A32,bnc_Map!A:C,3,FALSE) -> [BnC-2B01] BnC Acc Depn-Baking Equipment | J32: =D32-E32 -> -84526.58
A33: 2B01/130 | B33: BAKING EQUIPMENT - FABER DR | D33: 96957.52 | I33: =VLOOKUP(A33,bnc_Map!A:C,3,FALSE) -> [BnC-2B01] BnC Baking Equipment | J33: =D33-E33 -> 96957.52
A34: 2B01/135 | B34: ACC DEPN - BAKING EQP - FABER DR | E34: 24606.04 | G34: 2065.78 | I34: =VLOOKUP(A34,bnc_Map!A:C,3,FALSE) -> [BnC-2B01] BnC Acc Depn-Baking Equipment | J34: =D34-E34 -> -24606.04
A35: 2C01/010 | B35: COMPUTER - HILLCREST | D35: 14924.67 | I35: =VLOOKUP(A35,bnc_Map!A:C,3,FALSE) -> [BnC-2C01] BnC Computer | J35: =D35-E35 -> 14924.67
A36: 2C01/015 | B36: ACC DEPRECIATION - COMPUTER - HC | E36: 9355.62 | G36: 235.38 | I36: =VLOOKUP(A36,bnc_Map!A:C,3,FALSE) -> [BnC-2C01] BnC Acc Depreciation - Computer | J36: =D36-E36 -> -9355.62
A37: 2C01/040 | B37: COMPUTER - SWAN LAKE | D37: 1380.77 | I37: =VLOOKUP(A37,bnc_Map!A:C,3,FALSE) -> [BnC-2C01] BnC Computer | J37: =D37-E37 -> 1380.77
A38: 2C01/045 | B38: ACC DEPRECIATION - COMPUTER - SWAN LAKE | E38: 957.59 | G38: 13.23 | I38: =VLOOKUP(A38,bnc_Map!A:C,3,FALSE) -> [BnC-2C01] BnC Acc Depreciation - Computer | J38: =D38-E38 -> -957.59
A39: 2C01/060 | B39: COMPUTER - FABER DR | D39: 2702 | I39: =VLOOKUP(A39,bnc_Map!A:C,3,FALSE) -> [BnC-2C01] BnC Computer | J39: =D39-E39 -> 2702
A40: 2C01/065 | B40: ACC DEPRECIATION - COMPUTER - FABER DR | E40: 1350.95 | G40: 112.58 | I40: =VLOOKUP(A40,bnc_Map!A:C,3,FALSE) -> [BnC-2C01] BnC Acc Depreciation - Computer | J40: =D40-E40 -> -1350.95
A41: 2F01/008 | B41: F&F - CENTRAL KITCHEN | D41: 8415.2 | I41: =VLOOKUP(A41,bnc_Map!A:C,3,FALSE) -> [BnC-2F01] BnC Furniture & Fitting | J41: =D41-E41 -> 8415.2
A42: 2F01/009 | B42: ACC DEPN - F&F - CENTRAL KITCHEN | E42: 811.36 | G42: 233.76 | I42: =VLOOKUP(A42,bnc_Map!A:C,3,FALSE) -> [BnC-2F01] BnC Acc Depn - Furniture & Fitting | J42: =D42-E42 -> -811.36
A43: 2F01/010 | B43: FURNITURE AND FITTINGS - HILLCREST | D43: 42926.64 | I43: =VLOOKUP(A43,bnc_Map!A:C,3,FALSE) -> [BnC-2F01] BnC Furniture & Fitting | J43: =D43-E43 -> 42926.64
A44: 2F01/015 | B44: ACC DEPRECIATION - F&F - HC | E44: 37526.64 | G44: 175 | I44: =VLOOKUP(A44,bnc_Map!A:C,3,FALSE) -> [BnC-2F01] BnC Acc Depn - Furniture & Fitting | J44: =D44-E44 -> -37526.64
A45: 2F01/020 | B45: FURNITURE AND FITTINGS - CHIP BEE | D45: 40754.43 | I45: =VLOOKUP(A45,bnc_Map!A:C,3,FALSE) -> [BnC-2F01] BnC Furniture & Fitting | J45: =D45-E45 -> 40754.43
A46: 2F01/025 | B46: ACC DEPRECIATION - F&F - CB | E46: 40754.43 | I46: =VLOOKUP(A46,bnc_Map!A:C,3,FALSE) -> [BnC-2F01] BnC Acc Depn - Furniture & Fitting | J46: =D46-E46 -> -40754.43
A47: 2F01/030 | B47: FURNITURE AND FITTINGS-INTERCONTINENTAL | D47: 37420.18 | I47: =VLOOKUP(A47,bnc_Map!A:C,3,FALSE) -> [BnC-2F01] BnC Furniture & Fitting | J47: =D47-E47 -> 37420.18
A48: 2F01/035 | B48: ACC DEPRECIATION - F&F-INTERCONTINENTAL | E48: 37420.18 | I48: =VLOOKUP(A48,bnc_Map!A:C,3,FALSE) -> [BnC-2F01] BnC Acc Depn - Furniture & Fitting | J48: =D48-E48 -> -37420.18
A49: 2F01/040 | B49: FURNITURE AND FITTINGS - SWAN LAKE | D49: 51357.76 | I49: =VLOOKUP(A49,bnc_Map!A:C,3,FALSE) -> [BnC-2F01] BnC Furniture & Fitting | J49: =D49-E49 -> 51357.76
A50: 2F01/045 | B50: ACC DEPRECIATION - F&F - SWAN LAKE | E50: 43770.04 | G50: 561.32 | I50: =VLOOKUP(A50,bnc_Map!A:C,3,FALSE) -> [BnC-2F01] BnC Acc Depn - Furniture & Fitting | J50: =D50-E50 -> -43770.04
A51: 2F01/050 | B51: FURNITURE AND FITTINGS - SUNSET WAY | D51: 14858.87 | I51: =VLOOKUP(A51,bnc_Map!A:C,3,FALSE) -> [BnC-2F01] BnC Furniture & Fitting | J51: =D51-E51 -> 14858.87
A52: 2F01/055 | B52: ACC DEP - F&F - SUNSET WAY | E52: 12835.4 | G52: 80.56 | I52: =VLOOKUP(A52,bnc_Map!A:C,3,FALSE) -> [BnC-2F01] BnC Acc Depn - Furniture & Fitting | J52: =D52-E52 -> -12835.4
A53: 2F01/060 | B53: FURNITURE AND FITTINGS - BAKING SCHOOL | D53: 47690.72 | I53: =VLOOKUP(A53,bnc_Map!A:C,3,FALSE) -> [BnC-2F01] BnC Furniture & Fitting | J53: =D53-E53 -> 47690.72
A54: 2F01/065 | B54: ACC DEPRECIATION - F&F - BS | E54: 47590.5 | G54: 14.32 | I54: =VLOOKUP(A54,bnc_Map!A:C,3,FALSE) -> [BnC-2F01] BnC Acc Depn - Furniture & Fitting | J54: =D54-E54 -> -47590.5
A55: 2F01/070 | B55: FURNITURE & FITTINGS - HOLIDAY INN EXP | D55: 2554 | I55: =VLOOKUP(A55,bnc_Map!A:C,3,FALSE) -> [BnC-2F01] BnC Furniture & Fitting | J55: =D55-E55 -> 2554
A56: 2F01/075 | B56: ACC DEP - F&F - HOLIDAY INN | E56: 2483.07 | I56: =VLOOKUP(A56,bnc_Map!A:C,3,FALSE) -> [BnC-2F01] BnC Acc Depn - Furniture & Fitting | J56: =D56-E56 -> -2483.07
A57: 2F01/080 | B57: FURNITURE & FITTINGS - NAMLY PLACE | D57: 48692.14 | I57: =VLOOKUP(A57,bnc_Map!A:C,3,FALSE) -> [BnC-2F01] BnC Furniture & Fitting | J57: =D57-E57 -> 48692.14
A58: 2F01/085 | B58: ACC DEPRECIATION - F&F - NAMLY | E58: 41553.73 | G58: 256.09 | I58: =VLOOKUP(A58,bnc_Map!A:C,3,FALSE) -> [BnC-2F01] BnC Acc Depn - Furniture & Fitting | J58: =D58-E58 -> -41553.73
A59: 2F01/090 | B59: FURNITURE AND FITTINGS-GREENWOOD | D59: 38798.96 | I59: =VLOOKUP(A59,bnc_Map!A:C,3,FALSE) -> [BnC-2F01] BnC Furniture & Fitting | J59: =D59-E59 -> 38798.96
A60: 2F01/095 | B60: ACC DEPN - F&F - GREENWOOD | E60: 34285.88 | G60: 255.94 | I60: =VLOOKUP(A60,bnc_Map!A:C,3,FALSE) -> [BnC-2F01] BnC Acc Depn - Furniture & Fitting | J60: =D60-E60 -> -34285.88
A61: 2F01/100 | B61: FURNITURE AND FITTINGS-ENG KONG | D61: 32423.48 | I61: =VLOOKUP(A61,bnc_Map!A:C,3,FALSE) -> [BnC-2F01] BnC Furniture & Fitting | J61: =D61-E61 -> 32423.48
A62: 2F01/105 | B62: ACC DEPN - F&F - ENG KONG | E62: 32361.48 | G62: 902.68 | I62: =VLOOKUP(A62,bnc_Map!A:C,3,FALSE) -> [BnC-2F01] BnC Acc Depn - Furniture & Fitting | J62: =D62-E62 -> -32361.48
A63: 2F01/110 | B63: FURNITURE AND FITTINGS-SERANGOON | D63: 30097.94 | F63: 3600 | I63: =VLOOKUP(A63,bnc_Map!A:C,3,FALSE) -> [BnC-2F01] BnC Furniture & Fitting | J63: =D63-E63 -> 30097.94
A64: 2F01/115 | B64: ACC DEPN - F&F - SERANGOON | E64: 23841.15 | G64: 836.11 | I64: =VLOOKUP(A64,bnc_Map!A:C,3,FALSE) -> [BnC-2F01] BnC Acc Depn - Furniture & Fitting | J64: =D64-E64 -> -23841.15
A65: 2F01/120 | B65: FURNITURE & FITTINGS - DEMPSEY | D65: 121211.7 | I65: =VLOOKUP(A65,bnc_Map!A:C,3,FALSE) -> [BnC-2F01] BnC Furniture & Fitting | J65: =D65-E65 -> 121211.7
A66: 2F01/125 | B66: ACC DEPN - F&F - DEM | E66: 83849.71 | G66: 3370.13 | I66: =VLOOKUP(A66,bnc_Map!A:C,3,FALSE) -> [BnC-2F01] BnC Acc Depn - Furniture & Fitting | J66: =D66-E66 -> -83849.71
A67: 2F01/130 | B67: FURNITURE & FITTINGS - FABER DR | D67: 13252 | I67: =VLOOKUP(A67,bnc_Map!A:C,3,FALSE) -> [BnC-2F01] BnC Furniture & Fitting | J67: =D67-E67 -> 13252
A68: 2F01/135 | B68: ACC DEPN - F&F - FABER DR | E68: 3767.37 | G68: 368.12 | I68: =VLOOKUP(A68,bnc_Map!A:C,3,FALSE) -> [BnC-2F01] BnC Acc Depn - Furniture & Fitting | J68: =D68-E68 -> -3767.37
A69: 2I01/000 | B69: LONG TERM INVESTMENT | D69: 71398.83 | I69: =VLOOKUP(A69,bnc_Map!A:C,3,FALSE) -> [BnC-2I01] BnC Long Term Investment | J69: =D69-E69 -> 71398.83
A70: 2K01/098 | B70: KITCHEN EQ-CENTRAL KITCHEN | D70: 49927.01 | I70: =VLOOKUP(A70,bnc_Map!A:C,3,FALSE) -> [BnC-2K01] BnC Kitchen Equipment | J70: =D70-E70 -> 49927.01
A71: 2K01/100 | B71: KITCHEN EQUIPMENTS - SWAN LAKE | D71: 1545 | I71: =VLOOKUP(A71,bnc_Map!A:C,3,FALSE) -> [BnC-2K01] BnC Kitchen Equipment | J71: =D71-E71 -> 1545
A72: 2K01/700 | B72: KITCHEN EQUIPMENT - DEMPSEY | D72: 6130 | I72: =VLOOKUP(A72,bnc_Map!A:C,3,FALSE) -> [BnC-2K01] BnC Kitchen Equipment | J72: =D72-E72 -> 6130
A73: 2K01/800 | B73: KITCHEN EQUIPMENT - FABER DR | D73: 2200 | I73: =VLOOKUP(A73,bnc_Map!A:C,3,FALSE) -> [BnC-2K01] BnC Kitchen Equipment | J73: =D73-E73 -> 2200
A74: 2O01/010 | B74: OFFICE EQUIPMENT - HILLCREST | D74: 37099.63 | I74: =VLOOKUP(A74,bnc_Map!A:C,3,FALSE) -> [BnC-2O01] BnC Office Equipment | J74: =D74-E74 -> 37099.63
A75: 2O01/015 | B75: ACC DEPRECIATION - OFFICE EQP - HC | E75: 34819.03 | G75: 93.39 | I75: =VLOOKUP(A75,bnc_Map!A:C,3,FALSE) -> [BnC-2O01] BnC Acc Depreciation - Office Equipment | J75: =D75-E75 -> -34819.03
A76: 2O01/020 | B76: OFFICE EQUIPMENT - CHIP BEE | D76: 13015.4 | I76: =VLOOKUP(A76,bnc_Map!A:C,3,FALSE) -> [BnC-2O01] BnC Office Equipment | J76: =D76-E76 -> 13015.4
A77: 2O01/025 | B77: ACC DEPRECIATION - OFFICE EQP - CB | E77: 13015.4 | I77: =VLOOKUP(A77,bnc_Map!A:C,3,FALSE) -> [BnC-2O01] BnC Acc Depreciation - Office Equipment | J77: =D77-E77 -> -13015.4
A78: 2O01/030 | B78: OFFICE EQUIPMENT - IC | D78: 4149.89 | I78: =VLOOKUP(A78,bnc_Map!A:C,3,FALSE) -> [BnC-2O01] BnC Office Equipment | J78: =D78-E78 -> 4149.89
A79: 2O01/035 | B79: ACC DEPRECIATION - OFFICE EQP - IC | E79: 4149.89 | I79: =VLOOKUP(A79,bnc_Map!A:C,3,FALSE) -> [BnC-2O01] BnC Acc Depreciation - Office Equipment | J79: =D79-E79 -> -4149.89
A80: 2O01/040 | B80: OFFICE EQUIPMENT - SWAN LAKE | D80: 21821.81 | I80: =VLOOKUP(A80,bnc_Map!A:C,3,FALSE) -> [BnC-2O01] BnC Office Equipment | J80: =D80-E80 -> 21821.81
A81: 2O01/045 | B81: ACC DEPN-OFFICE EQP - SWAN LAKE | E81: 21681.81 | G81: 20 | I81: =VLOOKUP(A81,bnc_Map!A:C,3,FALSE) -> [BnC-2O01] BnC Acc Depreciation - Office Equipment | J81: =D81-E81 -> -21681.81
A82: 2O01/050 | B82: OFFICE EQUIPMENT - SUNSET WAY | D82: 10892.17 | I82: =VLOOKUP(A82,bnc_Map!A:C,3,FALSE) -> [BnC-2O01] BnC Office Equipment | J82: =D82-E82 -> 10892.17
A83: 2O01/055 | B83: ACC DEPN - OFFICE EQP - SUNSET WAY | E83: 10892.17 | I83: =VLOOKUP(A83,bnc_Map!A:C,3,FALSE) -> [BnC-2O01] BnC Acc Depreciation - Office Equipment | J83: =D83-E83 -> -10892.17
A84: 2O01/060 | B84: OFFICE EQUIPMENT - BAKING SCHOOL | D84: 13226.95 | I84: =VLOOKUP(A84,bnc_Map!A:C,3,FALSE) -> [BnC-2O01] BnC Office Equipment | J84: =D84-E84 -> 13226.95
A85: 2O01/065 | B85: ACC DEPRECIATION - OFFICE EQP - BS | E85: 12893.6 | G85: 39.5 | I85: =VLOOKUP(A85,bnc_Map!A:C,3,FALSE) -> [BnC-2O01] BnC Acc Depreciation - Office Equipment | J85: =D85-E85 -> -12893.6
A86: 2O01/070 | B86: OFFICE EQUIPMENT - HOLIDAY INN | D86: 5969.9 | I86: =VLOOKUP(A86,bnc_Map!A:C,3,FALSE) -> [BnC-2O01] BnC Office Equipment | J86: =D86-E86 -> 5969.9
A87: 2O01/075 | B87: ACC DEPN - OFFICE EQUIPMENT - HIX | E87: 5969.9 | I87: =VLOOKUP(A87,bnc_Map!A:C,3,FALSE) -> [BnC-2O01] BnC Acc Depreciation - Office Equipment | J87: =D87-E87 -> -5969.9
A88: 2O01/080 | B88: OFFICE EQUIPMENT - NAMLY | D88: 19293.61 | I88: =VLOOKUP(A88,bnc_Map!A:C,3,FALSE) -> [BnC-2O01] BnC Office Equipment | J88: =D88-E88 -> 19293.61
A89: 2O01/085 | B89: ACC DEPN - OFFICE EQUIPMENT - NAMLY | E89: 19293.61 | I89: =VLOOKUP(A89,bnc_Map!A:C,3,FALSE) -> [BnC-2O01] BnC Acc Depreciation - Office Equipment | J89: =D89-E89 -> -19293.61
A90: 2O01/090 | B90: OFFICE EQUIPMENT - GREENWOOD | D90: 15601.47 | I90: =VLOOKUP(A90,bnc_Map!A:C,3,FALSE) -> [BnC-2O01] BnC Office Equipment | J90: =D90-E90 -> 15601.47
A91: 2O01/095 | B91: ACC DEPN - OFFICE EQ- GREENWOOD | E91: 15601.47 | I91: =VLOOKUP(A91,bnc_Map!A:C,3,FALSE) -> [BnC-2O01] BnC Acc Depreciation - Office Equipment | J91: =D91-E91 -> -15601.47
A92: 2O01/100 | B92: OFFICE EQUIPMENT - ENG KONG | D92: 15101.84 | I92: =VLOOKUP(A92,bnc_Map!A:C,3,FALSE) -> [BnC-2O01] BnC Office Equipment | J92: =D92-E92 -> 15101.84
A93: 2O01/105 | B93: ACC DEPN - OFFICE EQ- ENG KONG | E93: 15101.84 | I93: =VLOOKUP(A93,bnc_Map!A:C,3,FALSE) -> [BnC-2O01] BnC Acc Depreciation - Office Equipment | J93: =D93-E93 -> -15101.84
A94: 2O01/110 | B94: OFFICE EQUIPMENT - SERANGOON WAY | D94: 16325.91 | I94: =VLOOKUP(A94,bnc_Map!A:C,3,FALSE) -> [BnC-2O01] BnC Office Equipment | J94: =D94-E94 -> 16325.91
A95: 2O01/115 | B95: ACC DEPN - OFFICE EQ- SERANGOON WAY | E95: 16325.91 | I95: =VLOOKUP(A95,bnc_Map!A:C,3,FALSE) -> [BnC-2O01] BnC Acc Depreciation - Office Equipment | J95: =D95-E95 -> -16325.91
A96: 2O01/120 | B96: OFFICE EQUIPMENT - DEMPSEY | D96: 26070.13 | I96: =VLOOKUP(A96,bnc_Map!A:C,3,FALSE) -> [BnC-2O01] BnC Office Equipment | J96: =D96-E96 -> 26070.13
A97: 2O01/125 | B97: ACC DEPN - OFFICE EQUIPMENT - DEM | E97: 26070.13 | I97: =VLOOKUP(A97,bnc_Map!A:C,3,FALSE) -> [BnC-2O01] BnC Acc Depreciation - Office Equipment | J97: =D97-E97 -> -26070.13
A98: 2R01/008 | B98: RENOVATION - CENTRAL KITCHEN | D98: 621476 | I98: =VLOOKUP(A98,bnc_Map!A:C,3,FALSE) -> [BnC-2R01] BnC Renovation | J98: =D98-E98 -> 621476
A99: 2R01/009 | B99: ACC DEPN-RENO - CENTRAL KTICHEN | E99: 85516.76 | G99: 17263.22 | I99: =VLOOKUP(A99,bnc_Map!A:C,3,FALSE) -> [BnC-2R01] BnC Acc Depn-Renovation | J99: =D99-E99 -> -85516.76
A100: 2R01/010 | B100: RENOVATION - HILLCREST | D100: 431148.93 | I100: =VLOOKUP(A100,bnc_Map!A:C,3,FALSE) -> [BnC-2R01] BnC Renovation | J100: =D100-E100 -> 431148.93
A101: 2R01/015 | B101: ACC DEPRECIATION - RENO - HC | E101: 425820.81 | G101: 257.08 | I101: =VLOOKUP(A101,bnc_Map!A:C,3,FALSE) -> [BnC-2R01] BnC Acc Depn-Renovation | J101: =D101-E101 -> -425820.81
...

Sheet consol_Map
B1: A | C1: B
B2: HQ Petty Cash | C2: Cash and bank balances
B3: Outlet Cash Floats | C3: Cash and bank balances
B4: [BnC-3010] BnC Petty Cash | C4: Cash and bank balances
B5: [BnC-3010] BnC Spare Cash Float | C5: Cash and bank balances
B6: [BnC-3010] BnC Cash In POS | C6: Cash and bank balances
B7: DBS SGD Current A/C 1 | C7: Cash and bank balances
B8: DBS SGD Current A/C 1 - Incoming | C8: Cash and bank balances
B9: DBS SGD Current A/C 1 - Outgoing | C9: Cash and bank balances
B10: DBS USD Current A/C 1 | C10: Cash and bank balances
B11: DBS USD Current A/C 1 - Incoming | C11: Cash and bank balances
B12: DBS USD Current A/C 1 - Outgoing | C12: Cash and bank balances
... B347: [9I03/000] BnC INCOME TAX EXPENSE | C347: Income Tax

Sheet BnC Profits Recon
A1: Baker and Cook Profit Recon
A3: Dividend paid in 2021 (Before acq) | B3: -500000
A5: Jan | B5: 316365.88
A6: Feb | B6: 253708.95
A7: Mar | B7: 310579.81
A8: Apr | B8: 33534.75
A9: May | B9: 271124.87
A10: Jun | B10: 34403.92
A11: Jul | B11: 169198.26
A12: Aug | B12: 205307.45
A13: Sep | B13: 225144.99
A14: Oct | B14: 294896.41
C15: =SUM(B2:B14) -> 1614265.3 | D15: Profits in 2021 BEFORE Acq
A17: Nov | B17: 226658.46
A18: Dec | B18: -665664.11
C19: =SUM(B17:B18) -> -439005.65 | D19: Loss in 2021 AFTER Acq
E20: TB FY21 Profits | F20: Difference between TB and Recon/PnL
C21: =SUM(C15:C19) -> 1175259.6 | D21: Profits in 2021 | E21: -1130186.5 | F21: =C21+E21 -> 45073.17 | G21: Confirmed to be because PnL added 2 lines for opening and closing stock
G22: but TB closing stock is 111,992.03 and is capitalised as balance sheet item
C23: 291684.12 | D23: Adjustment to FY20 retained earnings (Before Acq) | G23: To adjust out
C25: 485474.48 | D25: FY20 R/E bought forward
C27: =SUM(C21:C25) -> 1952418.2 | D27: FY21 ending R/E | E27: R/E is tied to Balance Sheet
E28: but balance sheet closing stock is 157,065.20?
E29: TB Gross Profits | F29: Difference between TB and Recon/PnL
E30: -1907345.1 | F30: =C27+E30 -> 45073.17

Sheet Name Redacted (TB)
A1: Commonwealth Concepts Pte Ltd
B3: Trial Balance | F3: 44561
F5: $
B6: 11110010 | C6: HQ Petty Cash | F6: 488729 | G6: 459679 | H6: =SUM(F6:G6) -> 948408 | I6: =VLOOKUP(C6,$J$6:$J$351,1,FALSE) -> HQ Petty Cash | J6: HQ Petty Cash | K6: =VLOOKUP(J6,$C$6:$C$242,1,FALSE) -> HQ Petty Cash
B7: 11110020 | C7: Outlet Cash Floats | F7: 504479 | G7: 459679 | H7: =SUM(F7:G7) -> 964158 | I7: =VLOOKUP(C7,$J$6:$J$351,1,FALSE) -> Outlet Cash Floats | J7: Outlet Cash Floats | K7: =VLOOKUP(J7,$C$6:$C$242,1,FALSE) -> Outlet Cash Floats
B8: 11120060 | C8: DBS SGD Current A/C 1 | F8: 4411671.5 | G8: 459679 | H8: =SUM(F8:G8) -> 4871350.5 | I8: =VLOOKUP(C8,$J$6:$J$351,1,FALSE) -> DBS SGD Current A/C 1 | J8: [BnC-3010] BnC Petty Cash | K8: =VLOOKUP(J8,$C$6:$C$242,1,FALSE) -> #N/A
B9: 11120061 | C9: DBS SGD Current A/C 1 - Incoming | F9: 455746.26 | G9: 459679 | H9: =SUM(F9:G9) -> 915425.26 | I9: =VLOOKUP(C9,$J$6:$J$351,1,FALSE) -> DBS SGD Current A/C 1 - Incoming | J9: [BnC-3010] BnC Spare Cash Float | K9: =VLOOKUP(J9,$C$6:$C$242,1,FALSE) -> #N/A
B10: 11120062 | C10: DBS SGD Current A/C 1 - Outgoing | F10: 457872.7 | G10: 459679 | H10: =SUM(F10:G10) -> 917551.7 | I10: =VLOOKUP(C10,$J$6:$J$351,1,FALSE) -> DBS SGD Current A/C 1 - Outgoing | J10: [BnC-3010] BnC Cash In POS | K10: =VLOOKUP(J10,$C$6:$C$242,1,FALSE) -> #N/A
B11: 11120080 | C11: DBS USD Current A/C 1 | F11: 692903.84 | G11: 459679 | H11: =SUM(F11:G11) -> 1152582.8 | I11: =VLOOKUP(C11,$J$6:$J$351,1,FALSE) -> DBS USD Current A/C 1 | J11: DBS SGD Current A/C 1 | K11: =VLOOKUP(J11,$C$6:$C$242,1,FALSE) -> DBS SGD Current A/C 1
B12: 11120081 | C12: DBS USD Current A/C 1 - Incoming | F12: 459751.81 | G12: 459679 | H12: =SUM(F12:G12) -> 919430.81 | I12: =VLOOKUP(C12,$J$6:$J$351,1,FALSE) -> DBS USD Current A/C 1 - Incoming | J12: DBS SGD Current A/C 1 - Incoming | K12: =VLOOKUP(J12,$C$6:$C$242,1,FALSE) -> DBS SGD Current A/C 1 - Incoming
B13: 11120082 | C13: DBS USD Current A/C 1 - Outgoing | F13: 459679 | G13: 459679 | H13: =SUM(F13:G13) -> 919358 | I13: =VLOOKUP(C13,$J$6:$J$351,1,FALSE) -> DBS USD Current A/C 1 - Outgoing | J13: DBS SGD Current A/C 1 - Outgoing | K13: =VLOOKUP(J13,$C$6:$C$242,1,FALSE) -> DBS SGD Current A/C 1 - Outgoing
B14: 11120200 | C14: UOB SGD Current A/C 1 | F14: 1671989.7 | G14: -459679 | H14: =SUM(F14:G14) -> 1212310.7 | I14: =VLOOKUP(C14,$J$6:$J$351,1,FALSE) -> UOB SGD Current A/C 1 | J14: DBS USD Current A/C 1 | K14: =VLOOKUP(J14,$C$6:$C$242,1,FALSE) -> DBS USD Current A/C 1
B15: 11210010 | C15: Trade Receivables Control: External | F15: 1375601.8 | G15: -459679 | H15: =SUM(F15:G15) -> 915922.77 | I15: =VLOOKUP(C15,$J$6:$J$351,1,FALSE) -> Trade Receivables Control: External | J15: DBS USD Current A/C 1 - Incoming | K15: =VLOOKUP(J15,$C$6:$C$242,1,FALSE) -> DBS USD Current A/C 1 - Incoming
B16: 11210020 | C16: Trade Receivables Control: Interco | F16: 617893.54 | G16: -459679 | H16: =SUM(F16:G16) -> 158214.54 | I16: =VLOOKUP(C16,$J$6:$J$351,1,FALSE) -> Trade Receivables Control: Interco | J16: DBS USD Current A/C 1 - Outgoing | K16: =VLOOKUP(J16,$C$6:$C$242,1,FALSE) -> DBS USD Current A/C 1 - Outgoing
B17: 11210030 | C17: Provn Doubtful Debts: Trade: External | F17: -471621.58 | G17: -459679 | H17: =SUM(F17:G17) -> -931300.58 | I17: =VLOOKUP(C17,$J$6:$J$351,1,FALSE) -> Provn Doubtful Debts: Trade: External | J17: UOB SGD Current A/C 1 | K17: =VLOOKUP(J17,$C$6:$C$242,1,FALSE) -> UOB SGD Current A/C 1
... B33: 11500030 | C33: Grants Income Receivable | F33: -456199 | G33: -459679 | H33: =SUM(F33:G33) -> -915878 | I33: =VLOOKUP(C33,$J$6:$J$351,1,FALSE) -> Grants Income Receivable | J33: Intersegment Clearing | K33: =VLOOKUP(J33,$C$6:$C$242,1,FALSE) -> Intersegment Clearing
B34: 11500040 | C34: Prepayments | F34: 397038.15 | H34: =SUM(F34:G34) -> 397038.15 | I34: =VLOOKUP(C34,$J$6:$J$351,1,FALSE) -> Prepayments | J34: Interco Clearing | K34: =VLOOKUP(J34,$C$6:$C$242,1,FALSE) -> Interco Clearing
B35: 11500045 | C35: Downpayment & Advance Payment | F35: 52077.13 | H35: =SUM(F35:G35) -> 52077.13 | I35: =VLOOKUP(C35,$J$6:$J$351,1,FALSE) -> Downpayment & Advance Payment | J35: Raw Materials | K35: =VLOOKUP(J35,$C$6:$C$242,1,FALSE) -> Raw Materials
B36: 11500060 | C36: Deposits: Rental | F36: 2597493.9 | G36: 459679 | H36: =SUM(F36:G36) -> 3057172.9 | I36: =VLOOKUP(C36,$J$6:$J$351,1,FALSE) -> Deposits: Rental | J36: Beverages | K36: =VLOOKUP(J36,$C$6:$C$242,1,FALSE) -> Beverages
B37: 11500066 | C37: Deposits: Utilities | F37: 591287.75 | G37: 459679 | H37: =SUM(F37:G37) -> 1050966.8 | I37: =VLOOKUP(C37,$J$6:$J$351,1,FALSE) -> Deposits: Utilities | J37: Alcohol | K37: =VLOOKUP(J37,$C$6:$C$242,1,FALSE) -> Alcohol
B38: 11500070 | C38: Deposits: Others | F38: 500071 | G38: 459679 | H38: =SUM(F38:G38) -> 959750 | I38: =VLOOKUP(C38,$J$6:$J$351,1,FALSE) -> Deposits: Others | J38: Work In Progress | K38: =VLOOKUP(J38,$C$6:$C$242,1,FALSE) -> Work In Progress
B39: 11500080 | C39: Recoverable: Interco | F39: 459679 | G39: 459679 | H39: =SUM(F39:G39) -> 919358 | I39: =VLOOKUP(C39,$J$6:$J$351,1,FALSE) -> Recoverable: Interco | J39: Finished Goods Inventories | K39: =VLOOKUP(J39,$C$6:$C$242,1,FALSE) -> Finished Goods Inventories
B40: 11500090 | C40: Recoverable: External | F40: 465050.93 | G40: 459679 | H40: =SUM(F40:G40) -> 924729.93 | I40: =VLOOKUP(C40,$J$6:$J$351,1,FALSE) -> Recoverable: External | J40: Trading Goods | K40: =VLOOKUP(J40,$C$6:$C$242,1,FALSE) -> Trading Goods
B41: 12200010 | C41: Invt In Subsidiaries | F41: 24500000 | H41: =SUM(F41:G41) -> 24500000 | I41: =VLOOKUP(C41,$J$6:$J$351,1,FALSE) -> Invt In Subsidiaries | J41: Inventory: Packaging | K41: =VLOOKUP(J41,$C$6:$C$242,1,FALSE) -> Inventory: Packaging
B42: 12500010 | C42: Construction In-Progress | F42: 559381.91 | G42: 459679 | H42: =SUM(F42:G42) -> 1019060.9 | I42: =VLOOKUP(C42,$J$6:$J$351,1,FALSE) -> Construction In-Progress | J42: [BnC-3060] BnC Closing Stock | K42: =VLOOKUP(J42,$C$6:$C$242,1,FALSE) -> #N/A
B43: 12500050 | C43: Leasehold Improvements | F43: 4337554.1 | G43: 459679 | H43: =SUM(F43:G43) -> 4797233.1 | I43: =VLOOKUP(C43,$J$6:$J$351,1,FALSE) -> Leasehold Improvements | J43: Input GST Receivable | K43: =VLOOKUP(J43,$C$6:$C$242,1,FALSE) -> Input GST Receivable
B44: 12500060 | C44: Accum Deprn: Leasehold Improvements | F44: -1512995 | G44: 459679 | H44: =SUM(F44:G44) -> -1053316 | I44: =VLOOKUP(C44,$J$6:$J$351,1,FALSE) -> Accum Deprn: Leasehold Improvements | J44: [BnC-3090] BnC GST Input Tax | K44: =VLOOKUP(J44,$C$6:$C$242,1,FALSE) -> #N/A
B45: 12500070 | C45: Office Furn & Fittings | F45: 833445.27 | G45: 459679 | H45: =SUM(F45:G45) -> 1293124.3 | I45: =VLOOKUP(C45,$J$6:$J$351,1,FALSE) -> Office Furn & Fittings | J45: Grants Income Receivable | K45: =VLOOKUP(J45,$C$6:$C$242,1,FALSE) -> Grants Income Receivable
B46: 12500080 | C46: Accum Deprn: Office Furn & Fittings | F46: 268770.42 | G46: 459679 | H46: =SUM(F46:G46) -> 728449.42 | I46: =VLOOKUP(C46,$J$6:$J$351,1,FALSE) -> Accum Deprn: Office Furn & Fittings | J46: Prepayments | K46: =VLOOKUP(J46,$C$6:$C$242,1,FALSE) -> Prepayments
B47: 12500090 | C47: Office Equipment | F47: 891536.71 | G47: 459679 | H47: =SUM(F47:G47) -> 1351215.7 | I47: =VLOOKUP(C47,$J$6:$J$351,1,FALSE) -> Office Equipment | J47: [BnC-3020] BnC Prepayment | K47: =VLOOKUP(J47,$C$6:$C$242,1,FALSE) -> #N/A
B48: 12500100 | C48: Accum Deprn: Office Equipment | F48: 328278.01 | G48: 459679 | H48: =SUM(F48:G48) -> 787957.01 | I48: =VLOOKUP(C48,$J$6:$J$351,1,FALSE) -> Accum Deprn: Office Equipment | J48: Downpayment & Advance Payment | K48: =VLOOKUP(J48,$C$6:$C$242,1,FALSE) -> Downpayment & Advance Payment
B49: 12500110 | C49: Plant, Equipment & Boats | F49: 1426870.6 | G49: =-G48 -> -459679 | H49: =SUM(F49:G49) -> 967191.61 | I49: =VLOOKUP(C49,$J$6:$J$351,1,FALSE) -> Plant, Equipment & Boats | J49: Deposits: Rental | K49: =VLOOKUP(J49,$C$6:$C$242,1,FALSE) -> Deposits: Rental
B50: 12500120 | C50: Accum Deprn: Plant, Equipment & Boats | F50: -10764.28 | G50: =-G49 -> 459679 | H50: =SUM(F50:G50) -> 448914.72 | I50: =VLOOKUP(C50,$J$6:$J$351,1,FALSE) -> Accum Deprn: Plant, Equipment & Boats | J50: Deposits: Utilities | K50: =VLOOKUP(J50,$C$6:$C$242,1,FALSE) -> Deposits: Utilities
B51: 12500130 | C51: Motor Vehicles | F51: -431541 | G51: =-G50 -> -459679 | H51: =SUM(F51:G51) -> -891220 | I51: =VLOOKUP(C51,$J$6:$J$351,1,FALSE) -> Motor Vehicles | J51: Deposits: Others | K51: =VLOOKUP(J51,$C$6:$C$242,1,FALSE) -> Deposits: Others
B52: 12500140 | C52: Accum Deprn: Motor Vehicles | F52: 443600.14 | G52: =-G51 -> 459679 | H52: =SUM(F52:G52) -> 903279.14 | I52: =VLOOKUP(C52,$J$6:$J$351,1,FALSE) -> Accum Deprn: Motor Vehicles | J52: [BnC-3020] BnC Deposit | K52: =VLOOKUP(J52,$C$6:$C$242,1,FALSE) -> #N/A
B53: 12600010 | C53: Goodwill from Acquisitions | F53: 17758321 | G53: =-G52 -> -459679 | H53: =SUM(F53:G53) -> 17298642 | I53: =VLOOKUP(C53,$J$6:$J$351,1,FALSE) -> Goodwill from Acquisitions | J53: Recoverable: Interco | K53: =VLOOKUP(J53,$C$6:$C$242,1,FALSE) -> Recoverable: Interco
B54: 12600040 | C54: Trademarks And Licences | F54: 31020679 | G54: =-G53 -> 459679 | H54: =SUM(F54:G54) -> 31480358 | I54: =VLOOKUP(C54,$J$6:$J$351,1,FALSE) -> Trademarks And Licences | J54: Recoverable: External | K54: =VLOOKUP(J54,$C$6:$C$242,1,FALSE) -> Recoverable: External
B55: 12600050 | C55: Accum Amortn: Trademarks, Licences | F55: -2282223.8 | G55: =-G54 -> -459679 | H55: =SUM(F55:G55) -> -2741902.8 | I55: =VLOOKUP(C55,$J$6:$J$351,1,FALSE) -> Accum Amortn: Trademarks, Licences | J55: [BnC-3020] BnC Amount Owing By B&C Msia | K55: =VLOOKUP(J55,$C$6:$C$242,1,FALSE) -> #N/A
B56: 21100010 | C56: Trade Payables Control: External | F56: -531092.53 | G56: =-G55 -> 459679 | H56: =SUM(F56:G56) -> -71413.53 | I56: =VLOOKUP(C56,$J$6:$J$351,1,FALSE) -> Trade Payables Control: External | J56: Invt In Subsidiaries | K56: =VLOOKUP(J56,$C$6:$C$242,1,FALSE) -> Invt In Subsidiaries
B57: 21100020 | C57: Trade Payables Control: Interco | F57: -2187088.1 | G57: =-G56 -> -459679 | H57: =SUM(F57:G57) -> -2646767.1 | I57: =VLOOKUP(C57,$J$6:$J$351,1,FALSE) -> Trade Payables Control: Interco | J57: Construction In-Progress | K57: =VLOOKUP(J57,$C$6:$C$242,1,FALSE) -> Construction In-Progress
B58: 21100030 | C58: GR IR Clearing | F58: -711917.55 | G58: =-G57 -> 459679 | H58: =SUM(F58:G58) -> -252238.55 | I58: =VLOOKUP(C58,$J$6:$J$351,1,FALSE) -> GR IR Clearing | J58: Leasehold Improvements | K58: =VLOOKUP(J58,$C$6:$C$242,1,FALSE) -> Leasehold Improvements
B59: 21100050 | C59: Translation: Trade Payables: External | F59: -459564.91 | G59: =-G58 -> -459679 | H59: =SUM(F59:G59) -> -919243.91 | I59: =VLOOKUP(C59,$J$6:$J$351,1,FALSE) -> Translation: Trade Payables: External | J59: Accum Deprn: Leasehold Improvements | K59: =VLOOKUP(J59,$C$6:$C$242,1,FALSE) -> Accum Deprn: Leasehold Improvements
B60: 21200010 | C60: Non-Trade Payables Control: External | F60: 237741.28 | G60: =-G59 -> 459679 | H60: =SUM(F60:G60) -> 697420.28 | I60: =VLOOKUP(C60,$J$6:$J$351,1,FALSE) -> Non-Trade Payables Control: External | J60: Office Furn & Fittings | K60: =VLOOKUP(J60,$C$6:$C$242,1,FALSE) -> Office Furn & Fittings
... B212: 61700390 | C212: Bad & Doubtful Debts | F212: 471621.58 | G212: =-G211 -> 459679 | H212: =SUM(F212:G212) -> 931300.58 | I212: =VLOOKUP(C212,$J$6:$J$351,1,FALSE) -> Bad & Doubtful Debts | J212: [BnC-9T01] BnC Taxi Fare | K212: =VLOOKUP(J212,$C$6:$C$242,1,FALSE) -> #N/A
B213: 61700400 | C213: Inventory Obsolescence | F213: =-459679+459679 -> 0 | G213: =-G212 -> -459679 | H213: =SUM(F213:G213) -> -459679 | I213: =VLOOKUP(C213,$J$6:$J$351,1,FALSE) -> #N/A | J213: Royalties Paid | K213: =VLOOKUP(J213,$C$6:$C$242,1,FALSE) -> Royalties Paid
B214: 61700410 | C214: Donations | F214: =466089.6-459679 -> 6410.6 | G214: =-G213 -> 459679 | H214: =SUM(F214:G214) -> 466089.6 | I214: =VLOOKUP(C214,$J$6:$J$351,1,FALSE) -> Donations | J214: Merchandise Expense | K214: =VLOOKUP(J214,$C$6:$C$242,1,FALSE) -> Merchandise Expense
B215: 61700420 | C215: General Expenses | F215: -441586.19 | G215: =-G214 -> -459679 | H215: =SUM(F215:G215) -> -901265.19 | I215: =VLOOKUP(C215,$J$6:$J$351,1,FALSE) -> General Expenses | J215: Promotions | K215: =VLOOKUP(J215,$C$6:$C$242,1,FALSE) -> Promotions
B216: 61700430 | C216: Gifts & Sponsorship | F216: 467418.5 | G216: =-G215 -> 459679 | H216: =SUM(F216:G216) -> 927097.5 | I216: =VLOOKUP(C216,$J$6:$J$351,1,FALSE) -> Gifts & Sponsorship | J216: Overseas Travel: Airfare | K216: =VLOOKUP(J216,$C$6:$C$242,1,FALSE) -> Overseas Travel: Airfare
B217: 61700440 | C217: Local Travelling | F217: -437213.17 | G217: =-G216 -> -459679 | H217: =SUM(F217:G217) -> -896892.17 | I217: =VLOOKUP(C217,$J$6:$J$351,1,FALSE) -> Local Travelling | J217: Entertainment | K217: =VLOOKUP(J217,$C$6:$C$242,1,FALSE) -> Entertainment
B218: 61700460 | C218: Disposal Loss / (Gain): FA | F218: 463180.2 | G218: =-G217 -> 459679 | H218: =SUM(F218:G218) -> 922859.2 | I218: =VLOOKUP(C218,$J$6:$J$351,1,FALSE) -> Disposal Loss / (Gain): FA | J218: Printing A&P | K218: =VLOOKUP(J218,$C$6:$C$242,1,FALSE) -> Printing A&P
B219: 61700490 | C219: Unrealised Exch Loss / (Gain) | F219: -467398.4 | G219: =-G218 -> -459679 | H219: =SUM(F219:G219) -> -927077.4 | I219: =VLOOKUP(C219,$J$6:$J$351,1,FALSE) -> Unrealised Exch Loss / (Gain) | J219: Prod Devmt (Food Tastg & Analysis) | K219: =VLOOKUP(J219,$C$6:$C$242,1,FALSE) -> Prod Devmt (Food Tastg & Analysis)
B220: 61700500 | C220: Realised Exch Loss / (Gain) | F220: 459439.83 | G220: =-G219 -> 459679 | H220: =SUM(F220:G220) -> 919118.83 | I220: =VLOOKUP(C220,$J$6:$J$351,1,FALSE) -> Realised Exch Loss / (Gain) | J220: Advertising | K220: =VLOOKUP(J220,$C$6:$C$242,1,FALSE) -> Advertising
B221: 61700510 | C221: Quality Assurance | F221: -456179 | G221: =-G220 -> -459679 | H221: =SUM(F221:G221) -> -915858 | I221: =VLOOKUP(C221,$J$6:$J$351,1,FALSE) -> Quality Assurance | J221: Branding & Creative Chgs | K221: =VLOOKUP(J221,$C$6:$C$242,1,FALSE) -> Branding & Creative Chgs
B222: 61700520 | C222: Staff Training / Courses | F222: 517880.73 | G222: =-G221 -> 459679 | H222: =SUM(F222:G222) -> 977559.73 | I222: =VLOOKUP(C222,$J$6:$J$351,1,FALSE) -> Staff Training / Courses | J222: Mktg & Mgt Service Fee Paid | K222: =VLOOKUP(J222,$C$6:$C$242,1,FALSE) -> Mktg & Mgt Service Fee Paid
B223: 61700530 | C223: Staff Uniform | F223: -412508.25 | G223: =-G222 -> -459679 | H223: =SUM(F223:G223) -> -872187.25 | I223: =VLOOKUP(C223,$J$6:$J$351,1,FALSE) -> Staff Uniform | J223: [BnC-9A02] BnC Advertisement | K223: =VLOOKUP(J223,$C$6:$C$242,1,FALSE) -> #N/A
B224: 61700540 | C224: Safety Wear | F224: 459796.39 | G224: =-G223 -> 459679 | H224: =SUM(F224:G224) -> 919475.39 | I224: =VLOOKUP(C224,$J$6:$J$351,1,FALSE) -> Safety Wear | J224: [BnC-9P03] BnC Printing | K224: =VLOOKUP(J224,$C$6:$C$242,1,FALSE) -> #N/A
B225: 61700580 | C225: Skill Development Levy | F225: -414556.31 | G225: =-G224 -> -459679 | H225: =SUM(F225:G225) -> -874235.31 | I225: =VLOOKUP(C225,$J$6:$J$351,1,FALSE) -> Skill Development Levy | J225: [BnC-9P04] BnC Printing | K225: =VLOOKUP(J225,$C$6:$C$242,1,FALSE) -> #N/A
B226: 61700590 | C226: Recruitment Expenses | F226: 540805.16 | G226: =-G225 -> 459679 | H226: =SUM(F226:G226) -> 1000484.2 | I226: =VLOOKUP(C226,$J$6:$J$351,1,FALSE) -> Recruitment Expenses | J226: [BnC-9P05] BnC PR Service | K226: =VLOOKUP(J226,$C$6:$C$242,1,FALSE) -> #N/A
... B242: 77000180 | C242: Miscellaneous Income | F242: -4261720.8 | G242: =-G241 -> 459679 | H242: =SUM(F242:G242) -> -3802041.8 | I242: =VLOOKUP(C242,$J$6:$J$351,1,FALSE) -> Miscellaneous Income | J242: Rental Related Administrative Expense | K242: =VLOOKUP(J242,$C$6:$C$242,1,FALSE) -> Rental Related Administrative Expense
I243: =VLOOKUP(C243,$J$6:$J$351,1,FALSE) -> #N/A | J243: Warehouse Storage Rental | K243: =VLOOKUP(J243,$C$6:$C$242,1,FALSE) -> Warehouse Storage Rental
I244: =VLOOKUP(C244,$J$6:$J$351,1,FALSE) -> #N/A | J244: Office Rental | K244: =VLOOKUP(J244,$C$6:$C$242,1,FALSE) -> Office Rental
I245: =VLOOKUP(C245,$J$6:$J$351,1,FALSE) -> #N/A | J245: Utilities: Office | K245: =VLOOKUP(J245,$C$6:$C$242,1,FALSE) -> Utilities: Office
I246: =VLOOKUP(C246,$J$6:$J$351,1,FALSE) -> #N/A | J246: Utilities: Retail Outlets | K246: =VLOOKUP(J246,$C$6:$C$242,1,FALSE) -> Utilities: Retail Outlets
I247: =VLOOKUP(C247,$J$6:$J$351,1,FALSE) -> #N/A | J247: [BnC-9R03] BnC Rental | K247: =VLOOKUP(J247,$C$6:$C$242,1,FALSE) -> #N/A
I248: =VLOOKUP(C248,$J$6:$J$351,1,FALSE) -> #N/A | J248: [BnC-9P01] BnC HC - Electricity | K248: =VLOOKUP(J248,$C$6:$C$242,1,FALSE) -> #N/A
I249: =VLOOKUP(C249,$J$6:$J$351,1,FALSE) -> #N/A | J249: [BnC-9P01] BnC Gas | K249: =VLOOKUP(J249,$C$6:$C$242,1,FALSE) -> #N/A
I250: =VLOOKUP(C250,$J$6:$J$351,1,FALSE) -> #N/A | J250: [BnC-9W01] BnC Water | K250: =VLOOKUP(J250,$C$6:$C$242,1,FALSE) -> #N/A
I251: =VLOOKUP(C251,$J$6:$J$351,1,FALSE) -> #N/A | J251: Accounting Fee | K251: =VLOOKUP(J251,$C$6:$C$242,1,FALSE) -> Accounting Fee
I252: =VLOOKUP(C252,$J$6:$J$351,1,FALSE) -> #N/A | J252: Admin Fee | K252: =VLOOKUP(J252,$C$6:$C$242,1,FALSE) -> Admin Fee
I253: =VLOOKUP(C253,$J$6:$J$351,1,FALSE) -> #N/A | J253: Audit Fee | K253: =VLOOKUP(J253,$C$6:$C$242,1,FALSE) -> Audit Fee
I254: =VLOOKUP(C254,$J$6:$J$351,1,FALSE) -> #N/A | J254: Corporate Secretarial Fee | K254: =VLOOKUP(J254,$C$6:$C$242,1,FALSE) -> Corporate Secretarial Fee
... I348: =VLOOKUP(C348,$J$6:$J$351,1,FALSE) -> #N/A | J348: [BnC-5300] BnC Rental Income | K348: =VLOOKUP(J348,$C$6:$C$242,1,FALSE) -> #N/A
I349: =VLOOKUP(C349,$J$6:$J$351,1,FALSE) -> #N/A | K349: =VLOOKUP(J349,$C$6:$C$242,1,FALSE) -> #N/A
I350: =VLOOKUP(C350,$J$6:$J$351,1,FALSE) -> #N/A | J350: [BnC-9T07] BnC Witholding Tax | K350: =VLOOKUP(J350,$C$6:$C$242,1,FALSE) -> #N/A
I351: =VLOOKUP(C351,$J$6:$J$351,1,FALSE) -> #N/A | J351: [9I03/000] BnC INCOME TAX EXPENSE | K351: =VLOOKUP(J351,$C$6:$C$242,1,FALSE) -> #N/A

Sheet BnC (TB-Dec21)
A1: TRIAL BALANCE - FOR THE MONTH OF DECEMBER 2021
A3: BAKER AND COOK PTE LTD
A4: A/C No. | B4: Description | C4: Description(2) | D4: YTD-Debit | E4: YTD-Credit | F4: MTD-Debit | G4: MTD-Credit | J4: YTD
A5: 1000/000 | B5: SHARE CAPITAL | E5: 724230.77 | I5: =VLOOKUP(A5,bnc_Map!A:C,3,FALSE) -> [BnC-1000] BnC Share Capital | J5: -264551.77
A6: 1100/000 | B6: ACCUMULATED PROFIT / LOSS | E6: 777158.6 | I6: =VLOOKUP(A6,bnc_Map!A:C,3,FALSE) -> [BnC-1100] BnC Accumulated Profit / Loss | J6: -317479.6
A7: 2B01/008 | B7: BAKING EQUIPMENT - CENTRAL KITCHEN | D7: 180813.77 | F7: 6895 | I7: =VLOOKUP(A7,bnc_Map!A:C,3,FALSE) -> [BnC-2B01] BnC Baking Equipment | J7: 640492.77
A8: 2B01/009 | B8: ACC DEPN-BAKING EQ-CENTRAL KITC | E8: 40706.72 | G8: 7172.11 | I8: =VLOOKUP(A8,bnc_Map!A:C,3,FALSE) -> [BnC-2B01] BnC Acc Depn-Baking Equipment | J8: 418972.28
A9: 2B01/010 | B9: BAKING EQUIPMENT - HILLCREST | D9: 279445.36 | I9: =VLOOKUP(A9,bnc_Map!A:C,3,FALSE) -> [BnC-2B01] BnC Baking Equipment | J9: 739124.36
A10: 2B01/015 | B10: ACC DEPRECIATION - BAKING EQP - HC | E10: 232258.81 | G10: 495 | I10: =VLOOKUP(A10,bnc_Map!A:C,3,FALSE) -> [BnC-2B01] BnC Acc Depn-Baking Equipment | J10: 227420.19
A11: 2B01/020 | B11: BAKING EQUIPMENT - CHIP BEE | D11: 54470.38 | I11: =VLOOKUP(A11,bnc_Map!A:C,3,FALSE) -> [BnC-2B01] BnC Baking Equipment | J11: 514149.38
A12: 2B01/025 | B12: ACC DEPRECIATION - BAKING EQP - CB | E12: 48519.47 | G12: 193.14 | I12: =VLOOKUP(A12,bnc_Map!A:C,3,FALSE) -> [BnC-2B01] BnC Acc Depn-Baking Equipment | J12: 411159.53
A13: 2B01/030 | B13: BAKING EQUIPMENT - INTERCONTINENTAL | D13: 16806.52 | I13: =VLOOKUP(A13,bnc_Map!A:C,3,FALSE) -> [BnC-2B01] BnC Baking Equipment | J13: -442872.48
A14: 2B01/035 | B14: ACC DEPRECIATION - BAKING EQP-INTERCON | E14: 14850.3 | G14: 148.93 | I14: =VLOOKUP(A14,bnc_Map!A:C,3,FALSE) -> [BnC-2B01] BnC Acc Depn-Baking Equipment | J14: -474529.3
A15: 2B01/040 | B15: BAKING EQUIPMENT - SWAN LAKE | D15: 128862.03 | I15: =VLOOKUP(A15,bnc_Map!A:C,3,FALSE) -> [BnC-2B01] BnC Baking Equipment | J15: -330816.97
A16: 2B01/045 | B16: ACC DEPRECIATION-BAKING EQP-SWAN LAKE | E16: 102460.11 | G16: 1483.89 | I16: =VLOOKUP(A16,bnc_Map!A:C,3,FALSE) -> [BnC-2B01] BnC Acc Depn-Baking Equipment | J16: -562139.11
A17: 2B01/050 | B17: BAKING EQUIPMENT - SUNSET WAY | D17: 71300 | I17: =VLOOKUP(A17,bnc_Map!A:C,3,FALSE) -> [BnC-2B01] BnC Baking Equipment | J17: -388379
A18: 2B01/055 | B18: ACC DEPRECIATION - BAKING EQP - S.WAY | E18: 58842.42 | G18: 627.34 | I18: =VLOOKUP(A18,bnc_Map!A:C,3,FALSE) -> [BnC-2B01] BnC Acc Depn-Baking Equipment | J18: -518521.42
A19: 2B01/060 | B19: BAKING EQUIPMENT - BAKING SCHOOL | D19: 79360.52 | I19: =VLOOKUP(A19,bnc_Map!A:C,3,FALSE) -> [BnC-2B01] BnC Baking Equipment | J19: -380318.48
A20: 2B01/065 | B20: ACC DEPRECIATION - BAKING EQP - BS | E20: 54306.3 | G20: 895.67 | I20: =VLOOKUP(A20,bnc_Map!A:C,3,FALSE) -> [BnC-2B01] BnC Acc Depn-Baking Equipment | J20: -513985.3
A21: 2B01/070 | B21: BAKING EQUIPMENT - HOLIDAY INN | D21: 32550 | I21: =VLOOKUP(A21,bnc_Map!A:C,3,FALSE) -> [BnC-2B01] BnC Baking Equipment | J21: -427129
A22: 2B01/075 | B22: ACC DEPRECIATION - BAKING EQP - HI | E22: 22716.35 | G22: 339.05 | I22: =VLOOKUP(A22,bnc_Map!A:C,3,FALSE) -> [BnC-2B01] BnC Acc Depn-Baking Equipment | J22: -482395.35
A23: 2B01/080 | B23: BAKING EQUIPMENT - NAMLY | D23: 166937.59 | I23: =VLOOKUP(A23,bnc_Map!A:C,3,FALSE) -> [BnC-2B01] BnC Baking Equipment | J23: -292741.41
A24: 2B01/085 | B24: ACC DEPRECIATION - BAK EQP - NAMLY | E24: 113031.1 | G24: 1738.94 | I24: =VLOOKUP(A24,bnc_Map!A:C,3,FALSE) -> [BnC-2B01] BnC Acc Depn-Baking Equipment | J24: -572710.1
A25: 2B01/090 | B25: BAKING EQUIPMENT - GREENWOOD | D25: 103840.55 | G25: 83750 | I25: =VLOOKUP(A25,bnc_Map!A:C,3,FALSE) -> [BnC-2B01] BnC Baking Equipment | J25: -355838.45
A26: 2B01/095 | B26: ACC DEPRECIATION - BAKING EQP- GREENWOOD | E26: 85317.06 | F26: 69791.2 | I26: =VLOOKUP(A26,bnc_Map!A:C,3,FALSE) -> [BnC-2B01] BnC Acc Depn-Baking Equipment | J26: -544996.06
A27: 2B01/100 | B27: BAKING EQUIPMENT - ENG KONG TER | D27: 171540.36 | I27: =VLOOKUP(A27,bnc_Map!A:C,3,FALSE) -> [BnC-2B01] BnC Baking Equipment | J27: -288138.64
A28: 2B01/105 | B28: ACC DEPRN-BAKING EQP-ENG KONG TER | E28: 135800.6 | G28: 3573.7 | I28: =VLOOKUP(A28,bnc_Map!A:C,3,FALSE) -> [BnC-2B01] BnC Acc Depn-Baking Equipment | J28: -595479.6
A29: 2B01/110 | B29: BAKING EQUIPMENT - SERANGOON GARDEN WAY | D29: 101566.32 | I29: =VLOOKUP(A29,bnc_Map!A:C,3,FALSE) -> [BnC-2B01] BnC Baking Equipment | J29: -358112.68
A30: 2B01/115 | B30: ACC DEPN - BAKING EQP - SERANGOON WAY | E30: 78293.2 | G30: 2116 | I30: =VLOOKUP(A30,bnc_Map!A:C,3,FALSE) -> [BnC-2B01] BnC Acc Depn-Baking Equipment | J30: -537972.2
A31: 2B01/120 | B31: BAKING EQUIPMENT - DEMPSEY | D31: 144605.93 | I31: =VLOOKUP(A31,bnc_Map!A:C,3,FALSE) -> [BnC-2B01] BnC Baking Equipment | J31: -315073.07
A32: 2B01/125 | B32: ACC DEPN - BAKING EQP - DEMPSEY | E32: 90807.32 | G32: 3140.37 | I32: =VLOOKUP(A32,bnc_Map!A:C,3,FALSE) -> [BnC-2B01] BnC Acc Depn-Baking Equipment | J32: -550486.32
A33: 2B01/130 | B33: BAKING EQUIPMENT - FABER DR | D33: 96957.52 | I33: =VLOOKUP(A33,bnc_Map!A:C,3,FALSE) -> [BnC-2B01] BnC Baking Equipment | J33: 96957.52
A34: 2B01/135 | B34: ACC DEPN - BAKING EQP - FABER DR | E34: 28737.6 | G34: 2065.78 | I34: =VLOOKUP(A34,bnc_Map!A:C,3,FALSE) -> [BnC-2B01] BnC Acc Depn-Baking Equipment | J34: -28737.6
A35: 2B01/140 | B35: BAKING EQUIPMENT - SOUTH BUONA VISTA | D35: 76294.9 | I35: =VLOOKUP(A35,bnc_Map!A:C,3,FALSE) -> [BnC-2B01] BnC Baking Equipment | J35: 535973.9
A36: 2B01/145 | B36: ACC DEPN - BAKING EQP - SBV | E36: 3178.72 | G36: 1589.36 | I36: =VLOOKUP(A36,bnc_Map!A:C,3,FALSE) -> [BnC-2B01] BnC Acc Depn-Baking Equipment | J36: 456500.28
A37: 2C01/010 | B37: COMPUTER - HILLCREST | D37: 14924.67 | I37: =VLOOKUP(A37,bnc_Map!A:C,3,FALSE) -> [BnC-2C01] BnC Computer | J37: 474603.67
A38: 2C01/015 | B38: ACC DEPRECIATION - COMPUTER - HC | E38: 9826.38 | G38: 235.38 | I38: =VLOOKUP(A38,bnc_Map!A:C,3,FALSE) -> [BnC-2C01] BnC Acc Depreciation - Computer | J38: 449852.62
A39: 2C01/040 | B39: COMPUTER - SWAN LAKE | D39: 1380.77 | I39: =VLOOKUP(A39,bnc_Map!A:C,3,FALSE) -> [BnC-2C01] BnC Computer | J39: 461059.77
A40: 2C01/045 | B40: ACC DEPRECIATION - COMPUTER - SWAN LAKE | E40: 984.05 | G40: 13.23 | I40: =VLOOKUP(A40,bnc_Map!A:C,3,FALSE) -> [BnC-2C01] BnC Acc Depreciation - Computer | J40: -984.05
A41: 2C01/060 | B41: COMPUTER - FABER DR | D41: 2702 | I41: =VLOOKUP(A41,bnc_Map!A:C,3,FALSE) -> [BnC-2C01] BnC Computer | J41: 462381
A42: 2C01/065 | B42: ACC DEPRECIATION - COMPUTER - FABER DR | E42: 1576.11 | G42: 112.58 | I42: =VLOOKUP(A42,bnc_Map!A:C,3,FALSE) -> [BnC-2C01] BnC Acc Depreciation - Computer | J42: 458102.89
A43: 2C01/070 | B43: COMPUTER - SBV | D43: 1649.21 | I43: =VLOOKUP(A43,bnc_Map!A:C,3,FALSE) -> [BnC-2C01] BnC Computer | J43: 461328.21
A44: 2C01/075 | B44: ACC DEPRECIATION - COMPUTER - SBV | E44: 137.41 | G44: 68.71 | I44: =VLOOKUP(A44,bnc_Map!A:C,3,FALSE) -> [BnC-2C01] BnC Acc Depreciation - Computer | J44: 459541.59
A45: 2F01/008 | B45: F&F - CENTRAL KITCHEN | D45: 8415.2 | I45: =VLOOKUP(A45,bnc_Map!A:C,3,FALSE) -> [BnC-2F01] BnC Furniture & Fitting | J45: 468094.2
A46: 2F01/009 | B46: ACC DEPN - F&F - CENTRAL KITCHEN | E46: 1278.88 | G46: 233.76 | I46: =VLOOKUP(A46,bnc_Map!A:C,3,FALSE) -> [BnC-2F01] BnC Acc Depn - Furniture & Fitting | J46: 458400.12
A47: 2F01/010 | B47: FURNITURE AND FITTINGS - HILLCREST | D47: 42926.64 | I47: =VLOOKUP(A47,bnc_Map!A:C,3,FALSE) -> [BnC-2F01] BnC Furniture & Fitting | J47: 502605.64
A48: 2F01/015 | B48: ACC DEPRECIATION - F&F - HC | E48: 37876.63 | G48: 175 | I48: =VLOOKUP(A48,bnc_Map!A:C,3,FALSE) -> [BnC-2F01] BnC Acc Depn - Furniture & Fitting | J48: -497555.63
A49: 2F01/020 | B49: FURNITURE AND FITTINGS - CHIP BEE | D49: 42854.43 | F49: 2100 | I49: =VLOOKUP(A49,bnc_Map!A:C,3,FALSE) -> [BnC-2F01] BnC Furniture & Fitting | J49: 502533.43
A50: 2F01/025 | B50: ACC DEPRECIATION - F&F - CB | E50: 40812.76 | G50: 58.33 | I50: =VLOOKUP(A50,bnc_Map!A:C,3,FALSE) -> [BnC-2F01] BnC Acc Depn - Furniture & Fitting | J50: -500491.76
A51: 2F01/030 | B51: FURNITURE AND FITTINGS-INTERCONTINENTAL | D51: 37420.18 | I51: =VLOOKUP(A51,bnc_Map!A:C,3,FALSE) -> [BnC-2F01] BnC Furniture & Fitting | J51: 497099.18
A52: 2F01/035 | B52: ACC DEPRECIATION - F&F-INTERCONTINENTAL | E52: 37420.18 | I52: =VLOOKUP(A52,bnc_Map!A:C,3,FALSE) -> [BnC-2F01] BnC Acc Depn - Furniture & Fitting | J52: -497099.18
